Workbook
Name Act: _Top1:Bottom1
Name Act: _Top1:Bottom1
Name Act: _Top1:Bottom1
Name Act: _Top1:Bottom1
Name Act: _Top1:Bottom1
Name Actuals: High_Act:Low_Act
Name Actuals: High_Act:Low_Act
Name Actuals: High_Act:Low_Act
Name Actuals: High_Act:Low_Act
Name Actuals: High_Act:Low_Act
Name BRIDGER_COAL_COMPANY: "aug3mth1997"
Name DispatchSum: "GRID Thermal Generation!R2C1:R4C2"
Name DIST: 'Sch 1- Rate Base (ID)'!$Q$1:$Q$3
Name DIST: 'Sch 1- Rate Base (OR)'!$Q$1:$Q$3
Name DIST: 'Sch 1- Rate Base (WA)'!$Q$1:$Q$3
Name DIST: 'Sch 1- Rate Base '!$Q$1:$Q$3
Name Item_Number: "GP Detail"
Name MD: High_MD:Low_MD
Name MD: High_MD:Low_MD
Name MD: High_MD:Low_MD
Name MD: High_MD:Low_MD
Name MD: High_MD:Low_MD
Name PROD: 'Sch 1- Rate Base (ID)'!$R$1:$R$3
Name PROD: 'Sch 1- Rate Base (OR)'!$R$1:$R$3
Name PROD: 'Sch 1- Rate Base (WA)'!$R$1:$R$3
Name PROD: 'Sch 1- Rate Base '!$R$1:$R$3
Name PTD: 'Sch 1- Rate Base (ID)'!$P$1:$P$3
Name PTD: 'Sch 1- Rate Base (OR)'!$P$1:$P$3
Name PTD: 'Sch 1- Rate Base (WA)'!$P$1:$P$3
Name PTD: 'Sch 1- Rate Base '!$P$1:$P$3
Name Ratio: 'A-RHWM_Ratios'!$D$77:$G$87
Name Ratio: Ratios!$D$77:$G$87
Name RevenueSum: "GRID Thermal Revenue!R2C1:R4C2"
Name SPWS_WBID: "12F19027-1C25-43D5-BF1F-44D7E5A374C0"

Sheet Revisions_2026-28
A4: 1 | B4: Change dates in Sch 1- Rate Base Tab
C6: Cell E6 | D6: Change from: | F6: 2021 | G6: to | H6: 2023
C8: Cell E7 | D8: Change from: | F8: 44743 | G8: to | H8: 45476
A11: 2 | B11: In NLSL_Base_New_Calc Tab
C13: Cell A47 | D13: Change from | F13: 2021 cost of serving NLSLs under Endnote d | G13: to | H13: 2023 cost of serving NLSLs under Endnote d
A16: 3 | B16: In Above-RHWM_Base_New_Calc Tab
C18: Cell A47 | D18: Change from | F18: 2021 cost of serving Above-RHWM Loads under Endnote d | G18: to | H18: 2023 cost of serving Above-RHWM Loads under Endnote d
A21: 4 | B21: Updated all Footers from | F21: FY 2024-2025 ASC Filing | G21: to | H21: FY 2024-2025 ASC Filing
A24: 5 | B24: In New Resources-Individual and New Resources Group Tabs
C26: Cell B3 | D26: Change from | F26: 45566 | G26: to | H26: 46478 | I26: Midpoint is different because of the three year rate period
A28: 6 | B28: In Schedule 1 - Rate Base
C30: Check all account numbers

Sheet TOC
A1: FY 2026-2028 ASC Appendix 1
A2: Table of Contents
A4: 1 | B4: Schedule 1 - Rate Base
A5: 2 | B5: Schedule 1A - Cash Working Capital
A6: 3 | B6: Schedule 2 -Rate of Return
A7: 5 | B7: Schedule 3 - Expenses
A8: 6 | B8: Schedule 3A - Taxes
A9: 7 | B9: Schedule 3B - Other Items
A10: 8 | B10: Schedule 4 - Average System Cost
A11: 9 | B11: 3-YEAR PP & OSS Worksheet
A12: 10 | B12: Load Forecast
A13: 11 | B13: Distribution Loss Calc
A14: 12 | B14: Salaries
A15: 13 | B15: Ratios
... A24: 22 | B24: Tiered Rates

Sheet Sch 1- Rate Base 
A1: BONNEVILLE POWER ADMINISTRATION
A2: RESIDENTIAL PURCHASE AND SALES AGREEMENT
A3: 2008 Average System Cost Methodology (ASCM) Appendix 1
A5: TOC | D5: UTILITY NAME: | E5: PacifiCorp | I5: BPA Reviews:
A6: é | D6: End of Year Report Period: | E6: 2023
D7: ASC Filing Date: | E7: 45446
A10: Schedule 1: Plant Investment / Rate Base
A12: Account Description | C12: FERC Form 1 | E12: Functionalization | G12: Total | H12: Production | I12: Transmission | J12: Distribution/ Other | L12: Production | M12: Transmission
C13: Page | D13: Account | E13: Method | N13: Distribution/
C14: Number | D14: Numbers | E14: Default | F14: Optional | N14: Other
A15: Intangible Plant:
B16: Intangible Plant - Organization | C16: 204-207 | D16: 301 | E16: DIST | G16: =SUM('Sch 1- Rate Base (OR)'!G16+'Sch 1- Rate Base (WA)'!G16+'Sch 1- Rate Base (ID)'!G16) -> 0 | H16: =VLOOKUP($E16,Ratio,2,FALSE)*$G16 -> 0 | I16: =VLOOKUP($E16,Ratio,3,FALSE)*$G16 -> 0 | J16: =VLOOKUP($E16,Ratio,4,FALSE)*$G16 -> 0
B17: Intangible Plant - Franchises and Consents | C17: 204-207 | D17: 302 | E17: DIRECT | F17: PTD | G17: =SUM('Sch 1- Rate Base (OR)'!G17+'Sch 1- Rate Base (WA)'!G17+'Sch 1- Rate Base (ID)'!G17) -> 71764696 | H17: =IF($E17="DIRECT",$L17,VLOOKUP($E17,Ratio,2,FALSE)*$G17) -> 71764696 | I17: =IF($E17="DIRECT",$M17,VLOOKUP($E17,Ratio,3,FALSE)*$G17) -> 0 | J17: =IF($E17="DIRECT",$N17,VLOOKUP($E17,Ratio,4,FALSE)*$G17) -> 1380340.4 | L17: =SUM('Sch 1- Rate Base (OR)'!L17+'Sch 1- Rate Base (WA)'!L17+'Sch 1- Rate Base (ID)'!L17) -> 71764696 | M17: 0 | N17: 1380340.4
B18: Intangible Plant - Miscellaneous | C18: 204-207 | D18: 303 | E18: DIRECT | F18: DIST | G18: =SUM('Sch 1- Rate Base (OR)'!G18+'Sch 1- Rate Base (WA)'!G18+'Sch 1- Rate Base (ID)'!G18) -> 3.910104e+08 | H18: =IF($E18="DIRECT",$L18,VLOOKUP($E18,Ratio,2,FALSE)*$G18) -> 1.2980719e+08 | I18: =IF($E18="DIRECT",$M18,VLOOKUP($E18,Ratio,3,FALSE)*$G18) -> 0 | J18: =IF($E18="DIRECT",$N18,VLOOKUP($E18,Ratio,4,FALSE)*$G18) -> 2.6120322e+08 | L18: =SUM('Sch 1- Rate Base (OR)'!L18+'Sch 1- Rate Base (WA)'!L18+'Sch 1- Rate Base (ID)'!L18) -> 1.2980719e+08 | M18: =SUM('Sch 1- Rate Base (OR)'!M18+'Sch 1- Rate Base (WA)'!M18+'Sch 1- Rate Base (ID)'!M18) -> 0 | N18: =SUM('Sch 1- Rate Base (OR)'!N18+'Sch 1- Rate Base (WA)'!N18+'Sch 1- Rate Base (ID)'!N18) -> 2.6120322e+08
A19: Total Intangible Plant | G19: =SUM(G16:G18) -> 4.627751e+08 | H19: =SUM(H16:H18) -> 2.0157188e+08 | I19: =SUM(I16:I18) -> 0 | J19: =SUM(J16:J18) -> 2.6258356e+08
A21: Production Plant:
B22: Steam Production | C22: 204-207 | D22: 310-317 | E22: PROD | G22: =SUM('Sch 1- Rate Base (OR)'!G22+'Sch 1- Rate Base (WA)'!G22+'Sch 1- Rate Base (ID)'!G22) -> 2.8906259e+09 | H22: =VLOOKUP($E22,Ratio,2,FALSE)*$G22 -> 2.8906259e+09 | I22: =VLOOKUP($E22,Ratio,3,FALSE)*$G22 -> 0 | J22: =VLOOKUP($E22,Ratio,4,FALSE)*$G22 -> 0
B23: Nuclear Production | C23: 204-207 | D23: 320-326 | E23: PROD | G23: =SUM('Sch 1- Rate Base (OR)'!G23+'Sch 1- Rate Base (WA)'!G23+'Sch 1- Rate Base (ID)'!G23) -> 0 | H23: =VLOOKUP($E23,Ratio,2,FALSE)*$G23 -> 0 | I23: =VLOOKUP($E23,Ratio,3,FALSE)*$G23 -> 0 | J23: =VLOOKUP($E23,Ratio,4,FALSE)*$G23 -> 0
B24: Hydraulic Production | C24: 204-207 | D24: 330-337 | E24: PROD | G24: =SUM('Sch 1- Rate Base (OR)'!G24+'Sch 1- Rate Base (WA)'!G24+'Sch 1- Rate Base (ID)'!G24) -> 4.3336029e+08 | H24: =VLOOKUP($E24,Ratio,2,FALSE)*$G24 -> 4.3336029e+08 | I24: =VLOOKUP($E24,Ratio,3,FALSE)*$G24 -> 0 | J24: =VLOOKUP($E24,Ratio,4,FALSE)*$G24 -> 0
B25: Other Production | C25: 204-207 | D25: 340-348 | E25: PROD | G25: =SUM('Sch 1- Rate Base (OR)'!G25+'Sch 1- Rate Base (WA)'!G25+'Sch 1- Rate Base (ID)'!G25) -> 2.2583856e+09 | H25: =VLOOKUP($E25,Ratio,2,FALSE)*$G25 -> 2.2583856e+09 | I25: =VLOOKUP($E25,Ratio,3,FALSE)*$G25 -> 0 | J25: =VLOOKUP($E25,Ratio,4,FALSE)*$G25 -> 0
A26: Total Production Plant | G26: =SUM(G22:G25) -> 5.5823719e+09 | H26: =SUM(H22:H25) -> 5.5823719e+09 | I26: =SUM(I22:I25) -> 0 | J26: =SUM(J22:J25) -> 0
B29: Transmission Plant | C29: 204-207 | D29: 350-359.1 | E29: TRANS | G29: =SUM('Sch 1- Rate Base (OR)'!G29+'Sch 1- Rate Base (WA)'!G29+'Sch 1- Rate Base (ID)'!G29) -> 3.295839e+09 | H29: =VLOOKUP($E29,Ratio,2,FALSE)*$G29 -> 0 | I29: =VLOOKUP($E29,Ratio,3,FALSE)*$G29 -> 0 | J29: =VLOOKUP($E29,Ratio,4,FALSE)*$G29 -> 3.295839e+09
A30: Total Transmission Plant | G30: =SUM(G29) -> 3.295839e+09 | H30: =SUM(H29) -> 0 | I30: =SUM(I29) -> 0 | J30: =SUM(J29) -> 3.295839e+09
A32: Distribution Plant:
B33: Distribution Plant | C33: 204-207 | D33: 360-374 | E33: DIST | G33: =SUM('Sch 1- Rate Base (OR)'!G33+'Sch 1- Rate Base (WA)'!G33+'Sch 1- Rate Base (ID)'!G33) -> 3.8033447e+09 | H33: =VLOOKUP($E33,Ratio,2,FALSE)*$G33 -> 0 | I33: =VLOOKUP($E33,Ratio,3,FALSE)*$G33 -> 0 | J33: =VLOOKUP($E33,Ratio,4,FALSE)*$G33 -> 3.8033447e+09
A34: Total Distribution Plant | G34: =SUM(G33) -> 3.8033447e+09 | H34: =SUM(H33) -> 0 | I34: =SUM(I33) -> 0 | J34: =SUM(J33) -> 3.8033447e+09
A36: General Plant:
B37: Land and Land Rights | C37: 204-207 | D37: 389 | E37: PTD | G37: =SUM('Sch 1- Rate Base (OR)'!G37+'Sch 1- Rate Base (WA)'!G37+'Sch 1- Rate Base (ID)'!G37) -> 10980785 | H37: =VLOOKUP($E37,Ratio,2,FALSE)*$G37 -> 4833699.1 | I37: =VLOOKUP($E37,Ratio,3,FALSE)*$G37 -> 0 | J37: =VLOOKUP($E37,Ratio,4,FALSE)*$G37 -> 6147085.6
B38: Structures and Improvements | C38: 204-207 | D38: 390 | E38: PTD | G38: =SUM('Sch 1- Rate Base (OR)'!G38+'Sch 1- Rate Base (WA)'!G38+'Sch 1- Rate Base (ID)'!G38) -> 1.345266e+08 | H38: =VLOOKUP($E38,Ratio,2,FALSE)*$G38 -> 59218092 | I38: =VLOOKUP($E38,Ratio,3,FALSE)*$G38 -> 0 | J38: =VLOOKUP($E38,Ratio,4,FALSE)*$G38 -> 75308511
B39: Furniture and Equipment | C39: 204-207 | D39: 391 | E39: LABOR | G39: =SUM('Sch 1- Rate Base (OR)'!G39+'Sch 1- Rate Base (WA)'!G39+'Sch 1- Rate Base (ID)'!G39) -> 38698719 | H39: =VLOOKUP($E39,Ratio,2,FALSE)*$G39 -> 16131693 | I39: =VLOOKUP($E39,Ratio,3,FALSE)*$G39 -> 0 | J39: =VLOOKUP($E39,Ratio,4,FALSE)*$G39 -> 22567026
B40: Transportation Equipment | C40: 204-207 | D40: 392 | E40: TD | G40: =SUM('Sch 1- Rate Base (OR)'!G40+'Sch 1- Rate Base (WA)'!G40+'Sch 1- Rate Base (ID)'!G40) -> 70926423 | H40: =VLOOKUP($E40,Ratio,2,FALSE)*$G40 -> 0 | I40: =VLOOKUP($E40,Ratio,3,FALSE)*$G40 -> 0 | J40: =VLOOKUP($E40,Ratio,4,FALSE)*$G40 -> 70926423
B41: Stores Equipment | C41: 204-207 | D41: 393 | E41: PTD | G41: =SUM('Sch 1- Rate Base (OR)'!G41+'Sch 1- Rate Base (WA)'!G41+'Sch 1- Rate Base (ID)'!G41) -> 8843323.2 | H41: =VLOOKUP($E41,Ratio,2,FALSE)*$G41 -> 3892796.8 | I41: =VLOOKUP($E41,Ratio,3,FALSE)*$G41 -> 0 | J41: =VLOOKUP($E41,Ratio,4,FALSE)*$G41 -> 4950526.4
B42: Tools and Garage Equipment | C42: 204-207 | D42: 394 | E42: PTD | G42: =SUM('Sch 1- Rate Base (OR)'!G42+'Sch 1- Rate Base (WA)'!G42+'Sch 1- Rate Base (ID)'!G42) -> 28801736 | H42: =VLOOKUP($E42,Ratio,2,FALSE)*$G42 -> 12678413 | I42: =VLOOKUP($E42,Ratio,3,FALSE)*$G42 -> 0 | J42: =VLOOKUP($E42,Ratio,4,FALSE)*$G42 -> 16123323
B43: Laboratory Equipment | C43: 204-207 | D43: 395 | E43: PTD | G43: =SUM('Sch 1- Rate Base (OR)'!G43+'Sch 1- Rate Base (WA)'!G43+'Sch 1- Rate Base (ID)'!G43) -> 22065131 | H43: =VLOOKUP($E43,Ratio,2,FALSE)*$G43 -> 9712985.6 | I43: =VLOOKUP($E43,Ratio,3,FALSE)*$G43 -> 0 | J43: =VLOOKUP($E43,Ratio,4,FALSE)*$G43 -> 12352145
B44: Power Operated Equipment | C44: 204-207 | D44: 396 | E44: TD | G44: =SUM('Sch 1- Rate Base (OR)'!G44+'Sch 1- Rate Base (WA)'!G44+'Sch 1- Rate Base (ID)'!G44) -> 1.0422438e+08 | H44: =VLOOKUP($E44,Ratio,2,FALSE)*$G44 -> 0 | I44: =VLOOKUP($E44,Ratio,3,FALSE)*$G44 -> 0 | J44: =VLOOKUP($E44,Ratio,4,FALSE)*$G44 -> 1.0422438e+08
B45: Communication Equipment | C45: 204-207 | D45: 397 | E45: PTD | G45: =SUM('Sch 1- Rate Base (OR)'!G45+'Sch 1- Rate Base (WA)'!G45+'Sch 1- Rate Base (ID)'!G45) -> 2.2516638e+08 | H45: =VLOOKUP($E45,Ratio,2,FALSE)*$G45 -> 99117374 | I45: =VLOOKUP($E45,Ratio,3,FALSE)*$G45 -> 0 | J45: =VLOOKUP($E45,Ratio,4,FALSE)*$G45 -> 1.2604901e+08
B46: Miscellaneous Equipment | C46: 204-207 | D46: 398 | E46: PTD | G46: =SUM('Sch 1- Rate Base (OR)'!G46+'Sch 1- Rate Base (WA)'!G46+'Sch 1- Rate Base (ID)'!G46) -> 3889871.2 | H46: =VLOOKUP($E46,Ratio,2,FALSE)*$G46 -> 1712306.3 | I46: =VLOOKUP($E46,Ratio,3,FALSE)*$G46 -> 0 | J46: =VLOOKUP($E46,Ratio,4,FALSE)*$G46 -> 2177564.9
B47: Other Tangible Property | C47: 204-207 | D47: 399 | E47: DIRECT | F47: PTD | G47: =SUM('Sch 1- Rate Base (OR)'!G47+'Sch 1- Rate Base (WA)'!G47+'Sch 1- Rate Base (ID)'!G47) -> 708735.65 | H47: =IF($E47="DIRECT",$L47,VLOOKUP($E47,Ratio,2,FALSE)*$G47) -> 708735.65 | I47: =IF($E47="DIRECT",$M47,VLOOKUP($E47,Ratio,3,FALSE)*$G47) -> 0 | J47: =IF($E47="DIRECT",$N47,VLOOKUP($E47,Ratio,4,FALSE)*$G47) -> 0 | L47: =SUM('Sch 1- Rate Base (OR)'!L47+'Sch 1- Rate Base (WA)'!L47+'Sch 1- Rate Base (ID)'!L47) -> 708735.65 | M47: =SUM('Sch 1- Rate Base (OR)'!M47+'Sch 1- Rate Base (WA)'!M47+'Sch 1- Rate Base (ID)'!M47) -> 0 | N47: =SUM('Sch 1- Rate Base (OR)'!N47+'Sch 1- Rate Base (WA)'!N47+'Sch 1- Rate Base (ID)'!N47) -> 0
B48: Asset Retirement Costs for General Plant | C48: 204-207 | D48: 399.1 | E48: PTD | G48: =SUM('Sch 1- Rate Base (OR)'!G48+'Sch 1- Rate Base (WA)'!G48+'Sch 1- Rate Base (ID)'!G48) -> 15896.576 | H48: =VLOOKUP($E48,Ratio,2,FALSE)*$G48 -> 6997.6116 | I48: =VLOOKUP($E48,Ratio,3,FALSE)*$G48 -> 0 | J48: =VLOOKUP($E48,Ratio,4,FALSE)*$G48 -> 8898.9647
A50: Total General Plant | G50: =SUM(G37:G49) -> 6.4884799e+08 | H50: =SUM(H37:H49) -> 2.0801309e+08 | I50: =SUM(I37:I49) -> 0 | J50: =SUM(J37:J49) -> 4.408349e+08
A52: Total Electric Plant In-Service | G52: =G19+G26+G30+G34+G50 -> 1.3793179e+10 | H52: =H19+H26+H30+H34+H50 -> 5.9919568e+09 | I52: =I19+I26+I30+I34+I50 -> 0 | J52: =J19+J26+J30+J34+J50 -> 7.8026022e+09
A53: (Total Intangible + Total Production + Total Transmission + Total Distribution + Total General)
A55: LESS:
A56: Depreciation and Amortization Reserve
B57: Steam Production Plant | C57: 219 | D57: 108 | E57: PROD | G57: =SUM('Sch 1- Rate Base (OR)'!G57+'Sch 1- Rate Base (WA)'!G57+'Sch 1- Rate Base (ID)'!G57) -> 1.8881833e+09 | H57: =VLOOKUP($E57,Ratio,2,FALSE)*$G57 -> 1.8881833e+09 | I57: =VLOOKUP($E57,Ratio,3,FALSE)*$G57 -> 0 | J57: =VLOOKUP($E57,Ratio,4,FALSE)*$G57 -> 0
B58: Nuclear Production Plant | C58: 219 | D58: 108 | E58: PROD | G58: =SUM('Sch 1- Rate Base (OR)'!G58+'Sch 1- Rate Base (WA)'!G58+'Sch 1- Rate Base (ID)'!G58) -> 0 | H58: =VLOOKUP($E58,Ratio,2,FALSE)*$G58 -> 0 | I58: =VLOOKUP($E58,Ratio,3,FALSE)*$G58 -> 0 | J58: =VLOOKUP($E58,Ratio,4,FALSE)*$G58 -> 0
B59: Hydraulic Production Plant | C59: 219 | D59: 108 | E59: PROD | G59: =SUM('Sch 1- Rate Base (OR)'!G59+'Sch 1- Rate Base (WA)'!G59+'Sch 1- Rate Base (ID)'!G59) -> 1.8730245e+08 | H59: =VLOOKUP($E59,Ratio,2,FALSE)*$G59 -> 1.8730245e+08 | I59: =VLOOKUP($E59,Ratio,3,FALSE)*$G59 -> 0 | J59: =VLOOKUP($E59,Ratio,4,FALSE)*$G59 -> 0
B60: Other Production Plant | C60: 219 | D60: 108 | E60: PROD | G60: =SUM('Sch 1- Rate Base (OR)'!G60+'Sch 1- Rate Base (WA)'!G60+'Sch 1- Rate Base (ID)'!G60) -> 3.0642282e+08 | H60: =VLOOKUP($E60,Ratio,2,FALSE)*$G60 -> 3.0642282e+08 | I60: =VLOOKUP($E60,Ratio,3,FALSE)*$G60 -> 0 | J60: =VLOOKUP($E60,Ratio,4,FALSE)*$G60 -> 0
B61: Transmission Plant (i) | C61: 219 | D61: 108 | E61: TRANS | G61: =SUM('Sch 1- Rate Base (OR)'!G61+'Sch 1- Rate Base (WA)'!G61+'Sch 1- Rate Base (ID)'!G61) -> 9.06356e+08 | H61: =VLOOKUP($E61,Ratio,2,FALSE)*$G61 -> 0 | I61: =VLOOKUP($E61,Ratio,3,FALSE)*$G61 -> 0 | J61: =VLOOKUP($E61,Ratio,4,FALSE)*$G61 -> 9.06356e+08
B62: Distribution Plant | C62: 219 | D62: 108 | E62: DIST | G62: =SUM('Sch 1- Rate Base (OR)'!G62+'Sch 1- Rate Base (WA)'!G62+'Sch 1- Rate Base (ID)'!G62) -> 1.6331538e+09 | H62: =VLOOKUP($E62,Ratio,2,FALSE)*$G62 -> 0 | I62: =VLOOKUP($E62,Ratio,3,FALSE)*$G62 -> 0 | J62: =VLOOKUP($E62,Ratio,4,FALSE)*$G62 -> 1.6331538e+09
B63: General Plant | C63: 219 | D63: 108 | E63: GP | G63: =SUM('Sch 1- Rate Base (OR)'!G63+'Sch 1- Rate Base (WA)'!G63+'Sch 1- Rate Base (ID)'!G63) -> 2.5110182e+08 | H63: =VLOOKUP($E63,Ratio,2,FALSE)*$G63 -> 80500314 | I63: =VLOOKUP($E63,Ratio,3,FALSE)*$G63 -> 0 | J63: =VLOOKUP($E63,Ratio,4,FALSE)*$G63 -> 1.7060151e+08
B64: Amortization of Intangible Plant - Account 301 | C64: 219 | D64: 111 | E64: DIST | G64: =SUM('Sch 1- Rate Base (OR)'!G64+'Sch 1- Rate Base (WA)'!G64+'Sch 1- Rate Base (ID)'!G64) -> 0 | H64: =VLOOKUP($E64,Ratio,2,FALSE)*$G64 -> 0 | I64: =VLOOKUP($E64,Ratio,3,FALSE)*$G64 -> 0 | J64: =VLOOKUP($E64,Ratio,4,FALSE)*$G64 -> 0
B65: Amortization of Intangible Plant - Account 302 | C65: 219 | D65: 111 | E65: DIRECT | F65: PTD | G65: =SUM('Sch 1- Rate Base (OR)'!G65+'Sch 1- Rate Base (WA)'!G65+'Sch 1- Rate Base (ID)'!G65) -> 35416807 | H65: =IF($E65="DIRECT",$L65,VLOOKUP($E65,Ratio,2,FALSE)*$G65) -> 35416807 | I65: =IF($E65="DIRECT",$M65,VLOOKUP($E65,Ratio,3,FALSE)*$G65) -> 0 | J65: =IF($E65="DIRECT",$N65,VLOOKUP($E65,Ratio,4,FALSE)*$G65) -> 760277.1 | L65: =SUM('Sch 1- Rate Base (OR)'!L65+'Sch 1- Rate Base (WA)'!L65+'Sch 1- Rate Base (ID)'!L65) -> 35416807 | M65: 0 | N65: 760277.1
B66: Amortization of Intangible Plant - Account 303 | C66: 219 | D66: 111 | E66: DIRECT | F66: DIST | G66: =SUM('Sch 1- Rate Base (OR)'!G66+'Sch 1- Rate Base (WA)'!G66+'Sch 1- Rate Base (ID)'!G66) -> 2.7650651e+08 | H66: =IF($E66="DIRECT",$L66,VLOOKUP($E66,Ratio,2,FALSE)*$G66) -> 91794315 | I66: =IF($E66="DIRECT",$M66,VLOOKUP($E66,Ratio,3,FALSE)*$G66) -> 0 | J66: =IF($E66="DIRECT",$N66,VLOOKUP($E66,Ratio,4,FALSE)*$G66) -> 1.847122e+08 | L66: =SUM('Sch 1- Rate Base (OR)'!L66+'Sch 1- Rate Base (WA)'!L66+'Sch 1- Rate Base (ID)'!L66) -> 91794315 | M66: =SUM('Sch 1- Rate Base (OR)'!M66+'Sch 1- Rate Base (WA)'!M66+'Sch 1- Rate Base (ID)'!M66) -> 0 | N66: =SUM('Sch 1- Rate Base (OR)'!N66+'Sch 1- Rate Base (WA)'!N66+'Sch 1- Rate Base (ID)'!N66) -> 1.847122e+08
B67: Mining Plant Depreciation | C67: 219 | D67: 108 | E67: PROD | G67: =SUM('Sch 1- Rate Base (OR)'!G67+'Sch 1- Rate Base (WA)'!G67+'Sch 1- Rate Base (ID)'!G67) -> 0 | H67: =VLOOKUP($E67,Ratio,2,FALSE)*$G67 -> 0 | I67: =VLOOKUP($E67,Ratio,3,FALSE)*$G67 -> 0 | J67: =VLOOKUP($E67,Ratio,4,FALSE)*$G67 -> 0
B68: Amortization of Plant Held for Future Use | C68: 219 | D68: 111 | E68: DIST | G68: =SUM('Sch 1- Rate Base (OR)'!G68+'Sch 1- Rate Base (WA)'!G68+'Sch 1- Rate Base (ID)'!G68) -> 0 | H68: =VLOOKUP($E68,Ratio,2,FALSE)*$G68 -> 0 | I68: =VLOOKUP($E68,Ratio,3,FALSE)*$G68 -> 0 | J68: =VLOOKUP($E68,Ratio,4,FALSE)*$G68 -> 0
B69: Capital Lease - Common Plant | C69: 219 | D69: 108 | E69: DIRECT | F69: PTD | G69: =SUM('Sch 1- Rate Base (OR)'!G69+'Sch 1- Rate Base (WA)'!G69+'Sch 1- Rate Base (ID)'!G69) -> 0 | H69: =IF($E69="DIRECT",$L69,VLOOKUP($E69,Ratio,2,FALSE)*$G69) -> 0 | I69: =IF($E69="DIRECT",$M69,VLOOKUP($E69,Ratio,3,FALSE)*$G69) -> 0 | J69: =IF($E69="DIRECT",$N69,VLOOKUP($E69,Ratio,4,FALSE)*$G69) -> 0 | L69: =SUM('Sch 1- Rate Base (OR)'!L69+'Sch 1- Rate Base (WA)'!L69+'Sch 1- Rate Base (ID)'!L69) -> 0 | M69: =SUM('Sch 1- Rate Base (OR)'!M69+'Sch 1- Rate Base (WA)'!M69+'Sch 1- Rate Base (ID)'!M69) -> 0 | N69: =SUM('Sch 1- Rate Base (OR)'!N69+'Sch 1- Rate Base (WA)'!N69+'Sch 1- Rate Base (ID)'!N69) -> 0
B70: Leasehold Improvements | C70: 200-201 | D70: 108 | E70: DIRECT | F70: DIST | G70: =SUM('Sch 1- Rate Base (OR)'!G70+'Sch 1- Rate Base (WA)'!G70+'Sch 1- Rate Base (ID)'!G70) -> 0 | H70: =IF($E70="DIRECT",$L70,VLOOKUP($E70,Ratio,2,FALSE)*$G70) -> 0 | I70: =IF($E70="DIRECT",$M70,VLOOKUP($E70,Ratio,3,FALSE)*$G70) -> 0 | J70: =IF($E70="DIRECT",$N70,VLOOKUP($E70,Ratio,4,FALSE)*$G70) -> 0 | L70: =SUM('Sch 1- Rate Base (OR)'!L70+'Sch 1- Rate Base (WA)'!L70+'Sch 1- Rate Base (ID)'!L70) -> 0 | M70: =SUM('Sch 1- Rate Base (OR)'!M70+'Sch 1- Rate Base (WA)'!M70+'Sch 1- Rate Base (ID)'!M70) -> 0 | N70: =SUM('Sch 1- Rate Base (OR)'!N70+'Sch 1- Rate Base (WA)'!N70+'Sch 1- Rate Base (ID)'!N70) -> 0
B71: In-Service: Depreciation of Common Plant (a) | C71: 200-201 | D71: 108 | E71: DIRECT | F71: PTD | G71: =SUM('Sch 1- Rate Base (OR)'!G71+'Sch 1- Rate Base (WA)'!G71+'Sch 1- Rate Base (ID)'!G71) -> 0 | H71: =IF($E71="DIRECT",$L71,VLOOKUP($E71,Ratio,2,FALSE)*$G71) -> 0 | I71: =IF($E71="DIRECT",$M71,VLOOKUP($E71,Ratio,3,FALSE)*$G71) -> 0 | J71: =IF($E71="DIRECT",$N71,VLOOKUP($E71,Ratio,4,FALSE)*$G71) -> 0 | L71: =SUM('Sch 1- Rate Base (OR)'!L71+'Sch 1- Rate Base (WA)'!L71+'Sch 1- Rate Base (ID)'!L71) -> 0 | M71: =SUM('Sch 1- Rate Base (OR)'!M71+'Sch 1- Rate Base (WA)'!M71+'Sch 1- Rate Base (ID)'!M71) -> 0 | N71: =SUM('Sch 1- Rate Base (OR)'!N71+'Sch 1- Rate Base (WA)'!N71+'Sch 1- Rate Base (ID)'!N71) -> 0
B72: Amortization of Other Utility Plant (a) | C72: 200-201 | D72: 108 | E72: DIRECT | F72: DIST | G72: =SUM('Sch 1- Rate Base (OR)'!G72+'Sch 1- Rate Base (WA)'!G72+'Sch 1- Rate Base (ID)'!G72) -> 9421530.2 | H72: =IF($E72="DIRECT",$L72,VLOOKUP($E72,Ratio,2,FALSE)*$G72) -> 4095506.2 | I72: =IF($E72="DIRECT",$M72,VLOOKUP($E72,Ratio,3,FALSE)*$G72) -> 0 | J72: =IF($E72="DIRECT",$N72,VLOOKUP($E72,Ratio,4,FALSE)*$G72) -> 6734436.1 | L72: =SUM('Sch 1- Rate Base (OR)'!L72+'Sch 1- Rate Base (WA)'!L72+'Sch 1- Rate Base (ID)'!L72) -> 4095506.2 | M72: 0 | N72: =SUM('Sch 1- Rate Base (OR)'!N72+'Sch 1- Rate Base (WA)'!N72+'Sch 1- Rate Base (ID)'!N72)+SUM('[1]Sch 1- Rate Base (OR)'!M72+'[1]Sch 1- Rate Base (WA)'!M72+'[1]Sch 1- Rate Base (ID)'!M72) -> 6734436.1
B73: Amortization of Acquisition Adjustments | C73: 200-201 | D73: 115 | E73: DIRECT | F73: DIST | G73: =SUM('Sch 1- Rate Base (OR)'!G73+'Sch 1- Rate Base (WA)'!G73+'Sch 1- Rate Base (ID)'!G73) -> 56998656 | H73: =IF($E73="DIRECT",$L73,VLOOKUP($E73,Ratio,2,FALSE)*$G73) -> 56998656 | I73: =IF($E73="DIRECT",$M73,VLOOKUP($E73,Ratio,3,FALSE)*$G73) -> 0 | J73: =IF($E73="DIRECT",$N73,VLOOKUP($E73,Ratio,4,FALSE)*$G73) -> 0 | L73: =SUM('Sch 1- Rate Base (OR)'!L73+'Sch 1- Rate Base (WA)'!L73+'Sch 1- Rate Base (ID)'!L73) -> 56998656 | M73: =SUM('Sch 1- Rate Base (OR)'!M73+'Sch 1- Rate Base (WA)'!M73+'Sch 1- Rate Base (ID)'!M73) -> 0 | N73: =SUM('Sch 1- Rate Base (OR)'!N73+'Sch 1- Rate Base (WA)'!N73+'Sch 1- Rate Base (ID)'!N73) -> 0
A75: Depreciation and Amortization Reserve (Other) | E75: DIRECT | G75: =SUM('Sch 1- Rate Base (OR)'!G75+'Sch 1- Rate Base (WA)'!G75+'Sch 1- Rate Base (ID)'!G75) -> 0 | H75: =IF($E75="DIRECT",$L75,VLOOKUP($E75,Ratio,2,FALSE)*$G75) -> 0 | I75: =IF($E75="DIRECT",$M75,VLOOKUP($E75,Ratio,3,FALSE)*$G75) -> 0 | J75: =IF($E75="DIRECT",$N75,VLOOKUP($E75,Ratio,4,FALSE)*$G75) -> 0 | L75: =SUM('Sch 1- Rate Base (OR)'!L75+'Sch 1- Rate Base (WA)'!L75+'Sch 1- Rate Base (ID)'!L75) -> 0 | M75: =SUM('Sch 1- Rate Base (OR)'!M75+'Sch 1- Rate Base (WA)'!M75+'Sch 1- Rate Base (ID)'!M75) -> 0 | N75: =SUM('Sch 1- Rate Base (OR)'!N75+'Sch 1- Rate Base (WA)'!N75+'Sch 1- Rate Base (ID)'!N75) -> 0
A77: Total Depreciation and Amortization Reserve | G77: =SUM(G57:G75) -> 5.5508637e+09 | H77: =SUM(H57:H75) -> 2.6507142e+09 | I77: =SUM(I57:I75) -> 0 | J77: =SUM(J57:J75) -> 2.9023182e+09
A79: Total Net Plant | G79: =G52-G77 -> 8.242315e+09 | H79: =H52-H77 -> 3.3412427e+09 | I79: =I52-I77 -> 0 | J79: =J52-J77 -> 4.900284e+09
A80: (Total Electric Plant In-Service) - (Total Depreciation & Amortization)
A82: Assets and Other Debits (Comparative Balance Sheet)
A84: Cash Working Capital (f) | C84: Calculation: Automatic Input from Sch 1A | G84: ='Sch 1A - Cash Working Capital'!C24 -> 1.8157535e+08 | H84: 79592024 | I84: 23892856 | J84: 78090465
A86: Utility Plant
B87: (Utility Plant) Held For Future Use | C87: 200-201 | D87: 105 | E87: DIST | G87: =SUM('Sch 1- Rate Base (OR)'!G87+'Sch 1- Rate Base (WA)'!G87+'Sch 1- Rate Base (ID)'!G87) -> 7741084.2 | H87: =VLOOKUP($E87,Ratio,2,FALSE)*$G87 -> 0 | I87: =VLOOKUP($E87,Ratio,3,FALSE)*$G87 -> 0 | J87: =VLOOKUP($E87,Ratio,4,FALSE)*$G87 -> 7741084.2
B88: (Utility Plant) Completed Construction - Not Classified | C88: 200-201 | D88: 106 | E88: PTD | G88: =SUM('Sch 1- Rate Base (OR)'!G88+'Sch 1- Rate Base (WA)'!G88+'Sch 1- Rate Base (ID)'!G88) -> 2.232814e+08 | H88: =VLOOKUP($E88,Ratio,2,FALSE)*$G88 -> 98287612 | I88: =VLOOKUP($E88,Ratio,3,FALSE)*$G88 -> 0 | J88: =VLOOKUP($E88,Ratio,4,FALSE)*$G88 -> 1.2499379e+08
B89: Nuclear Fuel | C89: 320-323 | D89: 120.1-120.6 | E89: PROD | G89: =SUM('Sch 1- Rate Base (OR)'!G89+'Sch 1- Rate Base (WA)'!G89+'Sch 1- Rate Base (ID)'!G89) -> 0 | H89: =VLOOKUP($E89,Ratio,2,FALSE)*$G89 -> 0 | I89: =VLOOKUP($E89,Ratio,3,FALSE)*$G89 -> 0 | J89: =VLOOKUP($E89,Ratio,4,FALSE)*$G89 -> 0
B90: Construction Work in Progress (CWIP) | C90: 200-201 | D90: 107 & 120.1 | E90: DIST | G90: =SUM('Sch 1- Rate Base (OR)'!G90+'Sch 1- Rate Base (WA)'!G90+'Sch 1- Rate Base (ID)'!G90) -> 1.8938587e+09 | H90: =VLOOKUP($E90,Ratio,2,FALSE)*$G90 -> 0 | I90: =VLOOKUP($E90,Ratio,3,FALSE)*$G90 -> 0 | J90: =VLOOKUP($E90,Ratio,4,FALSE)*$G90 -> 1.8938587e+09
B91: Common Plant | C91: 356 | E91: DIRECT | G91: =SUM('Sch 1- Rate Base (OR)'!G91+'Sch 1- Rate Base (WA)'!G91+'Sch 1- Rate Base (ID)'!G91) -> 0 | H91: =IF($E91="DIRECT",$L91,VLOOKUP($E91,Ratio,2,FALSE)*$G91) -> 0 | I91: =IF($E91="DIRECT",$M91,VLOOKUP($E91,Ratio,3,FALSE)*$G91) -> 0 | J91: =IF($E91="DIRECT",$N91,VLOOKUP($E91,Ratio,4,FALSE)*$G91) -> 0 | L91: =SUM('Sch 1- Rate Base (OR)'!L91+'Sch 1- Rate Base (WA)'!L91+'Sch 1- Rate Base (ID)'!L91) -> 0 | M91: =SUM('Sch 1- Rate Base (OR)'!M91+'Sch 1- Rate Base (WA)'!M91+'Sch 1- Rate Base (ID)'!M91) -> 0 | N91: =SUM('Sch 1- Rate Base (OR)'!N91+'Sch 1- Rate Base (WA)'!N91+'Sch 1- Rate Base (ID)'!N91) -> 0
B92: Acquisition Adjustments (Electric) | C92: 200-201 | D92: 114 | E92: DIRECT | F92: DIST | G92: =SUM('Sch 1- Rate Base (OR)'!G92+'Sch 1- Rate Base (WA)'!G92+'Sch 1- Rate Base (ID)'!G92) -> 58063394 | H92: =IF($E92="DIRECT",$L92,VLOOKUP($E92,Ratio,2,FALSE)*$G92) -> 58063394 | I92: =IF($E92="DIRECT",$M92,VLOOKUP($E92,Ratio,3,FALSE)*$G92) -> 0 | J92: =IF($E92="DIRECT",$N92,VLOOKUP($E92,Ratio,4,FALSE)*$G92) -> 0 | L92: =SUM('[1]Sch 1- Rate Base (OR)'!L92+'[1]Sch 1- Rate Base (WA)'!L92+'[1]Sch 1- Rate Base (ID)'!L92)+0.55 -> 58063394 | M92: =SUM('Sch 1- Rate Base (OR)'!M92+'Sch 1- Rate Base (WA)'!M92+'Sch 1- Rate Base (ID)'!M92) -> 0 | N92: =SUM('Sch 1- Rate Base (OR)'!N92+'Sch 1- Rate Base (WA)'!N92+'Sch 1- Rate Base (ID)'!N92) -> 0
B93: Total | G93: =SUM(G87:G92) -> 2.1829446e+09 | H93: =SUM(H87:H92) -> 1.5635101e+08 | I93: =SUM(I87:I92) -> 0 | J93: =SUM(J87:J92) -> 2.0265936e+09
A95: Other Property and Investments
B96: Investment in Associated Companies | C96: 110-111 | D96: 123 | E96: DIRECT | F96: DIST | G96: =SUM('Sch 1- Rate Base (OR)'!G96+'Sch 1- Rate Base (WA)'!G96+'Sch 1- Rate Base (ID)'!G96) -> 62858540 | H96: =IF($E96="DIRECT",$L96,VLOOKUP($E96,Ratio,2,FALSE)*$G96) -> 0 | I96: =IF($E96="DIRECT",$M96,VLOOKUP($E96,Ratio,3,FALSE)*$G96) -> 0 | J96: =IF($E96="DIRECT",$N96,VLOOKUP($E96,Ratio,4,FALSE)*$G96) -> 62858540 | L96: =SUM('Sch 1- Rate Base (OR)'!L96+'Sch 1- Rate Base (WA)'!L96+'Sch 1- Rate Base (ID)'!L96) -> 0 | M96: =SUM('Sch 1- Rate Base (OR)'!M96+'Sch 1- Rate Base (WA)'!M96+'Sch 1- Rate Base (ID)'!M96) -> 0 | N96: =SUM('Sch 1- Rate Base (OR)'!N96+'Sch 1- Rate Base (WA)'!N96+'Sch 1- Rate Base (ID)'!N96) -> 62858540
B97: Other Investment | C97: 110-111 | D97: 124 | E97: DIST | G97: =SUM('Sch 1- Rate Base (OR)'!G97+'Sch 1- Rate Base (WA)'!G97+'Sch 1- Rate Base (ID)'!G97) -> 44548813 | H97: =VLOOKUP($E97,Ratio,2,FALSE)*$G97 -> 0 | I97: =VLOOKUP($E97,Ratio,3,FALSE)*$G97 -> 0 | J97: =VLOOKUP($E97,Ratio,4,FALSE)*$G97 -> 44548813
B98: Long-Term Portion of Derivative Assets | C98: 110-111 | D98: 175 | E98: DIST | G98: =SUM('Sch 1- Rate Base (OR)'!G98+'Sch 1- Rate Base (WA)'!G98+'Sch 1- Rate Base (ID)'!G98) -> 882802.56 | H98: =VLOOKUP($E98,Ratio,2,FALSE)*$G98 -> 0 | I98: =VLOOKUP($E98,Ratio,3,FALSE)*$G98 -> 0 | J98: =VLOOKUP($E98,Ratio,4,FALSE)*$G98 -> 882802.56
B99: Long-Term Portion of Derivative Assets - Hedges | C99: 110-111 | D99: 176 | E99: DIST | G99: =SUM('Sch 1- Rate Base (OR)'!G99+'Sch 1- Rate Base (WA)'!G99+'Sch 1- Rate Base (ID)'!G99) -> 0 | H99: =VLOOKUP($E99,Ratio,2,FALSE)*$G99 -> 0 | I99: =VLOOKUP($E99,Ratio,3,FALSE)*$G99 -> 0 | J99: =VLOOKUP($E99,Ratio,4,FALSE)*$G99 -> 0
B100: Total | G100: =SUM(G96:G99) -> 1.0829016e+08 | H100: =SUM(H96:H99) -> 0 | I100: =SUM(I96:I99) -> 0 | J100: =SUM(J96:J99) -> 1.0829016e+08
A102: Current and Accrued Assets
B103: Fuel Stock | C103: 110-111 | D103: 151 | E103: PROD | G103: =SUM('Sch 1- Rate Base (OR)'!G103+'Sch 1- Rate Base (WA)'!G103+'Sch 1- Rate Base (ID)'!G103) -> 40405127 | H103: =VLOOKUP($E103,Ratio,2,FALSE)*$G103 -> 40405127 | I103: =VLOOKUP($E103,Ratio,3,FALSE)*$G103 -> 0 | J103: =VLOOKUP($E103,Ratio,4,FALSE)*$G103 -> 0
B104: Fuel Stock Expenses Undistributed | C104: 110-111 | D104: 152 | E104: PROD | G104: =SUM('Sch 1- Rate Base (OR)'!G104+'Sch 1- Rate Base (WA)'!G104+'Sch 1- Rate Base (ID)'!G104) -> 0 | H104: =VLOOKUP($E104,Ratio,2,FALSE)*$G104 -> 0 | I104: =VLOOKUP($E104,Ratio,3,FALSE)*$G104 -> 0 | J104: =VLOOKUP($E104,Ratio,4,FALSE)*$G104 -> 0
B105: Plant Materials and Operating Supplies | C105: 110-111 | D105: 154 | E105: PTD | G105: =SUM('Sch 1- Rate Base (OR)'!G105+'Sch 1- Rate Base (WA)'!G105+'Sch 1- Rate Base (ID)'!G105) -> 2.067154e+08 | H105: =VLOOKUP($E105,Ratio,2,FALSE)*$G105 -> 90995323 | I105: =VLOOKUP($E105,Ratio,3,FALSE)*$G105 -> 0 | J105: =VLOOKUP($E105,Ratio,4,FALSE)*$G105 -> 1.1572008e+08
B106: Merchandise (Major Only) | C106: 110-111 | D106: 155 | E106: DIST | G106: =SUM('Sch 1- Rate Base (OR)'!G106+'Sch 1- Rate Base (WA)'!G106+'Sch 1- Rate Base (ID)'!G106) -> 0 | H106: =VLOOKUP($E106,Ratio,2,FALSE)*$G106 -> 0 | I106: =VLOOKUP($E106,Ratio,3,FALSE)*$G106 -> 0 | J106: =VLOOKUP($E106,Ratio,4,FALSE)*$G106 -> 0
B107: Other Materials and Supplies (Major only) | C107: 110-111 | D107: 156 | E107: DIST | G107: =SUM('Sch 1- Rate Base (OR)'!G107+'Sch 1- Rate Base (WA)'!G107+'Sch 1- Rate Base (ID)'!G107) -> 0 | H107: =VLOOKUP($E107,Ratio,2,FALSE)*$G107 -> 0 | I107: =VLOOKUP($E107,Ratio,3,FALSE)*$G107 -> 0 | J107: =VLOOKUP($E107,Ratio,4,FALSE)*$G107 -> 0
B108: EPA Allowance Inventory | C108: 110-111 | D108: 158.1 | E108: PROD | G108: =SUM('Sch 1- Rate Base (OR)'!G108+'Sch 1- Rate Base (WA)'!G108+'Sch 1- Rate Base (ID)'!G108) -> 1242891.3 | H108: =VLOOKUP($E108,Ratio,2,FALSE)*$G108 -> 1242891.3 | I108: =VLOOKUP($E108,Ratio,3,FALSE)*$G108 -> 0 | J108: =VLOOKUP($E108,Ratio,4,FALSE)*$G108 -> 0
B109: EPA Allowances Withheld | C109: 110-111 | D109: 158.2 | E109: PROD | G109: =SUM('Sch 1- Rate Base (OR)'!G109+'Sch 1- Rate Base (WA)'!G109+'Sch 1- Rate Base (ID)'!G109) -> 0 | H109: =VLOOKUP($E109,Ratio,2,FALSE)*$G109 -> 0 | I109: =VLOOKUP($E109,Ratio,3,FALSE)*$G109 -> 0 | J109: =VLOOKUP($E109,Ratio,4,FALSE)*$G109 -> 0
B110: Stores Expense Undistributed | C110: 110-111 | D110: 163 | E110: PTD | G110: =SUM('Sch 1- Rate Base (OR)'!G110+'Sch 1- Rate Base (WA)'!G110+'Sch 1- Rate Base (ID)'!G110) -> 0 | H110: =VLOOKUP($E110,Ratio,2,FALSE)*$G110 -> 0 | I110: =VLOOKUP($E110,Ratio,3,FALSE)*$G110 -> 0 | J110: =VLOOKUP($E110,Ratio,4,FALSE)*$G110 -> 0
B111: Prepayments | C111: 110-111 | D111: 165 | E111: PTD | G111: =SUM('Sch 1- Rate Base (OR)'!G111+'Sch 1- Rate Base (WA)'!G111+'Sch 1- Rate Base (ID)'!G111) -> 56015642 | H111: =VLOOKUP($E111,Ratio,2,FALSE)*$G111 -> 24657870 | I111: =VLOOKUP($E111,Ratio,3,FALSE)*$G111 -> 0 | J111: =VLOOKUP($E111,Ratio,4,FALSE)*$G111 -> 31357773
B112: Derivative Instrument Assets | C112: 110-111 | D112: 175 | E112: DIST | G112: =SUM('Sch 1- Rate Base (OR)'!G112+'Sch 1- Rate Base (WA)'!G112+'Sch 1- Rate Base (ID)'!G112) -> 7016382.5 | H112: =VLOOKUP($E112,Ratio,2,FALSE)*$G112 -> 0 | I112: =VLOOKUP($E112,Ratio,3,FALSE)*$G112 -> 0 | J112: =VLOOKUP($E112,Ratio,4,FALSE)*$G112 -> 7016382.5
B113: (Less) Long-Term Portion of Derivative Assets | C113: 110-111 | D113: 175 | E113: DIST | G113: =SUM('Sch 1- Rate Base (OR)'!G113+'Sch 1- Rate Base (WA)'!G113+'Sch 1- Rate Base (ID)'!G113) -> 882802.56 | H113: =VLOOKUP($E113,Ratio,2,FALSE)*$G113 -> 0 | I113: =VLOOKUP($E113,Ratio,3,FALSE)*$G113 -> 0 | J113: =VLOOKUP($E113,Ratio,4,FALSE)*$G113 -> 882802.56
B114: Derivative Instrument Assets - Hedges | C114: 110-111 | D114: 176 | E114: DIST | G114: =SUM('Sch 1- Rate Base (OR)'!G114+'Sch 1- Rate Base (WA)'!G114+'Sch 1- Rate Base (ID)'!G114) -> 0 | H114: =VLOOKUP($E114,Ratio,2,FALSE)*$G114 -> 0 | I114: =VLOOKUP($E114,Ratio,3,FALSE)*$G114 -> 0 | J114: =VLOOKUP($E114,Ratio,4,FALSE)*$G114 -> 0
B115: (Less) Long-Term Portion of Derivative Assets - Hedges | C115: 110-111 | D115: 176 | E115: DIST | G115: =SUM('Sch 1- Rate Base (OR)'!G115+'Sch 1- Rate Base (WA)'!G115+'Sch 1- Rate Base (ID)'!G115) -> 0 | H115: =VLOOKUP($E115,Ratio,2,FALSE)*$G115 -> 0 | I115: =VLOOKUP($E115,Ratio,3,FALSE)*$G115 -> 0 | J115: =VLOOKUP($E115,Ratio,4,FALSE)*$G115 -> 0
B116: Total | G116: =SUM(G103:G112,G114)-G113-G115 -> 3.1051264e+08 | H116: =SUM(H103:H112,H114)-H113-H115 -> 1.5730121e+08 | I116: =SUM(I103:I112,I114)-I113-I115 -> 0 | J116: =SUM(J103:J112,J114)-J113-J115 -> 1.5321143e+08
A118: Deferred Debits
B119: Unamortized Debt Expenses | C119: 110-111 | D119: 181 | E119: PTDG | G119: =SUM('Sch 1- Rate Base (OR)'!G119+'Sch 1- Rate Base (WA)'!G119+'Sch 1- Rate Base (ID)'!G119) -> 23084661 | H119: =VLOOKUP($E119,Ratio,2,FALSE)*$G119 -> 10028312 | I119: =VLOOKUP($E119,Ratio,3,FALSE)*$G119 -> 0 | J119: =VLOOKUP($E119,Ratio,4,FALSE)*$G119 -> 13058660
B120: Extraordinary Property Losses | C120: 110-111 | D120: 182.1 | E120: DIRECT | F120: DIST | G120: =SUM('Sch 1- Rate Base (OR)'!G120+'Sch 1- Rate Base (WA)'!G120+'Sch 1- Rate Base (ID)'!G120) -> 0 | H120: =IF($E120="DIRECT",$L120,VLOOKUP($E120,Ratio,2,FALSE)*$G120) -> 0 | I120: =IF($E120="DIRECT",$M120,VLOOKUP($E120,Ratio,3,FALSE)*$G120) -> 0 | J120: =IF($E120="DIRECT",$N120,VLOOKUP($E120,Ratio,4,FALSE)*$G120) -> 0 | L120: =SUM('Sch 1- Rate Base (OR)'!L120+'Sch 1- Rate Base (WA)'!L120+'Sch 1- Rate Base (ID)'!L120) -> 0 | M120: =SUM('Sch 1- Rate Base (OR)'!M120+'Sch 1- Rate Base (WA)'!M120+'Sch 1- Rate Base (ID)'!M120) -> 0 | N120: =SUM('Sch 1- Rate Base (OR)'!N120+'Sch 1- Rate Base (WA)'!N120+'Sch 1- Rate Base (ID)'!N120) -> 0
B121: Unrecovered Plant and Regulatory Study Costs | C121: 110-111 | D121: 182.2 | E121: DIRECT | F121: DIST | G121: =SUM('Sch 1- Rate Base (OR)'!G121+'Sch 1- Rate Base (WA)'!G121+'Sch 1- Rate Base (ID)'!G121) -> 0 | H121: =IF($E121="DIRECT",$L121,VLOOKUP($E121,Ratio,2,FALSE)*$G121) -> 0 | I121: =IF($E121="DIRECT",$M121,VLOOKUP($E121,Ratio,3,FALSE)*$G121) -> 0 | J121: =IF($E121="DIRECT",$N121,VLOOKUP($E121,Ratio,4,FALSE)*$G121) -> 0 | L121: =SUM('Sch 1- Rate Base (OR)'!L121+'Sch 1- Rate Base (WA)'!L121+'Sch 1- Rate Base (ID)'!L121) -> 0 | M121: =SUM('Sch 1- Rate Base (OR)'!M121+'Sch 1- Rate Base (WA)'!M121+'Sch 1- Rate Base (ID)'!M121) -> 0 | N121: =SUM('Sch 1- Rate Base (OR)'!N121+'Sch 1- Rate Base (WA)'!N121+'Sch 1- Rate Base (ID)'!N121) -> 0
...

Sheet Sch 1A - Cash Working Capital
A1: BONNEVILLE POWER ADMINISTRATION
A2: RESIDENTIAL PURCHASE AND SALE AGREEMENT
A3: 2008 Average System Cost Methodology (ASCM) Appendix 1
A5: TOC | B5: UTILITY NAME: | C5: ='Sch 1- Rate Base '!$E$5 -> PacifiCorp | F5: BPA Reviews:
B6: End of Year Report Period: | C6: ='Sch 1- Rate Base '!$E$6 -> 2023 | F6: ='Sch 1- Rate Base '!I6
B7: ASC Filing Date: | C7: ='Sch 1- Rate Base '!$E$7 -> 45446 | F7: ='Sch 1- Rate Base '!I7
A10: Schedule 1A: Cash Working Capital (f)
A11: (Automatic Input from Schedule 3- Expenses)
A12: Account Description | C12: Total | D12: Production | E12: Transmission | F12: Distribution/ Other
A14: Cash Working Capital Calculation:
B15: Total Production O&M | C15: ='Sch 3 - Expenses'!G36 -> 1.5599196e+09 | D15: ='Sch 3 - Expenses'!H36 -> 1.5576553e+09 | E15: ='Sch 3 - Expenses'!I36 -> 0 | F15: ='Sch 3 - Expenses'!J36 -> 2264245.6
B16: Total Transmission O&M (i) | C16: ='Sch 3 - Expenses'!G42 -> 1.0345326e+08 | D16: ='Sch 3 - Expenses'!H42 -> 65955212 | E16: ='Sch 3 - Expenses'!I42 -> 0 | F16: ='Sch 3 - Expenses'!J42 -> 37498044
B17: Total Distribution O&M | C17: ='Sch 3 - Expenses'!G47 -> 1.7808029e+08 | D17: ='Sch 3 - Expenses'!H47 -> 0 | E17: ='Sch 3 - Expenses'!I47 -> 0 | F17: ='Sch 3 - Expenses'!J47 -> 1.7808029e+08
B18: Total Customer & Sales | C18: ='Sch 3 - Expenses'!G55 -> 1.4332481e+08 | D18: ='Sch 3 - Expenses'!H55 -> 92632458 | E18: ='Sch 3 - Expenses'!I55 -> 0 | F18: ='Sch 3 - Expenses'!J55 -> 50692350
B19: Total Administrative and General O&M | C19: ='Sch 3 - Expenses'!G75 -> 8.1633753e+08 | D19: ='Sch 3 - Expenses'!H75 -> 3.3269378e+08 | E19: ='Sch 3 - Expenses'!I75 -> 0 | F19: ='Sch 3 - Expenses'!J75 -> 4.8364068e+08
B20: Less Purchased Power, Public Purpose Charge, REP Reversal, Fuel Costs | C20: ='Sch 3 - Expenses'!G16+'Sch 3 - Expenses'!G20+'Sch 3 - Expenses'!G27+'Sch 3 - Expenses'!G31+'Sch 3 - Expenses'!G34+'Sch 3 - Expenses'!G35+G30 -> 1.3485127e+09 | D20: ='Sch 3 - Expenses'!H16+'Sch 3 - Expenses'!H20+'Sch 3 - Expenses'!H27+'Sch 3 - Expenses'!H31+'Sch 3 - Expenses'!H34+'Sch 3 - Expenses'!H35+H30 -> 1.3462485e+09 | E20: ='Sch 3 - Expenses'!I16+'Sch 3 - Expenses'!I20+'Sch 3 - Expenses'!I27+'Sch 3 - Expenses'!I31+'Sch 3 - Expenses'!I34+'Sch 3 - Expenses'!I35 -> 0 | F20: ='Sch 3 - Expenses'!J16+'Sch 3 - Expenses'!J20+'Sch 3 - Expenses'!J27+'Sch 3 - Expenses'!J31+'Sch 3 - Expenses'!J34+'Sch 3 - Expenses'!J35 -> 2264245.6
A21: Revised Total O&M Expenses | C21: =SUM(C15:C19)-C20 -> 1.4526028e+09 | D21: =SUM(D15:D19)-D20 -> 7.0268834e+08 | E21: =SUM(E15:E19)-E20 -> 0 | F21: =SUM(F15:F19)-F20 -> 7.4991136e+08
A23: One-Eighth Revised Total O&M Expenses
A24: Allowable Functionalized Cash Working Capital | C24: =C21/8 -> 1.8157535e+08 | D24: =D21/8 -> 87836042 | E24: =E21/8 -> 0 | F24: =F21/8 -> 93738920
B30: Account 557 Disallowed Amounts | H30: =G30 -> 0

Sheet Sch 2 -Rate of Return
A1: BONNEVILLE POWER ADMINISTRATION
A2: RESIDENTIAL PURCHASE AND SALE AGREEMENT
A3: 2008 Average System Cost Methodology (ASCM) Appendix 1
A5: TOC | C5: UTILITY NAME: | D5: ='Sch 1- Rate Base '!$E$5 -> PacifiCorp | H5: BPA Reviews:
A6: é | C6: End of Year Report Period: | D6: ='Sch 1- Rate Base '!$E$6 -> 2023 | H6: ='Sch 1- Rate Base '!I6
C7: ASC Filing Date: | D7: ='Sch 1- Rate Base '!$E$7 -> 45446 | H7: ='Sch 1- Rate Base '!I7
A8: Schedule 2: Capital Structure and Rate of Return (b)
D10: SUMMARY (for use by ASC Forecast Model)
D11: Single-Jurisdiction Investor-Owned Utility Return Calculation: | E11: =E35 -> 0
D12: Multi-Jurisdiction Investor-Owned Utility Return Calculation: | E12: =E90 -> 0.084185221
D13: Consumer-Owned Utility Return Calculation: | E13: =E118 -> 0
D14: Rate of Return : | E14: =SUM(E11:E13) -> 0.084185221
A16: Single-Jurisdiction Investor-Owned Utility Return Calculation
A18: Step 1: Weighted Cost of Capital from Most Recent State Commission Rate Order
A19: Note: Multi-jurisdictional utilities must begin on Page 2
A20: Publicly-owned utilities must begin on Page 4
B22: Capitalization Structure | D22: Effective Cost
A23: Component | B23: Amount | C23: Percent | D23: Embedded | E23: Weighted
A24: Debt | C24: =IF($B$27=0,0,B24/$B$27) -> 0 | E24: =ROUNDUP(D24*C24,5) -> 0
A25: Preferred Equity | C25: =IF($B$27=0,0,B25/$B$27) -> 0 | E25: =ROUNDUP(D25*C25,5) -> 0
A26: Common Equity | C26: =IF($B$27=0,0,B26/$B$27) -> 0 | E26: =ROUNDUP(D26*C26,5) -> 0
A27: Weighted Cost of Capital | B27: =SUM(B24:B26) -> 0 | C27: =IF($B$27=0,0,B27/$B$27) -> 0 | E27: =SUM(E24:E26) -> 0
A29: Step 2: Gross Up Equity Return for Federal Income Taxes
A31: Federal Income Tax Rate (21% during Base Period) | D31: 0.21
A32: Federal Income Tax Factor | E32: =(E27-(E24))*(D31/(1-D31)) -> 0
A33: {(ROR – (Embedded Cost of Debt * (Debt / (Total Capital))} * {(Federal Tax Rate / (1- Federal Tax Rate)}
A35: Federal Income Tax Adjusted Weighted Cost of Capital | E35: =E27+E32 -> 0
A36: (Weighted Cost of Capital Plus Federal Income Tax Factor)
A38: Step 3: Calculate Return on Rate Base
E39: Total | F39: Production | G39: Transmission | H39: Other
A40: Total Rate Base from Schedule 1 | E40: ='Sch 1- Rate Base '!G161 -> 9.9275815e+09 | F40: ='Sch 1- Rate Base '!H161 -> 4.0588988e+09 | G40: ='Sch 1- Rate Base '!I161 -> 23892856 | H40: ='Sch 1- Rate Base '!J161 -> 5.8437804e+09
A41: Federal Income Tax Adjusted Weighted Cost of Capital | E41: =$E$35 -> 0 | F41: =$E$35 -> 0 | G41: =$E$35 -> 0 | H41: =$E$35 -> 0
A42: Federal Income Tax Adjusted Return on Rate Base | E42: =E41*E40 -> 0 | F42: =F41*F40 -> 0 | G42: =G41*G40 -> 0 | H42: =H41*H40 -> 0
A43: (Total Rate Base * Federal Income Tax Adjusted Weighted Cost of Capital)
A47: Multi-Jurisdiction Investor-Owned Utility Return Calculation
A48: Step 1:
A49: Weighted Cost of Capital from Most Recent State Commission Rate Order in OREGON (UE-399, ORDER NO 22-491):
B51: Capitalization Structure | D51: Effective Cost | F51: Jurisdictional | G51: Effective Cost -
A52: Component | B52: Amount | C52: Percent | D52: Embedded | E52: Weighted | F52: Allocation | G52: Weighted State Allocation
A53: Debt | C53: 0.4999 | D53: 0.04717 | E53: 0.023580283 | F53: =IF(B75=0,"0",B75/$B$78) -> 0.66293362 | G53: =E53*$F$53 -> 0.015632162 | H53: =C53*$F$53 -> 0.33140051
A54: Preferred Equity | C54: 0.0001 | D54: 0.0675 | E54: 6.75e-06 | G54: =E54*$F$53 -> 4.4748019e-06 | H54: =C54*$F$53 -> 6.6293362e-05
A55: Common Equity | C55: 0.5 | D55: 0.095 | E55: 0.0475 | G55: =E55*$F$53 -> 0.031489347 | H55: =C55*$F$53 -> 0.33146681
A56: Weighted Cost of Capital | B56: =SUM(B53:B55) -> 0 | C56: =SUM(C53:C55) -> 1 | E56: =SUM(E53:E55) -> 0.071087033 | G56: =SUM(G53:G55) -> 0.047125984 | H56: =SUM(H53:H55) -> 0.66293362
A58: Weighted Cost of Capital from Most Recent State Commission Rate Order in WASHINGTON (UE-191024; ORDER 09 / 07 / 12):
A60: Component | B60: Amount | C60: Percent | D60: Embedded | E60: Weighted
A61: Debt | C61: 0.5088 | D61: 0.0492 | E61: 0.02504 | F61: =IF(B76=0,"0",B76/$B$78) -> 0.1942671 | G61: =E61*$F$61 -> 0.0048644482 | H61: =C61*$F$61 -> 0.0988431
A62: Preferred Equity | C62: 0.0002 | D62: 0.0675 | E62: 2e-05 | G62: =E62*$F$61 -> 3.885342e-06 | H62: =C62*$F$61 -> 3.885342e-05
A63: Common Equity | C63: 0.491 | D63: 0.095 | E63: 0.04665 | G63: =E63*$F$61 -> 0.0090625602 | H63: =C63*$F$61 -> 0.095385146
A64: Weighted Cost of Capital | B64: =SUM(B61:B63) -> 0 | C64: =SUM(C61:C63) -> 1 | E64: =SUM(E61:E63) -> 0.07171 | G64: =SUM(G61:G63) -> 0.013930894 | H64: =SUM(H61:H63) -> 0.1942671
A66: Weighted Cost of Capital from Most Recent State Commission Rate Order in IDAHO (PAC-E-21-07; ORDER NO 35277):
A68: Component | B68: Amount | C68: Percent | D68: Embedded | E68: Weighted
A69: Debt | C69: 0.4716 | D69: 0.0476 | E69: 0.02245 | F69: =IF(B77=0,"0",B77/$B$78) -> 0.14279928 | G69: =E69*$F$69 -> 0.0032058439 | H69: =C69*$F$69 -> 0.067344142
A70: Preferred Equity | C70: 0.0001 | D70: 0.0675 | E70: 1e-05 | G70: =E70*$F$69 -> 1.4279928e-06 | H70: =C70*$F$69 -> 1.4279928e-05
A71: Common Equity | C71: 0.5283 | D71: 0.0957 | E71: 0.05055831 | G71: =E71*$F$69 -> 0.0072196905 | H71: =C71*$F$69 -> 0.075440862
A72: Weighted Cost of Capital | B72: =SUM(B69:B71) -> 0 | C72: =SUM(C69:C71) -> 1 | E72: =SUM(E69:E71) -> 0.07301831 | G72: =SUM(G69:G71) -> 0.010426962 | H72: =SUM(H69:H71) -> 0.14279928
A74: Jurisdiction | B74: Rate Base | C74: Weighted cost | D74: % | E74: Weighted Return
B75: ='Sch 1- Rate Base (OR)'!G161 -> 6.8220723e+09 | C75: =E56 -> 0.071087033 | D75: =C75*F53 -> 0.047125984 | E75: =$D$78*B75 -> 4.8766792e+08 | G75: =G56 -> 0.047125984
B76: ='Sch 1- Rate Base (WA)'!G161 -> 1.9991507e+09 | C76: =E64 -> 0.07171 | D76: =C76*F61 -> 0.013930894 | E76: =$D$78*B76 -> 1.4290697e+08 | G76: =G64 -> 0.013930894
B77: ='Sch 1- Rate Base (ID)'!G161 -> 1.4695092e+09 | C77: =E72 -> 0.07301831 | D77: =C77*F69 -> 0.010426962 | E77: =$D$78*B77 -> 1.0504616e+08 | G77: =G72 -> 0.010426962
A78: Total | B78: =SUM(B75:B77) -> 1.0290732e+10 | D78: =SUM(D75:D77) -> 0.07148384 | E78: =SUM(E75:E77) -> 7.3562105e+08 | F78: =SUM(F53:F77) -> 1 | G78: =SUM(G75:G77) -> 0.07148384
A81: Multi-Jurisdiction Investor-Owned Utility Return Calculation (continued)
A84: Step 2: Gross Up Equity Return for Federal Income Taxes
A86: Federal Income Tax Rate (21% during Base Period) | D86: 0.21
A87: Federal Income Tax Factor | E87: =(G78-(G53+G61+G69))*(D86/(1-D86)) -> 0.012701381
A88: {(ROR – (Embedded Cost of Debt * (Debt / (Total Capital))} * {(Federal Tax Rate / (1- Federal Tax Rate)}
A90: Federal Income Tax Adjusted Weighted Cost of Capital | E90: =G78+E87 -> 0.084185221
A91: (Weighted Cost of Capital Plus Federal Income Tax Factor)
A93: Step 3: Calculate Return on Rate Base
E94: Total | F94: Production | G94: Transmission | H94: Other
A96: Total Rate Base from Schedule 1 | E96: ='Sch 1- Rate Base '!G161 -> 9.9275815e+09 | F96: ='Sch 1- Rate Base '!H161 -> 4.0588988e+09 | G96: ='Sch 1- Rate Base '!I161 -> 23892856 | H96: ='Sch 1- Rate Base '!J161 -> 5.8437804e+09
A97: Federal Income Tax Adjusted Weighted Cost of Capital | E97: =$E$90 -> 0.084185221 | F97: =$E$90 -> 0.084185221 | G97: =$E$90 -> 0.084185221 | H97: =$E$90 -> 0.084185221
A98: Federal Income Tax Adjusted Return on Rate Base | E98: =E97*E96 -> 8.3575564e+08 | F98: =F97*F96 -> 3.416993e+08 | G98: =G97*G96 -> 2011425.3 | H98: =H97*H96 -> 4.9195994e+08
A99: (Total Rate Base * Federal Income Tax Adjusted Weighted Cost of Capital)
A101: Consumer-Owned Utility Return Calculation
A103: Step 1: Weighted Cost of Debt
B107: Original | C107: Year | D107: Year | E107: Interest | F107: Interest
A108: Debt Issue | B108: Amount | C108: Issued | D108: Due | E108: Rate | F108: Expense
F109: =E109*B109 -> 0
F110: =E110*B110 -> 0
F111: =E111*B111 -> 0
F112: =E112*B112 -> 0
F113: =E113*B113 -> 0
F114: =E114*B114 -> 0
F115: =E115*B115 -> 0
F116: =E116*B116 -> 0
F117: =E117*B117 -> 0
A118: Weighted Cost of Debt | B118: =SUM(B109:B117) -> 0 | E118: =IF(B118=0,0,F118/B118) -> 0 | F118: =SUM(F109:F117) -> 0
A121: Step 2: Calculate Return on Rate Base
E122: Total | F122: Production | G122: Transmission | H122: Other
A123: Total Rate Base from Schedule 1 | E123: ='Sch 1- Rate Base '!G161 -> 9.9275815e+09 | F123: ='Sch 1- Rate Base '!H161 -> 4.0588988e+09 | G123: ='Sch 1- Rate Base '!I161 -> 23892856 | H123: ='Sch 1- Rate Base '!J161 -> 5.8437804e+09
A124: Weighted Cost of Debt | E124: =$E$118 -> 0 | F124: =$E$118 -> 0 | G124: =$E$118 -> 0 | H124: =$E$118 -> 0
A125: Return on Rate Base | E125: =E124*E123 -> 0 | F125: =F124*F123 -> 0 | G125: =G124*G123 -> 0 | H125: =H124*H123 -> 0

Sheet Sch 3 - Expenses
A1: BONNEVILLE POWER ADMINISTRATION
A2: RESIDENTIAL PURCHASE AND SALE AGREEMENT
A3: 2008 Average System Cost Methodology (ASCM) Appendix 1
A5: TOC | D5: UTILITY NAME: | E5: ='Sch 1- Rate Base '!$E$5 -> PacifiCorp | I5: BPA Reviews:
A6: é | D6: End of Year Report Period: | E6: ='Sch 1- Rate Base '!$E$6 -> 2023 | I6: ='Sch 1- Rate Base '!I6
D7: ASC Filing Date: | E7: ='Sch 1- Rate Base '!$E$7 -> 45446 | I7: ='Sch 1- Rate Base '!I7
A9: Schedule 3: Expenses
A11: Account Description | C11: Form 1 | E11: Functionalization | G11: Total | H11: Production | I11: Transmission | J11: Distribution/ Other | L11: Production | M11: Transmission | N11: Distribution/ Other
C12: Page | D12: Account | E12: Method
C13: Number | D13: Numbers | E13: Default | F13: Optional
A14: Power Production Expenses:
B15: Steam Power Generation
B16: Steam Power - Fuel | C16: 320-323 | D16: 501 | E16: PROD | G16: =VLOOKUP(D16,'Base Expense Data'!$D$6:$I$86,3,FALSE) -> 2.5238886e+08 | H16: =VLOOKUP($E16,Ratio,2,FALSE)*$G16 -> 2.5238886e+08 | I16: =VLOOKUP($E16,Ratio,3,FALSE)*$G16 -> 0 | J16: =VLOOKUP($E16,Ratio,4,FALSE)*$G16 -> 0
B17: Steam Power - Operations (Excluding 501 - Fuel) | C17: 320-323 | D17: 500-509 | E17: PROD | G17: =VLOOKUP(D17,'Base Expense Data'!$D$6:$I$86,3,FALSE) -> 54995738 | H17: =VLOOKUP($E17,Ratio,2,FALSE)*$G17 -> 54995738 | I17: =VLOOKUP($E17,Ratio,3,FALSE)*$G17 -> 0 | J17: =VLOOKUP($E17,Ratio,4,FALSE)*$G17 -> 0
B18: Steam Power - Maintenance | C18: 320-323 | D18: 510-515 | E18: PROD | G18: =VLOOKUP(D18,'Base Expense Data'!$D$6:$I$86,3,FALSE) -> 67931641 | H18: =VLOOKUP($E18,Ratio,2,FALSE)*$G18 -> 67931641 | I18: =VLOOKUP($E18,Ratio,3,FALSE)*$G18 -> 0 | J18: =VLOOKUP($E18,Ratio,4,FALSE)*$G18 -> 0
B19: Nuclear Power Generation
B20: Nuclear - Fuel | C20: 320-323 | D20: 518 | E20: PROD | G20: =VLOOKUP(D20,'Base Expense Data'!$D$6:$I$86,3,FALSE) -> 0 | H20: =VLOOKUP($E20,Ratio,2,FALSE)*$G20 -> 0 | I20: =VLOOKUP($E20,Ratio,3,FALSE)*$G20 -> 0 | J20: =VLOOKUP($E20,Ratio,4,FALSE)*$G20 -> 0
B21: Nuclear - Operation ( Excluding 518 - Fuel) | C21: 320-323 | D21: 517-525 | E21: PROD | G21: =VLOOKUP(D21,'Base Expense Data'!$D$6:$I$86,3,FALSE) -> 0 | H21: =VLOOKUP($E21,Ratio,2,FALSE)*$G21 -> 0 | I21: =VLOOKUP($E21,Ratio,3,FALSE)*$G21 -> 0 | J21: =VLOOKUP($E21,Ratio,4,FALSE)*$G21 -> 0
B22: Nuclear - Maintenance | C22: 320-323 | D22: 528-532 | E22: PROD | G22: =VLOOKUP(D22,'Base Expense Data'!$D$6:$I$86,3,FALSE) -> 0 | H22: =VLOOKUP($E22,Ratio,2,FALSE)*$G22 -> 0 | I22: =VLOOKUP($E22,Ratio,3,FALSE)*$G22 -> 0 | J22: =VLOOKUP($E22,Ratio,4,FALSE)*$G22 -> 0
B23: Hydraulic Power Generation
B24: Hydraulic - Operation | C24: 320-323 | D24: 535-540.1 | E24: PROD | G24: =VLOOKUP(D24,'Base Expense Data'!$D$6:$I$86,3,FALSE) -> 19964758 | H24: =VLOOKUP($E24,Ratio,2,FALSE)*$G24 -> 19964758 | I24: =VLOOKUP($E24,Ratio,3,FALSE)*$G24 -> 0 | J24: =VLOOKUP($E24,Ratio,4,FALSE)*$G24 -> 0
B25: Hydraulic - Maintenance | C25: 320-323 | D25: 541-545.1 | E25: PROD | G25: =VLOOKUP(D25,'Base Expense Data'!$D$6:$I$86,3,FALSE) -> 3239558.2 | H25: =VLOOKUP($E25,Ratio,2,FALSE)*$G25 -> 3239558.2 | I25: =VLOOKUP($E25,Ratio,3,FALSE)*$G25 -> 0 | J25: =VLOOKUP($E25,Ratio,4,FALSE)*$G25 -> 0
B26: Other Power Generation
B27: Other Power - Fuel | C27: 320-323 | D27: 547 | E27: PROD | G27: =VLOOKUP(D27,'Base Expense Data'!$D$6:$I$86,3,FALSE) -> 1.8915109e+08 | H27: =VLOOKUP($E27,Ratio,2,FALSE)*$G27 -> 1.8915109e+08 | I27: =VLOOKUP($E27,Ratio,3,FALSE)*$G27 -> 0 | J27: =VLOOKUP($E27,Ratio,4,FALSE)*$G27 -> 0
B28: Other Power - Operations (Excluding 547 - Fuel) | C28: 320-323 | D28: 546-550.1 | E28: PROD | G28: =VLOOKUP(D28,'Base Expense Data'!$D$6:$I$86,3,FALSE) -> 21057680 | H28: =VLOOKUP($E28,Ratio,2,FALSE)*$G28 -> 21057680 | I28: =VLOOKUP($E28,Ratio,3,FALSE)*$G28 -> 0 | J28: =VLOOKUP($E28,Ratio,4,FALSE)*$G28 -> 0
B29: Other Power - Maintenance | C29: 320-323 | D29: 551-554.1 | E29: PROD | G29: =VLOOKUP(D29,'Base Expense Data'!$D$6:$I$86,3,FALSE) -> 15505412 | H29: =VLOOKUP($E29,Ratio,2,FALSE)*$G29 -> 15505412 | I29: =VLOOKUP($E29,Ratio,3,FALSE)*$G29 -> 0 | J29: =VLOOKUP($E29,Ratio,4,FALSE)*$G29 -> 0
B30: Other Power Supply Expenses
B31: Purchased Power (Excluding REP Reversal) | C31: 320-323 | D31: 555 | E31: PROD | G31: ='3-YEAR PP & OSS Worksheet'!D21 -> 8.827129e+08 | H31: =VLOOKUP($E31,Ratio,2,FALSE)*$G31 -> 8.827129e+08 | I31: =VLOOKUP($E31,Ratio,3,FALSE)*$G31 -> 0 | J31: =VLOOKUP($E31,Ratio,4,FALSE)*$G31 -> 0
B32: System Control and Load Dispatching | C32: 320-323 | D32: 556 | E32: PROD | G32: =VLOOKUP(D32,'Base Expense Data'!$D$6:$I$86,3,FALSE) -> 1404247.6 | H32: =VLOOKUP($E32,Ratio,2,FALSE)*$G32 -> 1404247.6 | I32: =VLOOKUP($E32,Ratio,3,FALSE)*$G32 -> 0 | J32: =VLOOKUP($E32,Ratio,4,FALSE)*$G32 -> 0
B33: Other Expenses | C33: 320-323 | D33: 557 | E33: PROD | G33: =VLOOKUP(D33,'Base Expense Data'!$D$6:$I$86,3,FALSE) -> 27307851 | H33: =VLOOKUP($E33,Ratio,2,FALSE)*$G33 -> 27307851 | I33: =VLOOKUP($E33,Ratio,3,FALSE)*$G33 -> 0 | J33: =VLOOKUP($E33,Ratio,4,FALSE)*$G33 -> 0
B34: BPA REP Reversal | C34: 326-327 | D34: 555 | E34: PROD | G34: 0 | H34: =VLOOKUP($E34,Ratio,2,FALSE)*$G34 -> 0 | I34: =VLOOKUP($E34,Ratio,3,FALSE)*$G34 -> 0 | J34: =VLOOKUP($E34,Ratio,4,FALSE)*$G34 -> 0
B35: Public Purpose Charges (h) | E35: DIRECT | F35: DIST | G35: =VLOOKUP(B35,'Base Expense Data'!$B$6:$I$86,5,FALSE) -> 24259861 | H35: =IF($E35="DIRECT",$L35,VLOOKUP($E35,Ratio,2,FALSE)*$G35) -> 21995615 | I35: =IF($E35="DIRECT",$M35,VLOOKUP($E35,Ratio,3,FALSE)*$G35) -> 0 | J35: =IF($E35="DIRECT",$N35,VLOOKUP($E35,Ratio,4,FALSE)*$G35) -> 2264245.6 | L35: =G35-N35 -> 21995615 | M35: 0 | N35: ='PPC Charge'!S341 -> 2264245.6
A36: Total Production Expense | G36: =SUM(G16:G35) -> 1.5599196e+09 | H36: =SUM(H16:H35) -> 1.5576553e+09 | I36: =SUM(I16:I35) -> 0 | J36: =SUM(J16:J35) -> 2264245.6
A38: Transmission Expenses: (i)
B39: Transmission of Electricity by Others (Wheeling) | C39: 320-323 | D39: 565 | E39: prod | G39: =VLOOKUP(D39,'Base Expense Data'!$D$6:$I$86,3,FALSE) -> 65955212 | H39: =VLOOKUP($E39,Ratio,2,FALSE)*$G39 -> 65955212 | I39: =VLOOKUP($E39,Ratio,3,FALSE)*$G39 -> 0 | J39: =VLOOKUP($E39,Ratio,4,FALSE)*$G39 -> 0
B40: Total Operations less Wheeling | C40: 320-323 | D40: 560-567.1 | E40: TRANS | G40: =VLOOKUP(D40,'Base Expense Data'!$D$6:$I$86,3,FALSE) -> 17122104 | H40: =VLOOKUP($E40,Ratio,2,FALSE)*$G40 -> 0 | I40: =VLOOKUP($E40,Ratio,3,FALSE)*$G40 -> 0 | J40: =VLOOKUP($E40,Ratio,4,FALSE)*$G40 -> 17122104
B41: Total Maintenance | C41: 320-323 | D41: 568-574 | E41: TRANS | G41: =VLOOKUP(D41,'Base Expense Data'!$D$6:$I$86,3,FALSE) -> 20375940 | H41: =VLOOKUP($E41,Ratio,2,FALSE)*$G41 -> 0 | I41: =VLOOKUP($E41,Ratio,3,FALSE)*$G41 -> 0 | J41: =VLOOKUP($E41,Ratio,4,FALSE)*$G41 -> 20375940
A42: Total Transmission Expense | G42: =SUM(G39:G41) -> 1.0345326e+08 | H42: =SUM(H39:H41) -> 65955212 | I42: =SUM(I39:I41) -> 0 | J42: =SUM(J39:J41) -> 37498044
A44: Distribution Expense:
B45: Total Operations | C45: 320-323 | D45: 580-589 | E45: DIST | G45: =VLOOKUP(D45,'Base Expense Data'!$D$6:$I$86,3,FALSE) -> 34234231 | H45: =VLOOKUP($E45,Ratio,2,FALSE)*$G45 -> 0 | I45: =VLOOKUP($E45,Ratio,3,FALSE)*$G45 -> 0 | J45: =VLOOKUP($E45,Ratio,4,FALSE)*$G45 -> 34234231
B46: Total Maintenance | C46: 320-323 | D46: 590-598 | E46: DIST | G46: =VLOOKUP(D46,'Base Expense Data'!$D$6:$I$86,3,FALSE) -> 1.4384606e+08 | H46: =VLOOKUP($E46,Ratio,2,FALSE)*$G46 -> 0 | I46: =VLOOKUP($E46,Ratio,3,FALSE)*$G46 -> 0 | J46: =VLOOKUP($E46,Ratio,4,FALSE)*$G46 -> 1.4384606e+08
A47: Total Distribution Expense | G47: =SUM(G45:G46) -> 1.7808029e+08 | H47: =SUM(H45:H46) -> 0 | I47: =SUM(I45:I46) -> 0 | J47: =SUM(J45:J46) -> 1.7808029e+08
A49: Customer and Sales Expenses:
B50: Total Customer Accounts | C50: 320-323 | D50: 901-905 | E50: DIST | G50: =VLOOKUP(D50,'Base Expense Data'!$D$6:$I$86,3,FALSE) -> 45368832 | H50: =VLOOKUP($E50,Ratio,2,FALSE)*$G50 -> 0 | I50: =VLOOKUP($E50,Ratio,3,FALSE)*$G50 -> 0 | J50: =VLOOKUP($E50,Ratio,4,FALSE)*$G50 -> 45368832
B51: Customer Service and Information | C51: 320-323 | D51: 906-907 | E51: DIST | G51: =VLOOKUP(D51,'Base Expense Data'!$D$6:$I$86,3,FALSE) -> 0 | H51: =VLOOKUP($E51,Ratio,2,FALSE)*$G51 -> 0 | I51: =VLOOKUP($E51,Ratio,3,FALSE)*$G51 -> 0 | J51: =VLOOKUP($E51,Ratio,4,FALSE)*$G51 -> 0
B52: Customer Assistance Expenses (Major only) | C52: 320-323 | D52: 908 | E52: direct | F52: DIRECT | G52: =VLOOKUP(D52,'Base Expense Data'!$D$6:$I$86,3,FALSE) -> 95586517 | H52: =IF($E52="DIRECT",$L52,VLOOKUP($E52,Ratio,2,FALSE)*$G52) -> 92632458 | I52: =IF($E52="DIRECT",$M52,VLOOKUP($E52,Ratio,3,FALSE)*$G52) -> 0 | J52: =IF($E52="DIRECT",$N52,VLOOKUP($E52,Ratio,4,FALSE)*$G52) -> 2954058.9 | L52: =('B2-O&M'!G882+'B2-O&M'!H882+'B2-O&M'!I882)*1000 -> 92632458 | M52: 0 | N52: =('B2-O&M'!G883+'B2-O&M'!H883+'B2-O&M'!I883)*1000 -> 2954058.9
B53: Customer Service and Information | C53: 320-323 | D53: 909-910 | E53: DIST | F53: DIRECT | G53: =VLOOKUP(D53,'Base Expense Data'!$D$6:$I$86,3,FALSE) -> 2369458.9 | H53: =IF($E53="DIRECT",$L53,VLOOKUP($E53,Ratio,2,FALSE)*$G53) -> 0 | I53: =IF($E53="DIRECT",$M53,VLOOKUP($E53,Ratio,3,FALSE)*$G53) -> 0 | J53: =IF($E53="DIRECT",$N53,VLOOKUP($E53,Ratio,4,FALSE)*$G53) -> 2369458.9 | L53: 0 | M53: 0 | N53: ='Base Expense Data'!F43 -> 2369458.9
B54: Total Sales Expense | C54: 320-323 | D54: 911-917 | E54: DIST | G54: =VLOOKUP(D54,'Base Expense Data'!$D$6:$I$86,3,FALSE) -> 0 | H54: =VLOOKUP($E54,Ratio,2,FALSE)*$G54 -> 0 | I54: =VLOOKUP($E54,Ratio,3,FALSE)*$G54 -> 0 | J54: =VLOOKUP($E54,Ratio,4,FALSE)*$G54 -> 0
A55: Total Customer and Sales Expenses | G55: =SUM(G50:G54) -> 1.4332481e+08 | H55: =SUM(H50:H54) -> 92632458 | I55: =SUM(I50:I54) -> 0 | J55: =SUM(J50:J54) -> 50692350
A57: Administration and General Expense:
B58: Operation
B59: Administration and General Salaries | C59: 320-323 | D59: 920 | E59: LABOR | G59: =VLOOKUP(D59,'Base Expense Data'!$D$6:$I$86,3,FALSE) -> 33958085 | H59: =VLOOKUP($E59,Ratio,2,FALSE)*$G59 -> 14155543 | I59: =VLOOKUP($E59,Ratio,3,FALSE)*$G59 -> 0 | J59: =VLOOKUP($E59,Ratio,4,FALSE)*$G59 -> 19802542
B60: Office Supplies & Expenses | C60: 320-323 | D60: 921 | E60: LABOR | G60: =VLOOKUP(D60,'Base Expense Data'!$D$6:$I$86,3,FALSE) -> 6088941.7 | H60: =VLOOKUP($E60,Ratio,2,FALSE)*$G60 -> 2538196.1 | I60: =VLOOKUP($E60,Ratio,3,FALSE)*$G60 -> 0 | J60: =VLOOKUP($E60,Ratio,4,FALSE)*$G60 -> 3550745.6
B61: (Less) Administration Expenses Transferred - Credit | C61: 320-323 | D61: 922 | E61: LABOR | G61: =VLOOKUP(D61,'Base Expense Data'!$D$6:$I$86,3,FALSE) -> 21046791 | H61: =VLOOKUP($E61,Ratio,2,FALSE)*$G61 -> 8773426.5 | I61: =VLOOKUP($E61,Ratio,3,FALSE)*$G61 -> 0 | J61: =VLOOKUP($E61,Ratio,4,FALSE)*$G61 -> 12273365
B62: Outside Services Employed | C62: 320-323 | D62: 923 | E62: LABOR | G62: =VLOOKUP(D62,'Base Expense Data'!$D$6:$I$86,3,FALSE) -> 18867080 | H62: =VLOOKUP($E62,Ratio,2,FALSE)*$G62 -> 7864806.4 | I62: =VLOOKUP($E62,Ratio,3,FALSE)*$G62 -> 0 | J62: =VLOOKUP($E62,Ratio,4,FALSE)*$G62 -> 11002273
B63: Property Insurance | C63: 320-323 | D63: 924 | E63: PTDG | G63: =VLOOKUP(D63,'Base Expense Data'!$D$6:$I$86,3,FALSE) -> 28178553 | H63: =VLOOKUP($E63,Ratio,2,FALSE)*$G63 -> 12241172 | I63: =VLOOKUP($E63,Ratio,3,FALSE)*$G63 -> 0 | J63: =VLOOKUP($E63,Ratio,4,FALSE)*$G63 -> 15940201
B64: Injuries and Damages | C64: 320-323 | D64: 925 | E64: Labor | G64: =VLOOKUP(D64,'Base Expense Data'!$D$6:$I$86,3,FALSE) -> 7.2718931e+08 | H64: =VLOOKUP($E64,Ratio,2,FALSE)*$G64 -> 3.0313134e+08 | I64: =VLOOKUP($E64,Ratio,3,FALSE)*$G64 -> 0 | J64: =VLOOKUP($E64,Ratio,4,FALSE)*$G64 -> 4.2405797e+08
B65: Employee Pensions & Benefits | C65: 320-323 | D65: 926 | E65: LABOR | G65: =VLOOKUP(D65,'Base Expense Data'!$D$6:$I$86,3,FALSE) -> 48983683 | H65: =VLOOKUP($E65,Ratio,2,FALSE)*$G65 -> 20419015 | I65: =VLOOKUP($E65,Ratio,3,FALSE)*$G65 -> 0 | J65: =VLOOKUP($E65,Ratio,4,FALSE)*$G65 -> 28564668
B66: Franchise Requirements | C66: 320-323 | D66: 927 | E66: DIST | G66: =VLOOKUP(D66,'Base Expense Data'!$D$6:$I$86,3,FALSE) -> 0 | H66: =VLOOKUP($E66,Ratio,2,FALSE)*$G66 -> 0 | I66: =VLOOKUP($E66,Ratio,3,FALSE)*$G66 -> 0 | J66: =VLOOKUP($E66,Ratio,4,FALSE)*$G66 -> 0
B67: Regulatory Commission Expenses | C67: 320-323 | D67: 928 | E67: DIST | G67: =VLOOKUP(D67,'Base Expense Data'!$D$6:$I$86,3,FALSE) -> 15830390 | H67: =VLOOKUP($E67,Ratio,2,FALSE)*$G67 -> 0 | I67: =VLOOKUP($E67,Ratio,3,FALSE)*$G67 -> 0 | J67: =VLOOKUP($E67,Ratio,4,FALSE)*$G67 -> 15830390
B68: (Less) Duplicate Charges - Credit | C68: 320-323 | D68: 929 | E68: PTDG | G68: =VLOOKUP(D68,'Base Expense Data'!$D$6:$I$86,3,FALSE) -> 58868043 | H68: =VLOOKUP($E68,Ratio,2,FALSE)*$G68 -> 25573131 | I68: =VLOOKUP($E68,Ratio,3,FALSE)*$G68 -> 0 | J68: =VLOOKUP($E68,Ratio,4,FALSE)*$G68 -> 33300802
B69: General Advertising Expenses | C69: 320-323 | D69: 930.1 | E69: DIST | F69: DIRECT | G69: =VLOOKUP(D69,'Base Expense Data'!$D$6:$I$86,3,FALSE) -> 19956.573 | H69: =IF($E69="DIRECT",$L69,VLOOKUP($E69,Ratio,2,FALSE)*$G69) -> 0 | I69: =IF($E69="DIRECT",$M69,VLOOKUP($E69,Ratio,3,FALSE)*$G69) -> 0 | J69: =IF($E69="DIRECT",$N69,VLOOKUP($E69,Ratio,4,FALSE)*$G69) -> 19956.573 | L69: 0 | M69: 0 | N69: ='Base Expense Data'!F59 -> 19956.573
B70: Miscellaneous General Expenses | C70: 320-323 | D70: 930.2 | E70: DIST | F70: DIRECT | G70: =VLOOKUP(D70,'Base Expense Data'!$D$6:$I$86,3,FALSE) -> 1105627.4 | H70: =IF($E70="DIRECT",$L70,VLOOKUP($E70,Ratio,2,FALSE)*$G70) -> 0 | I70: =IF($E70="DIRECT",$M70,VLOOKUP($E70,Ratio,3,FALSE)*$G70) -> 0 | J70: =IF($E70="DIRECT",$N70,VLOOKUP($E70,Ratio,4,FALSE)*$G70) -> 1105627.4 | L70: 0 | M70: 0 | N70: ='Base Expense Data'!F60 -> 1105627.4
B71: Rents | C71: 320-323 | D71: 931 | E71: DIST | G71: =VLOOKUP(D71,'Base Expense Data'!$D$6:$I$86,3,FALSE) -> 754426.3 | H71: =VLOOKUP($E71,Ratio,2,FALSE)*$G71 -> 0 | I71: =VLOOKUP($E71,Ratio,3,FALSE)*$G71 -> 0 | J71: =VLOOKUP($E71,Ratio,4,FALSE)*$G71 -> 754426.3
B72: Transportation Expenses (Non Major) | C72: 320-324 | D72: 933 | E72: DIST | G72: =VLOOKUP(D72,'Base Expense Data'!$D$6:$I$86,3,FALSE) -> 0 | H72: =VLOOKUP($E72,Ratio,2,FALSE)*$G72 -> 0 | I72: =VLOOKUP($E72,Ratio,3,FALSE)*$G72 -> 0 | J72: =VLOOKUP($E72,Ratio,4,FALSE)*$G72 -> 0
B73: Maintenance
B74: Maintenance of General Plant | C74: 320-323 | D74: 935 | E74: GPM | G74: =VLOOKUP(D74,'Base Expense Data'!$D$6:$I$86,3,FALSE) -> 15276304 | H74: =VLOOKUP($E74,Ratio,2,FALSE)*$G74 -> 6690266.9 | I74: =VLOOKUP($E74,Ratio,3,FALSE)*$G74 -> 0 | J74: =VLOOKUP($E74,Ratio,4,FALSE)*$G74 -> 8586037.5
A75: Total Administration and General Expenses | G75: =SUM(G59:G60,G62:G67,G69:G72,G74)-G61-G68 -> 8.1633753e+08 | H75: =SUM(H59:H60,H62:H67,H69:H72,H74)-H61-H68 -> 3.3269378e+08 | I75: =SUM(I59:I60,I62:I67,I69:I72,I74)-I61-I68 -> 0 | J75: =SUM(J59:J60,J62:J67,J69:J72,J74)-J61-J68 -> 4.8364068e+08
A77: Total Operations and Maintenance | G77: =G36+G42+G47+G55+G75 -> 2.8011155e+09 | H77: =H36+H42+H47+H55+H75 -> 2.0489368e+09 | I77: =I36+I42+I47+I55+I75 -> 0 | J77: =J36+J42+J47+J55+J75 -> 7.521756e+08
A78: (Total Expenses: Production + Transmission + Distribution + Customer and Sales +Total Administration and General Expenses)
A80: Depreciation and Amortization:
B81: Amortization of Intangible Plant - Account 301 | C81: 336 | D81: 404 | E81: DIST | G81: =VLOOKUP(B81,'Base Expense Data'!$B$6:$I$86,5,FALSE) -> 0 | H81: =VLOOKUP($E81,Ratio,2,FALSE)*$G81 -> 0 | I81: =VLOOKUP($E81,Ratio,3,FALSE)*$G81 -> 0 | J81: =VLOOKUP($E81,Ratio,4,FALSE)*$G81 -> 0
B82: Amortization of Intangible Plant - Account 302 | C82: 336 | D82: 404 | E82: DIRECT | F82: PTD | G82: =VLOOKUP(B82,'Base Expense Data'!$B$6:$I$86,5,FALSE) -> 1472465.3 | H82: =IF($E82="DIRECT",$L82,VLOOKUP($E82,Ratio,2,FALSE)*$G82) -> 1472465.3 | I82: =IF($E82="DIRECT",$M82,VLOOKUP($E82,Ratio,3,FALSE)*$G82) -> 0 | J82: =IF($E82="DIRECT",$N82,VLOOKUP($E82,Ratio,4,FALSE)*$G82) -> 28321.772 | L82: ='Sch 1- Rate Base '!H17/'Sch 1- Rate Base '!$G17*$G82 -> 1472465.3 | M82: ='Sch 1- Rate Base '!I17/'Sch 1- Rate Base '!$G17*$G82 -> 0 | N82: ='Sch 1- Rate Base '!J17/'Sch 1- Rate Base '!$G17*$G82 -> 28321.772
B83: Amortization of Intangible Plant - Account 303 | C83: 336 | D83: 404 | E83: DIRECT | F83: DIST | G83: =VLOOKUP(B83,'Base Expense Data'!$B$6:$I$86,5,FALSE) -> 23779221 | H83: =IF($E83="DIRECT",$L83,VLOOKUP($E83,Ratio,2,FALSE)*$G83) -> 7894198.4 | I83: =IF($E83="DIRECT",$M83,VLOOKUP($E83,Ratio,3,FALSE)*$G83) -> 0 | J83: =IF($E83="DIRECT",$N83,VLOOKUP($E83,Ratio,4,FALSE)*$G83) -> 15885022 | L83: ='Sch 1- Rate Base '!H18/'Sch 1- Rate Base '!$G18*$G83 -> 7894198.4 | M83: ='Sch 1- Rate Base '!I18/'Sch 1- Rate Base '!$G18*$G83 -> 0 | N83: ='Sch 1- Rate Base '!J18/'Sch 1- Rate Base '!$G18*$G83 -> 15885022
B84: Steam Production Plant | C84: 336 | D84: 403 | E84: PROD | G84: =VLOOKUP(B84,'Base Expense Data'!$B$6:$I$86,5,FALSE) -> 1.4172384e+08 | H84: =VLOOKUP($E84,Ratio,2,FALSE)*$G84 -> 1.4172384e+08 | I84: =VLOOKUP($E84,Ratio,3,FALSE)*$G84 -> 0 | J84: =VLOOKUP($E84,Ratio,4,FALSE)*$G84 -> 0
B85: Nuclear Production Plant | C85: 336 | D85: 403 | E85: PROD | G85: =VLOOKUP(B85,'Base Expense Data'!$B$6:$I$86,5,FALSE) -> 0 | H85: =VLOOKUP($E85,Ratio,2,FALSE)*$G85 -> 0 | I85: =VLOOKUP($E85,Ratio,3,FALSE)*$G85 -> 0 | J85: =VLOOKUP($E85,Ratio,4,FALSE)*$G85 -> 0
B86: Hydraulic Production Plant-Conventional | C86: 336 | D86: 403 | E86: PROD | G86: =VLOOKUP(B86,'Base Expense Data'!$B$6:$I$86,5,FALSE) -> 12578940 | H86: =VLOOKUP($E86,Ratio,2,FALSE)*$G86 -> 12578940 | I86: =VLOOKUP($E86,Ratio,3,FALSE)*$G86 -> 0 | J86: =VLOOKUP($E86,Ratio,4,FALSE)*$G86 -> 0
B87: Hydraulic Production Plant-Pumped Storage | C87: 336 | D87: 403 | E87: PROD | G87: =VLOOKUP(B87,'Base Expense Data'!$B$6:$I$86,5,FALSE) -> 0 | H87: =VLOOKUP($E87,Ratio,2,FALSE)*$G87 -> 0 | I87: =VLOOKUP($E87,Ratio,3,FALSE)*$G87 -> 0 | J87: =VLOOKUP($E87,Ratio,4,FALSE)*$G87 -> 0
B88: Other Production Plant | C88: 336 | D88: 403 | E88: PROD | G88: =VLOOKUP(B88,'Base Expense Data'!$B$6:$I$86,5,FALSE) -> 86888186 | H88: =VLOOKUP($E88,Ratio,2,FALSE)*$G88 -> 86888186 | I88: =VLOOKUP($E88,Ratio,3,FALSE)*$G88 -> 0 | J88: =VLOOKUP($E88,Ratio,4,FALSE)*$G88 -> 0
B89: Transmission Plant (i) | C89: 336 | D89: 403 | E89: TRANS | G89: =VLOOKUP(B89,'Base Expense Data'!$B$6:$I$86,5,FALSE) -> 54962240 | H89: =VLOOKUP($E89,Ratio,2,FALSE)*$G89 -> 0 | I89: =VLOOKUP($E89,Ratio,3,FALSE)*$G89 -> 0 | J89: =VLOOKUP($E89,Ratio,4,FALSE)*$G89 -> 54962240
B90: Distribution Plant | C90: 336 | D90: 403 | E90: DIST | G90: =VLOOKUP(B90,'Base Expense Data'!$B$6:$I$86,5,FALSE) -> 85882445 | H90: =VLOOKUP($E90,Ratio,2,FALSE)*$G90 -> 0 | I90: =VLOOKUP($E90,Ratio,3,FALSE)*$G90 -> 0 | J90: =VLOOKUP($E90,Ratio,4,FALSE)*$G90 -> 85882445
B91: General Plant | C91: 336 | D91: 403 | E91: GP | G91: =VLOOKUP(B91,'Base Expense Data'!$B$6:$I$86,5,FALSE) -> 20454459 | H91: =VLOOKUP($E91,Ratio,2,FALSE)*$G91 -> 6557460.8 | I91: =VLOOKUP($E91,Ratio,3,FALSE)*$G91 -> 0 | J91: =VLOOKUP($E91,Ratio,4,FALSE)*$G91 -> 13896998
B92: Common Plant - Electric | C92: 336 | D92: 403 | E92: DIRECT | G92: =VLOOKUP(B92,'Base Expense Data'!$B$6:$I$86,5,FALSE) -> 0 | H92: =IF($E92="DIRECT",$L92,VLOOKUP($E92,Ratio,2,FALSE)*$G92) -> 0 | I92: =IF($E92="DIRECT",$M92,VLOOKUP($E92,Ratio,3,FALSE)*$G92) -> 0 | J92: =IF($E92="DIRECT",$N92,VLOOKUP($E92,Ratio,4,FALSE)*$G92) -> 0
B93: Common Plant - Electric | C93: 336 | D93: 404 | E93: DIRECT | G93: =VLOOKUP(B93,'Base Expense Data'!$B$6:$I$86,5,FALSE) -> 0 | H93: =IF($E93="DIRECT",$L93,VLOOKUP($E93,Ratio,2,FALSE)*$G93) -> 0 | I93: =IF($E93="DIRECT",$M93,VLOOKUP($E93,Ratio,3,FALSE)*$G93) -> 0 | J93: =IF($E93="DIRECT",$N93,VLOOKUP($E93,Ratio,4,FALSE)*$G93) -> 0
B94: Depreciation Expense for Asset Retirement Costs | C94: 336 | D94: 403.1 | E94: DIRECT | G94: =VLOOKUP(B94,'Base Expense Data'!$B$6:$I$86,5,FALSE) -> 0 | H94: =IF($E94="DIRECT",$L94,VLOOKUP($E94,Ratio,2,FALSE)*$G94) -> 0 | I94: =IF($E94="DIRECT",$M94,VLOOKUP($E94,Ratio,3,FALSE)*$G94) -> 0 | J94: =IF($E94="DIRECT",$N94,VLOOKUP($E94,Ratio,4,FALSE)*$G94) -> 0
B95: Amortization of Limited Term Electric Plant | C95: 336 | D95: 404 | E95: DIRECT | G95: =VLOOKUP(B95,'Base Expense Data'!$B$6:$I$86,5,FALSE) -> 668326.76 | H95: =IF($E95="DIRECT",$L95,VLOOKUP($E95,Ratio,2,FALSE)*$G95) -> 380607.82 | I95: =IF($E95="DIRECT",$M95,VLOOKUP($E95,Ratio,3,FALSE)*$G95) -> 0 | J95: =IF($E95="DIRECT",$N95,VLOOKUP($E95,Ratio,4,FALSE)*$G95) -> 287718.94 | L95: ='Base Expense Data'!Q85 -> 380607.82 | M95: ='Base Expense Data'!R85 -> 0 | N95: ='Base Expense Data'!S85 -> 287718.94
B96: Amortization of Plant Acquisition Adjustments (Electric) | C96: 200-201 | D96: 406 | E96: DIRECT | G96: =VLOOKUP(B96,'Base Expense Data'!$B$6:$I$86,5,FALSE) -> 30235.055 | H96: =IF($E96="DIRECT",$L96,VLOOKUP($E96,Ratio,2,FALSE)*$G96) -> 30235.055 | I96: =IF($E96="DIRECT",$M96,VLOOKUP($E96,Ratio,3,FALSE)*$G96) -> 0 | J96: =IF($E96="DIRECT",$N96,VLOOKUP($E96,Ratio,4,FALSE)*$G96) -> 0 | L96: ='Base Expense Data'!Q86 -> 30235.055 | M96: ='Base Expense Data'!R86 -> 0 | N96: ='Base Expense Data'!S86 -> 0
A97: Total Depreciation and Amortization | G97: =SUM(G81:G96) -> 4.2844036e+08 | H97: =SUM(H81:H96) -> 2.5752594e+08 | I97: =SUM(I81:I96) -> 0 | J97: =SUM(J81:J96) -> 1.7094275e+08
A100: Total Operating Expenses | G100: =G77+G97 -> 3.2295558e+09 | H100: =H77+H97 -> 2.3064627e+09 | I100: =I77+I97 -> 0 | J100: =J77+J97 -> 9.2311835e+08
A101: (Total O&M + Total Depreciation & Amortization)

Sheet Sch 3A - Taxes
A1: BONNEVILLE POWER ADMINISTRATION
A2: RESIDENTIAL PURCHASE AND SALE AGREEMENT
A3: 2008 Average System Cost Methodology (ASCM) Appendix 1
A5: TOC | D5: UTILITY NAME: | E5: ='Sch 1- Rate Base '!$E$5 -> PacifiCorp | I5: BPA Reviews:
D6: End of Year Report Period: | E6: ='Sch 1- Rate Base '!$E$6 -> 2023 | I6: ='Sch 1- Rate Base '!I6
D7: ASC Filing Date: | E7: ='Sch 1- Rate Base '!$E$7 -> 45446 | I7: ='Sch 1- Rate Base '!I7
A9: Schedule 3A Items: Taxes (Including Income Taxes)
A11: Account Description | C11: FERC Form 1 | E11: Funct. Method | F11: Total | G11: Production | H11: Transmission | I11: Distribution/ Other
C12: Page | D12: Account
C13: Number | D13: Numbers
A15: FEDERAL
B16: Income Tax (Included on Schedule 2) | C16: 262-263 | D16: 409.1 | E16: DIST | F16: 0 | G16: =VLOOKUP($E16,Ratio,2,FALSE)*$F16 -> 0 | H16: =VLOOKUP($E16,Ratio,3,FALSE)*$F16 -> 0 | I16: =VLOOKUP($E16,Ratio,4,FALSE)*$F16 -> 0
B17: Employment Tax | C17: 262-263 | D17: 408.1 | E17: LABOR | F17: ='Pg 262 - Taxes Accrued Prepaid '!K162 -> 19019048 | G17: =VLOOKUP($E17,Ratio,2,FALSE)*$F17 -> 7928154.9 | H17: =VLOOKUP($E17,Ratio,3,FALSE)*$F17 -> 0 | I17: =VLOOKUP($E17,Ratio,4,FALSE)*$F17 -> 11090893
B18: Other Federal Taxes | C18: 262-263 | D18: 408.1 | E18: DIST | F18: 0 | G18: =VLOOKUP($E18,Ratio,2,FALSE)*$F18 -> 0 | H18: =VLOOKUP($E18,Ratio,3,FALSE)*$F18 -> 0 | I18: =VLOOKUP($E18,Ratio,4,FALSE)*$F18 -> 0
A19: TOTAL FEDERAL | F19: =SUM(F16:F18) -> 19019048 | G19: =SUM(G16:G18) -> 7928154.9 | H19: =SUM(H16:H18) -> 0 | I19: =SUM(I16:I18) -> 11090893
A21: STATE AND OTHER
B22: Property | C22: 262-263 | D22: 408.1 | E22: PTDG | F22: ='Pg 262 - Taxes Accrued Prepaid '!K165 -> 62757269 | G22: =VLOOKUP($E22,Ratio,2,FALSE)*$F22 -> 27262668 | H22: =VLOOKUP($E22,Ratio,3,FALSE)*$F22 -> 0 | I22: =VLOOKUP($E22,Ratio,4,FALSE)*$F22 -> 35500882
B23: Unemployment | C23: 262-263 | D23: 408.1 | E23: LABOR | F23: ='Pg 262 - Taxes Accrued Prepaid '!K166 -> 1364755 | G23: =VLOOKUP($E23,Ratio,2,FALSE)*$F23 -> 568902.75 | H23: =VLOOKUP($E23,Ratio,3,FALSE)*$F23 -> 0 | I23: =VLOOKUP($E23,Ratio,4,FALSE)*$F23 -> 795852.22
B24: State Income, B&O, et. | C24: 262-263 | D24: 409.1 | E24: DIST | F24: ='Pg 262 - Taxes Accrued Prepaid '!K167 -> 1066334.6 | G24: =VLOOKUP($E24,Ratio,2,FALSE)*$F24 -> 0 | H24: =VLOOKUP($E24,Ratio,3,FALSE)*$F24 -> 0 | I24: =VLOOKUP($E24,Ratio,4,FALSE)*$F24 -> 1066334.6
B25: Franchise Fees | C25: 262-263 | D25: 408.1 | E25: DIST | F25: ='Pg 262 - Taxes Accrued Prepaid '!K168 -> 33981773 | G25: =VLOOKUP($E25,Ratio,2,FALSE)*$F25 -> 0 | H25: =VLOOKUP($E25,Ratio,3,FALSE)*$F25 -> 0 | I25: =VLOOKUP($E25,Ratio,4,FALSE)*$F25 -> 33981773
B26: Regulatory Commission | C26: 262-263 | D26: 408.1 | E26: DIST | F26: ='Pg 262 - Taxes Accrued Prepaid '!K169 -> 7839988.4 | G26: =VLOOKUP($E26,Ratio,2,FALSE)*$F26 -> 0 | H26: =VLOOKUP($E26,Ratio,3,FALSE)*$F26 -> 0 | I26: =VLOOKUP($E26,Ratio,4,FALSE)*$F26 -> 7839988.4
B27: City/Municipal | C27: 262-263 | D27: 408.1 | E27: DIST | F27: ='Pg 262 - Taxes Accrued Prepaid '!K170 -> 6706015.4 | G27: =VLOOKUP($E27,Ratio,2,FALSE)*$F27 -> 0 | H27: =VLOOKUP($E27,Ratio,3,FALSE)*$F27 -> 0 | I27: =VLOOKUP($E27,Ratio,4,FALSE)*$F27 -> 6706015.4
B28: Other | C28: 262-263 | D28: 408.1 | E28: DIST | F28: ='Pg 262 - Taxes Accrued Prepaid '!K171 -> 5067613.3 | G28: =VLOOKUP($E28,Ratio,2,FALSE)*$F28 -> 0 | H28: =VLOOKUP($E28,Ratio,3,FALSE)*$F28 -> 0 | I28: =VLOOKUP($E28,Ratio,4,FALSE)*$F28 -> 5067613.3
A29: TOTAL STATE AND OTHER TAXES | F29: =SUM(F22:F28) -> 1.1878375e+08 | G29: =SUM(G22:G28) -> 27831570 | H29: =SUM(H22:H28) -> 0 | I29: =SUM(I22:I28) -> 90958459
A31: TOTAL TAXES | F31: =F29+F19 -> 1.378028e+08 | G31: =G29+G19 -> 35759725 | H31: =H29+H19 -> 0 | I31: =I29+I19 -> 1.0204935e+08

Sheet Sch 3B - Other Items
A1: BONNEVILLE POWER ADMINISTRATION
A2: RESIDENTIAL PURCHASE AND SALE AGREEMENT
A3: 2008 Average System Cost Methodology (ASCM) Appendix 1
A5: TOC | D5: UTILITY NAME: | E5: ='Sch 1- Rate Base '!$E$5 -> PacifiCorp | I5: BPA Reviews:
D6: End of Year Report Period: | E6: ='Sch 1- Rate Base '!$E$6 -> 2023 | I6: ='Sch 1- Rate Base '!I6
D7: ASC Filing Date: | E7: ='Sch 1- Rate Base '!$E$7 -> 45446 | I7: ='Sch 1- Rate Base '!I7
A9: Schedule 3B Other Included Items
A11: Account Description | C11: FERC Form 1 | E11: Functionalization | G11: Total | H11: Production | I11: Transmission | J11: Distribution/ Other | L11: Production | M11: Transmission | N11: Distribution/ Other
C12: Page | D12: Account | E12: Method
C13: Number | D13: Numbers | E13: Default | F13: Optional
A14: Other Included Items:
B15: Regulatory Credits | C15: 114-117 | D15: 407.4 | E15: DIRECT | F15: PROD | G15: 0 | H15: =IF($E15="DIRECT",$L15,VLOOKUP($E15,Ratio,2,FALSE)*$G15) -> 0 | I15: =IF($E15="DIRECT",$M15,VLOOKUP($E15,Ratio,3,FALSE)*$G15) -> 0 | J15: =IF($E15="DIRECT",$N15,VLOOKUP($E15,Ratio,4,FALSE)*$G15) -> 0 | L15: =G15 -> 0 | M15: 0 | N15: 0
B16: (Less) Regulatory Debits | C16: 114-117 | D16: 407.3 | E16: DIRECT | F16: DIST | G16: =VLOOKUP(D16,'Pg 114 - Income Statement'!$C$90:$F$96,4,FALSE) -> 5441242.9 | H16: =IF($E16="DIRECT",$L16,VLOOKUP($E16,Ratio,2,FALSE)*$G16) -> 739917.13 | I16: =IF($E16="DIRECT",$M16,VLOOKUP($E16,Ratio,3,FALSE)*$G16) -> 0 | J16: =IF($E16="DIRECT",$N16,VLOOKUP($E16,Ratio,4,FALSE)*$G16) -> 4701325.8 | L16: ='407.3 - Reg Debits_2023'!L201 -> 739917.13 | M16: ='407.3 - Reg Debits_2023'!M201 -> 0 | N16: ='407.3 - Reg Debits_2023'!N201 -> 4701325.8
B17: Gain from Disposition of Utility Plant | C17: 114-117 | D17: 411.6 | E17: DIRECT | F17: PROD | G17: =VLOOKUP(D17,'Pg 114 - Income Statement'!$C$90:$F$96,4,FALSE) -> 0 | H17: =IF($E17="DIRECT",$L17,VLOOKUP($E17,Ratio,2,FALSE)*$G17) -> 0 | I17: =IF($E17="DIRECT",$M17,VLOOKUP($E17,Ratio,3,FALSE)*$G17) -> 0 | J17: =IF($E17="DIRECT",$N17,VLOOKUP($E17,Ratio,4,FALSE)*$G17) -> 0
B18: (Less) Loss from Disposition of Utility Plant | C18: 114-117 | D18: 411.7 | E18: DIRECT | F18: DIST | G18: =VLOOKUP(D18,'Pg 114 - Income Statement'!$C$90:$F$96,4,FALSE) -> 0 | H18: =IF($E18="DIRECT",$L18,VLOOKUP($E18,Ratio,2,FALSE)*$G18) -> 0 | I18: =IF($E18="DIRECT",$M18,VLOOKUP($E18,Ratio,3,FALSE)*$G18) -> 0 | J18: =IF($E18="DIRECT",$N18,VLOOKUP($E18,Ratio,4,FALSE)*$G18) -> 0
B19: Gain from Disposition of Allowances | C19: 114-117 | D19: 411.8 | E19: PROD | G19: =VLOOKUP(D19,'Pg 114 - Income Statement'!$C$90:$F$96,4,FALSE) -> 36.514148 | H19: =VLOOKUP($E19,Ratio,2,FALSE)*$G19 -> 36.514148 | I19: =VLOOKUP($E19,Ratio,3,FALSE)*$G19 -> 0 | J19: =VLOOKUP($E19,Ratio,4,FALSE)*$G19 -> 0
B20: (Less) Loss from Disposition of Allowances | C20: 114-117 | D20: 411.9 | E20: PROD | G20: =VLOOKUP(D20,'Pg 114 - Income Statement'!$C$90:$F$96,4,FALSE) -> 0 | H20: =VLOOKUP($E20,Ratio,2,FALSE)*$G20 -> 0 | I20: =VLOOKUP($E20,Ratio,3,FALSE)*$G20 -> 0 | J20: =VLOOKUP($E20,Ratio,4,FALSE)*$G20 -> 0
B21: Miscellaneous Nonoperating Income | C21: 114-117 | D21: 421 | E21: DIRECT | F21: PROD | G21: =ROUND(VLOOKUP(D21,'Pg 114 - Income Statement'!$C$90:$F$96,4,FALSE),0) -> 989991 | H21: =IF($E21="DIRECT",$L21,VLOOKUP($E21,Ratio,2,FALSE)*$G21) -> 1739 | I21: =IF($E21="DIRECT",$M21,VLOOKUP($E21,Ratio,3,FALSE)*$G21) -> 0 | J21: =IF($E21="DIRECT",$N21,VLOOKUP($E21,Ratio,4,FALSE)*$G21) -> 988252 | L21: =ROUND(-'421 - Misc Income_2023'!Q60,0) -> 1739 | M21: =-'421 - Misc Income_2023'!R60 -> 0 | N21: =ROUNDDOWN(-'421 - Misc Income_2023'!S60,0) -> 988252
A22: Total Other Included Items | G22: =G15-G16+G17-G18+G19-G20+G21 -> -4451215.4 | H22: =H15-H16+H17-H18+H19-H20+H21 -> -738141.62 | I22: =I15-I16+I17-I18+I19-I20+I21 -> 0 | J22: =J15-J16+J17-J18+J19-J20+J21 -> -3713073.8
A24: Sales for Resale:
B25: Sales for Resale | C25: 310 | D25: 447 | E25: PROD | G25: ='3-YEAR PP & OSS Worksheet'!D36 -> 79486841 | H25: =VLOOKUP($E25,Ratio,2,FALSE)*$G25 -> 79486841 | I25: =VLOOKUP($E25,Ratio,3,FALSE)*$G25 -> 0 | J25: =VLOOKUP($E25,Ratio,4,FALSE)*$G25 -> 0
A26: Total Sales for Resale | G26: =SUM(G25) -> 79486841 | H26: =SUM(H25) -> 79486841 | I26: =SUM(I25) -> 0 | J26: =SUM(J25) -> 0
A28: Other Revenues:
B29: Forfeited Discounts | C29: 300 | D29: 450 | E29: DIST | G29: =SUMIF('Pg 300 - Electric Operating Rev'!$F$40:$F$46,D29,'Pg 300 - Electric Operating Rev'!$E$40:$E$46) -> 8515319.7 | H29: =VLOOKUP($E29,Ratio,2,FALSE)*$G29 -> 0 | I29: =VLOOKUP($E29,Ratio,3,FALSE)*$G29 -> 0 | J29: =VLOOKUP($E29,Ratio,4,FALSE)*$G29 -> 8515319.7
B30: Miscellaneous Service Revenues | C30: 300 | D30: 451 | E30: DIST | G30: =SUMIF('Pg 300 - Electric Operating Rev'!$F$40:$F$46,D30,'Pg 300 - Electric Operating Rev'!$E$40:$E$46) -> 1980493.1 | H30: =VLOOKUP($E30,Ratio,2,FALSE)*$G30 -> 0 | I30: =VLOOKUP($E30,Ratio,3,FALSE)*$G30 -> 0 | J30: =VLOOKUP($E30,Ratio,4,FALSE)*$G30 -> 1980493.1
B31: Sales of Water and Water Power | C31: 300 | D31: 453 | E31: PROD | G31: =SUMIF('Pg 300 - Electric Operating Rev'!$F$40:$F$46,D31,'Pg 300 - Electric Operating Rev'!$E$40:$E$46) -> 0 | H31: =VLOOKUP($E31,Ratio,2,FALSE)*$G31 -> 0 | I31: =VLOOKUP($E31,Ratio,3,FALSE)*$G31 -> 0 | J31: =VLOOKUP($E31,Ratio,4,FALSE)*$G31 -> 0
B32: Rent from Electric Property | C32: 300 | D32: 454 | E32: TD | G32: =SUMIF('Pg 300 - Electric Operating Rev'!$F$40:$F$46,D32,'Pg 300 - Electric Operating Rev'!$E$40:$E$46) -> 9825273.8 | H32: =VLOOKUP($E32,Ratio,2,FALSE)*$G32 -> 0 | I32: =VLOOKUP($E32,Ratio,3,FALSE)*$G32 -> 0 | J32: =VLOOKUP($E32,Ratio,4,FALSE)*$G32 -> 9825273.8
B33: Interdepartmental Rents | C33: 300 | D33: 455 | E33: DIST | G33: =SUMIF('Pg 300 - Electric Operating Rev'!$F$40:$F$46,D33,'Pg 300 - Electric Operating Rev'!$E$40:$E$46) -> 0 | H33: =VLOOKUP($E33,Ratio,2,FALSE)*$G33 -> 0 | I33: =VLOOKUP($E33,Ratio,3,FALSE)*$G33 -> 0 | J33: =VLOOKUP($E33,Ratio,4,FALSE)*$G33 -> 0
B34: Other Electric Revenues | C34: 300 | D34: 456 | E34: DIRECT | F34: PROD | G34: =SUMIF('Pg 300 - Electric Operating Rev'!$F$40:$F$46,D34,'Pg 300 - Electric Operating Rev'!$E$40:$E$46) -> 17726557 | H34: =IF($E34="DIRECT",$L34,VLOOKUP($E34,Ratio,2,FALSE)*$G34) -> 16037719 | I34: =IF($E34="DIRECT",$M34,VLOOKUP($E34,Ratio,3,FALSE)*$G34) -> 0 | J34: =IF($E34="DIRECT",$N34,VLOOKUP($E34,Ratio,4,FALSE)*$G34) -> 1688838.7 | L34: =$G$34*'Pg 114 - Income Statement'!E115 -> 16037719 | M34: =0 -> 0 | N34: =$G$34*'Pg 114 - Income Statement'!G115+$G$34*'Pg 114 - Income Statement'!F115 -> 1688838.7
B35: Revenues from Transmission of Electricity of Others (i) | C35: 330 | D35: 456.1 | E35: TRANS | G35: =SUMIF('Pg 300 - Electric Operating Rev'!$F$40:$F$46,D35,'Pg 300 - Electric Operating Rev'!$E$40:$E$46) -> 63773432 | H35: =VLOOKUP($E35,Ratio,2,FALSE)*$G35 -> 0 | I35: =VLOOKUP($E35,Ratio,3,FALSE)*$G35 -> 0 | J35: =VLOOKUP($E35,Ratio,4,FALSE)*$G35 -> 63773432
A37: Total Other Revenues | G37: =SUM(G29:G36) -> 1.0182108e+08 | H37: =SUM(H29:H36) -> 16037719 | I37: =SUM(I29:I36) -> 0 | J37: =SUM(J29:J36) -> 85783357
A39: Total Other Included Items | G39: =+G37+G26+G22 -> 1.768567e+08 | H39: =+H37+H26+H22 -> 94786417 | I39: =+I37+I26+I22 -> 0 | J39: =+J37+J26+J22 -> 82070284
A40: (Total Disposition of Plant + Total Sales for Resale + Total Other Revenue)

Sheet Sch 4 - Average System Cost
A1: BONNEVILLE POWER ADMINISTRATION
A2: RESIDENTIAL PURCHASE AND SALE AGREEMENT
A3: 2008 Average System Cost Methodology (ASCM) Appendix 1
A5: TOC | B5: UTILITY NAME: | C5: ='Sch 1- Rate Base '!$E$5 -> PacifiCorp | F5: BPA Reviews:
B6: End of Year Report Period: | C6: ='Sch 1- Rate Base '!$E$6 -> 2023 | F6: ='Sch 1- Rate Base '!I6
B7: ASC Filing Date: | C7: ='Sch 1- Rate Base '!$E$7 -> 45446 | F7: ='Sch 1- Rate Base '!I7
A9: Schedule 4: Average System Cost
C12: Total | D12: Production | E12: Transmission | F12: Distribution/Other
A13: Total Operating Expenses | C13: ='Sch 3 - Expenses'!G100 -> 3.2295558e+09 | D13: ='Sch 3 - Expenses'!H100 -> 2.3064627e+09 | E13: ='Sch 3 - Expenses'!I100 -> 0 | F13: ='Sch 3 - Expenses'!J100 -> 9.2311835e+08
A14: (From Schedule 3)
A16: Federal Income Tax Adjusted Return on Rate Base | C16: =IF('Sch 2 -Rate of Return'!E42>0,'Sch 2 -Rate of Return'!E42,IF('Sch 2 -Rate of Return'!E98>0,'Sch 2 -Rate of Return'!E98,IF('Sch 2 -Rate of Return'!E125>0,'Sch 2 -Rate of Return'!E125,0))) -> 8.3575564e+08 | D16: =IF('Sch 2 -Rate of Return'!F42>0,'Sch 2 -Rate of Return'!F42,IF('Sch 2 -Rate of Return'!F98>0,'Sch 2 -Rate of Return'!F98,IF('Sch 2 -Rate of Return'!F125>0,'Sch 2 -Rate of Return'!F125,0))) -> 3.416993e+08 | E16: =IF('Sch 2 -Rate of Return'!G42>0,'Sch 2 -Rate of Return'!G42,IF('Sch 2 -Rate of Return'!G98>0,'Sch 2 -Rate of Return'!G98,IF('Sch 2 -Rate of Return'!G125>0,'Sch 2 -Rate of Return'!G125,0))) -> 2011425.3 | F16: =IF('Sch 2 -Rate of Return'!H42>0,'Sch 2 -Rate of Return'!H42,IF('Sch 2 -Rate of Return'!H98>0,'Sch 2 -Rate of Return'!H98,IF('Sch 2 -Rate of Return'!H125>0,'Sch 2 -Rate of Return'!H125,0))) -> 4.9195994e+08
A17: (From Schedule 2)
A19: State and Other Taxes | C19: ='Sch 3A - Taxes'!F31 -> 1.378028e+08 | D19: ='Sch 3A - Taxes'!G31 -> 35759725 | E19: ='Sch 3A - Taxes'!H31 -> 0 | F19: ='Sch 3A - Taxes'!I31 -> 1.0204935e+08
A20: (From Schedule 3a)
A22: Total Other Included Items | C22: ='Sch 3B - Other Items'!G39 -> 1.768567e+08 | D22: ='Sch 3B - Other Items'!H39 -> 94786417 | E22: ='Sch 3B - Other Items'!I39 -> 0 | F22: ='Sch 3B - Other Items'!J39 -> 82070284
A23: (From Schedule 3b)
A25: Total Cost | C25: =C13+C16+C19-C22 -> 4.0262576e+09 | D25: =D13+D16+D19-D22 -> 2.5891353e+09 | E25: =E13+E16+E19-E22 -> 2011425.3 | F25: =F13+F16+F19-F22 -> 1.4350574e+09
A26: (Total Operating Expenses + Return on Rate Base + State and Other Taxes - Total Other Included Items)
H29: Without NLSL | J29: With | K29: With NLSL and
H30: or Above-RHWM Load | I30: With NLSL | J30: Above-RHWM Load | K30: Above-RHWM Load
A31: Contract System Cost | H31: Removed | I31: Removed | J31: Removed | K31: Removed
A32: Production | D32: =D25 -> 2.5891353e+09 | F32: NLSL Fully Alloc. Cost ($/MWh) | H32: =$D$25 -> 2.5891353e+09 | I32: =$D$25 -> 2.5891353e+09 | J32: =$D$25 -> 2.5891353e+09 | K32: =$D$25 -> 2.5891353e+09
A33: Transmission | D33: =E25 -> 2011425.3 | H33: =$E$25 -> 2011425.3 | I33: =$E$25 -> 2011425.3 | J33: =$E$25 -> 2011425.3 | K33: =$E$25 -> 2011425.3
A34: (Less) New Large Single Load Costs (d) | D34: =F34*D40 -> 0 | E34: NLSL | F34: ='NLSL_Base_New-Calc'!AA43+'NLSL_Base_New-Calc'!AA46 -> 87.450004 | H34: 0 | I34: =F34*F45 -> 1.179133e+08 | J34: 0 | K34: =F34*K40 -> 1.179133e+08
A35: (Less) Above-RHWM Load Costs (d) | D35: =F35*D43 -> 0 | E35: Above-RHWM | F35: ='Above-RHWM_Base_Calc'!AA43+'Above-RHWM_Base_Calc'!AA46 -> 73.968283 | H35: 0 | I35: 0 | J35: =F35*F48 -> 0 | K35: =F35*K43 -> 0
A36: Total Contract System Cost | D36: =D32+D33-D34-D35 -> 2.5911468e+09 | H36: =H32+H33-H34-H35 -> 2.5911468e+09 | I36: =I32+I33-I34-I35 -> 2.4732335e+09 | J36: =J32+J33-J34-J35 -> 2.5911468e+09 | K36: =K32+K33-K34-K35 -> 2.4732335e+09
A38: Contract System Load (MWh)
A39: Total Retail Load | D39: ='pg 304 Summary'!C18 -> 21294859 | H39: =D39 -> 21294859 | I39: =D39 -> 21294859 | J39: =D39 -> 21294859 | K39: =D39 -> 21294859
A40: (Less) New Large Single Load | D40: =IF(F34>MIN(H46,J46),F45,0) -> 0 | H40: 0 | I40: =F45 -> 1348351 | J40: 0 | K40: =F45 -> 1348351
A41: Total Retail Load (Net of NLSL) (d) | D41: =D39-D40 -> 21294859 | F41: Distribution Losses (%) | H41: =H39-H40 -> 21294859 | I41: =I39-I40 -> 19946508 | J41: =J39-J40 -> 21294859 | K41: =K39-K40 -> 19946508
A42: Distribution Loss (f) (See Distribution Loss Schedule) | D42: =D39*F42 -> 1007459.8 | F42: ='Distribution Loss Calc'!D27 -> 0.04731 | H42: =H39*F42 -> 1007459.8 | I42: =I39*F42 -> 1007459.8 | J42: =J39*F42 -> 1007459.8 | K42: =K39*F42 -> 1007459.8
A43: (Less) Above-RHWM Load | D43: =IF(F35>MIN(H46,I46),F48,0) -> 0 | H43: 0 | I43: 0 | J43: =F48 -> 0 | K43: =F48 -> 0
A44: Total Contract System Load | D44: =D41+D42-D43 -> 22302319 | F44: NLSL MWH | H44: =H41+H42 -> 22302319 | I44: =I41+I42-I43 -> 20953968 | J44: =J41+J42-J43 -> 22302319 | K44: =K41+K42-K43 -> 20953968
F45: 1348351
A46: Average System Cost $/MWh | D46: =IF(D44=0,"$0",D36/D44) -> 116.18284 | H46: =IF(H44=0,"$0",H36/H44) -> 116.18284 | I46: =IF(I44=0,"$0",I36/I44) -> 118.03175 | J46: =IF(J44=0,"$0",J36/J44) -> 116.18284 | K46: =IF(K44=0,"$0",K36/K44) -> 118.03175
F47: Above-RHWM Load MWh

Sheet 3-YEAR PP & OSS Worksheet
A1: BONNEVILLE POWER ADMINISTRATION
A2: RESIDENTIAL PURCHASE AND SALE AGREEMENT
A3: 2008 Average System Cost Methodology (ASCM) Appendix 1
F4: UTILITY NAME: | G4: ='Sch 1- Rate Base '!$E$5 -> PacifiCorp | K4: BPA Reviews:
B5: TOC | F5: End of Year Report Period: | G5: ='Sch 1- Rate Base '!$E$6 -> 2023 | K5: ='Sch 1- Rate Base '!I6
F6: ASC Filing Date: | G6: ='Sch 1- Rate Base '!$E$7 -> 45446 | K6: ='Sch 1- Rate Base '!I7
A7: Purchased Power & Sales for Resale
B8: FERC Form 1 | D8: Purchased Power | G8: Purchased Power - Base Period Minus 1 | J8: Purchased Power - Base Period Minus 2
B9: Statistical | C9: Page
B10: Classification | C10: Number | D10: Settlement Total | E10: MWh Purchased | G10: Settlement Total | H10: MWh Purchased | J10: Settlement Total | K10: MWh Purchased
B11: RQ | C11: 326-327 | D11: =D41*$F$21 -> 0 | E11: =E41*$F$21 -> 0 | G11: =G41*$I$21 -> 0 | H11: =H41*$I$21 -> 0 | J11: =J41*$L$21 -> 0 | K11: =K41*$L$21 -> 0
B12: LF | C12: 326-327 | D12: =D42*$F$21 -> 454578.44 | E12: =E42*$F$21 -> 9599.9902 | G12: =G42*$I$21 -> 913525.79 | H12: =H42*$I$21 -> 17904.853 | J12: =J42*$L$21 -> 17735284 | K12: =K42*$L$21 -> 249447.32
B13: IF | C13: 326-327 | D13: =D43*$F$21 -> 12664733 | E13: =E43*$F$21 -> 0 | G13: =G43*$I$21 -> 0 | H13: =H43*$I$21 -> 0 | J13: =J43*$L$21 -> 0 | K13: =K43*$L$21 -> 0
B14: SF | C14: 326-327 | D14: =D44*$F$21 -> 5.7160161e+08 | E14: =E44*$F$21 -> 5019348.9 | G14: =G44*$I$21 -> 5.0748996e+08 | H14: =H44*$I$21 -> 5460472.7 | J14: =J44*$L$21 -> 1.9456899e+08 | K14: =K44*$L$21 -> 2784644.7
B15: LU | C15: 326-327 | D15: =D45*$F$21 -> 2.9662005e+08 | E15: =E45*$F$21 -> 5926438.8 | G15: =G45*$I$21 -> 3.3954371e+08 | H15: =H45*$I$21 -> 6499442.2 | J15: =J45*$L$21 -> 2.1720682e+08 | K15: =K45*$L$21 -> 4233088
B16: IU | C16: 326-327 | D16: =D46*$F$21 -> 10894003 | E16: =E46*$F$21 -> 91826.074 | G16: =G46*$I$21 -> 24779746 | H16: =H46*$I$21 -> 98633.886 | J16: =J46*$L$21 -> 16157745 | K16: =K46*$L$21 -> 67443.509
B17: OS | C17: 326-327 | D17: =D47*$F$21 -> 605133.22 | E17: =E47*$F$21 -> 0 | G17: =G47*$I$21 -> 413135.67 | H17: =H47*$I$21 -> 0 | J17: =J47*$L$21 -> -27358.068 | K17: =K47*$L$21 -> 0
B18: EX | C18: 326-327 | D18: =D48*$F$21 -> -11809290 | E18: =E48*$F$21 -> 0 | G18: =G48*$I$21 -> -1.8420144e+08 | H18: =H48*$I$21 -> 0 | J18: =J48*$L$21 -> -76330421 | K18: =K48*$L$21 -> 0
B19: NA | C19: 326-327 | D19: =D49*$F$21 -> 0 | E19: =E49*$F$21 -> 0 | G19: =G49*$I$21 -> 0 | H19: =H49*$I$21 -> 0 | J19: =J49*$L$21 -> 0 | K19: =K49*$L$21 -> 0
B20: AD | C20: 326-327 | D20: =D50*$F$21 -> 1682070.8 | E20: =E50*$F$21 -> 70920.658 | G20: =G50*$I$21 -> -1896042.2 | H20: =H50*$I$21 -> 4645.5136 | J20: =J50*$L$21 -> 1052801.6 | K20: =K50*$L$21 -> 3656.3236
B21: TOTAL | D21: =SUM(D11:D20) -> 8.827129e+08 | E21: =SUM(E11:E20) -> 11118134 | F21: =('B2-O&M'!G839+'B2-O&M'!H839+'B2-O&M'!I839)/'B2-O&M'!F839 -> 0.61479284 | G21: =SUM(G11:G20) -> 6.870426e+08 | H21: =SUM(H11:H20) -> 12081099 | I21: 0.64556887 | J21: =SUM(J11:J20) -> 3.7036385e+08 | K21: =SUM(K11:K20) -> 7338279.8 | L21: 0.45006446
B23: FERC Form 1 | D23: Sales for Resale | G23: Sales for Resale - Base Period Minus 1 | J23: Sales for Resale - Base Period Minus 2
B24: Statistical | C24: Page
B25: Classification | C25: Number | D25: Settlement Total | E25: MWh Sold | G25: Settlement Total | H25: MWh Sold | J25: Settlement Total | K25: MWh Sold
B26: RQ | C26: 310-311 | D26: =D56*$F$36 -> 5888933.4 | E26: =E56*$F$36 -> 113303.78 | G26: =G56*$I$36 -> 5185165.4 | H26: =H56*$I$36 -> 104946.57 | J26: =J56*$L$36 -> 4994007.4 | K26: =K56*$L$36 -> 105140.99
B27: LF | C27: 310-311 | D27: =D57*$F$36 -> 3640370.7 | E27: =E57*$F$36 -> 122914.77 | G27: =G57*$I$36 -> 3779447.4 | H27: =H57*$I$36 -> 131380.8 | J27: =J57*$L$36 -> 3387549.7 | K27: =K57*$L$36 -> 129065.65
B28: IF | C28: 310-311 | D28: =D58*$F$36 -> 3976220.3 | E28: =E58*$F$36 -> 113360.06 | G28: =G58*$I$36 -> 507598.9 | H28: =H58*$I$36 -> 22175.997 | J28: =J58*$L$36 -> 5962.6889 | K28: =K58*$L$36 -> 101.81028
B29: SF | C29: 310-311 | D29: =D59*$F$36 -> 59445662 | E29: =E59*$F$36 -> 739446.41 | G29: =G59*$I$36 -> 1.3091547e+08 | H29: =H59*$I$36 -> 2018823.7 | J29: =J59*$L$36 -> 85082848 | K29: =K59*$L$36 -> 2290339.2
B30: LU | C30: 310-311 | D30: =D60*$F$36 -> 0 | E30: =E60*$F$36 -> 0 | G30: =G60*$I$36 -> 0 | H30: =H60*$I$36 -> 0 | J30: =J60*$L$36 -> 0 | K30: =K60*$L$36 -> 0
B31: IU | C31: 310-311 | D31: =D61*$F$36 -> 0 | E31: =E61*$F$36 -> 0 | G31: =G61*$I$36 -> 0 | H31: =H61*$I$36 -> 0 | J31: =J61*$L$36 -> 0 | K31: =K61*$L$36 -> 0
B32: OS | C32: 310-311 | D32: =D62*$F$36 -> 6293054.3 | E32: =E62*$F$36 -> 125883.48 | G32: =G62*$I$36 -> 9133223.6 | H32: =H62*$I$36 -> 141090.86 | J32: =J62*$L$36 -> 3444741.1 | K32: =K62*$L$36 -> 71640.502
B33: EX | C33: 310-311 | D33: =D63*$F$36 -> 0 | E33: =E63*$F$36 -> 0 | G33: =G63*$I$36 -> 0 | H33: =H63*$I$36 -> 0 | J33: =J63*$L$36 -> 0 | K33: =K63*$L$36 -> 0
B34: NA | C34: 310-311 | D34: =D64*$F$36 -> 0 | E34: =E64*$F$36 -> 0 | G34: =G64*$I$36 -> 0 | H34: =H64*$I$36 -> 0 | J34: =J64*$L$36 -> 0 | K34: =K64*$L$36 -> 0
B35: AD | C35: 310-311 | D35: =D65*$F$36 -> 242600 | E35: =E65*$F$36 -> 425.25842 | G35: =G65*$I$36 -> 1389352.5 | H35: =H65*$I$36 -> 47823.713 | J35: =J65*$L$36 -> 60931.192 | K35: =K65*$L$36 -> 3286.5867
B36: TOTAL | D36: =SUM(D26:D35) -> 79486841 | E36: =SUM(E26:E35) -> 1215333.8 | F36: ='B1-Electric Ops Rvn'!P465 -> 0.36787061 | G36: =SUM(G26:G35) -> 1.5091026e+08 | H36: =SUM(H26:H35) -> 2466241.6 | I36: 0.38403984 | J36: =SUM(J26:J35) -> 96976041 | K36: =SUM(K26:K35) -> 2599574.7 | L36: 0.37707512
B38: FERC Form 1 | D38: Purchased Power | G38: Purchased Power - Base Period Minus 1 | J38: Purchased Power - Base Period Minus 2
B39: Statistical | C39: Page
B40: Classification | C40: Number | D40: Settlement Total | E40: MWh Purchased | G40: Settlement Total | H40: MWh Purchased | J40: Settlement Total | K40: MWh Purchased
B41: RQ | C41: 326-327 | D41: =SUMIFS('Pg 326 - Purchased Power (23)'!$O$7:$O$335,'Pg 326 - Purchased Power (23)'!$C$7:$C$335,B41) -> 0 | E41: =SUMIF('Pg 326 - Purchased Power (23)'!$C$7:$C$335,B41,'Pg 326 - Purchased Power (23)'!$H$7:$H$335) -> 0 | G41: =SUMIFS('Pg 326 - Purchased Power (22)'!$O$7:$O$338,'Pg 326 - Purchased Power (22)'!$C$7:$C$338,B41) -> 0 | H41: =SUMIF('Pg 326 - Purchased Power (22)'!$C$7:$C$338,B41,'Pg 326 - Purchased Power (22)'!$H$7:$H$338) -> 0 | J41: =SUMIFS('Pg 326 - Purchased Power (21)'!$O$7:$O$339,'Pg 326 - Purchased Power (21)'!$C$7:$C$339,B41) -> 0 | K41: =SUMIF('Pg 326 - Purchased Power (21)'!$C$7:$C$339,B41,'Pg 326 - Purchased Power (21)'!$H$7:$H$339) -> 0
B42: LF | C42: 326-327 | D42: =SUMIFS('Pg 326 - Purchased Power (23)'!$O$7:$O$335,'Pg 326 - Purchased Power (23)'!$C$7:$C$335,B42) -> 739401 | E42: =SUMIF('Pg 326 - Purchased Power (23)'!$C$7:$C$335,B42,'Pg 326 - Purchased Power (23)'!$H$7:$H$335) -> 15615 | G42: =SUMIFS('Pg 326 - Purchased Power (22)'!$O$7:$O$338,'Pg 326 - Purchased Power (22)'!$C$7:$C$338,B42) -> 1415071 | H42: =SUMIF('Pg 326 - Purchased Power (22)'!$C$7:$C$338,B42,'Pg 326 - Purchased Power (22)'!$H$7:$H$338) -> 27735 | J42: =SUMIFS('Pg 326 - Purchased Power (21)'!$O$7:$O$339,'Pg 326 - Purchased Power (21)'!$C$7:$C$339,B42) -> 39406098 | K42: =SUMIF('Pg 326 - Purchased Power (21)'!$C$7:$C$339,B42,'Pg 326 - Purchased Power (21)'!$H$7:$H$339) -> 554248
B43: IF | C43: 326-327 | D43: =SUMIFS('Pg 326 - Purchased Power (23)'!$O$7:$O$335,'Pg 326 - Purchased Power (23)'!$C$7:$C$335,B43) -> 20600000 | E43: =SUMIF('Pg 326 - Purchased Power (23)'!$C$7:$C$335,B43,'Pg 326 - Purchased Power (23)'!$H$7:$H$335) -> 0 | G43: =SUMIFS('Pg 326 - Purchased Power (22)'!$O$7:$O$338,'Pg 326 - Purchased Power (22)'!$C$7:$C$338,B43) -> 0 | H43: =SUMIF('Pg 326 - Purchased Power (22)'!$C$7:$C$338,B43,'Pg 326 - Purchased Power (22)'!$H$7:$H$338) -> 0 | J43: =SUMIFS('Pg 326 - Purchased Power (21)'!$O$7:$O$339,'Pg 326 - Purchased Power (21)'!$C$7:$C$339,B43) -> 0 | K43: =SUMIF('Pg 326 - Purchased Power (21)'!$C$7:$C$339,B43,'Pg 326 - Purchased Power (21)'!$H$7:$H$339) -> 0
B44: SF | C44: 326-327 | D44: =SUMIFS('Pg 326 - Purchased Power (23)'!$O$7:$O$335,'Pg 326 - Purchased Power (23)'!$C$7:$C$335,B44) -> 929746699 | E44: =SUMIF('Pg 326 - Purchased Power (23)'!$C$7:$C$335,B44,'Pg 326 - Purchased Power (23)'!$H$7:$H$335) -> 8164293 | G44: =SUMIFS('Pg 326 - Purchased Power (22)'!$O$7:$O$338,'Pg 326 - Purchased Power (22)'!$C$7:$C$338,B44) -> 786112810 | H44: =SUMIF('Pg 326 - Purchased Power (22)'!$C$7:$C$338,B44,'Pg 326 - Purchased Power (22)'!$H$7:$H$338) -> 8458389 | J44: =SUMIFS('Pg 326 - Purchased Power (21)'!$O$7:$O$339,'Pg 326 - Purchased Power (21)'!$C$7:$C$339,B44) -> 432313600 | K44: =SUMIF('Pg 326 - Purchased Power (21)'!$C$7:$C$339,B44,'Pg 326 - Purchased Power (21)'!$H$7:$H$339) -> 6187213
B45: LU | C45: 326-327 | D45: =SUMIFS('Pg 326 - Purchased Power (23)'!$O$7:$O$335,'Pg 326 - Purchased Power (23)'!$C$7:$C$335,B45) -> 482471547 | E45: =SUMIF('Pg 326 - Purchased Power (23)'!$C$7:$C$335,B45,'Pg 326 - Purchased Power (23)'!$H$7:$H$335) -> 9639733 | G45: =SUMIFS('Pg 326 - Purchased Power (22)'!$O$7:$O$338,'Pg 326 - Purchased Power (22)'!$C$7:$C$338,B45) -> 525960472 | H45: =SUMIF('Pg 326 - Purchased Power (22)'!$C$7:$C$338,B45,'Pg 326 - Purchased Power (22)'!$H$7:$H$338) -> 10067775 | J45: =SUMIFS('Pg 326 - Purchased Power (21)'!$O$7:$O$339,'Pg 326 - Purchased Power (21)'!$C$7:$C$339,B45) -> 482612686 | K45: =SUMIF('Pg 326 - Purchased Power (21)'!$C$7:$C$339,B45,'Pg 326 - Purchased Power (21)'!$H$7:$H$339) -> 9405515
B46: IU | C46: 326-327 | D46: =SUMIFS('Pg 326 - Purchased Power (23)'!$O$7:$O$335,'Pg 326 - Purchased Power (23)'!$C$7:$C$335,B46) -> 17719795 | E46: =SUMIF('Pg 326 - Purchased Power (23)'!$C$7:$C$335,B46,'Pg 326 - Purchased Power (23)'!$H$7:$H$335) -> 149361 | G46: =SUMIFS('Pg 326 - Purchased Power (22)'!$O$7:$O$338,'Pg 326 - Purchased Power (22)'!$C$7:$C$338,B46) -> 38384357 | H46: =SUMIF('Pg 326 - Purchased Power (22)'!$C$7:$C$338,B46,'Pg 326 - Purchased Power (22)'!$H$7:$H$338) -> 152786 | J46: =SUMIFS('Pg 326 - Purchased Power (21)'!$O$7:$O$339,'Pg 326 - Purchased Power (21)'!$C$7:$C$339,B46) -> 35900957 | K46: =SUMIF('Pg 326 - Purchased Power (21)'!$C$7:$C$339,B46,'Pg 326 - Purchased Power (21)'!$H$7:$H$339) -> 149853
B47: OS | C47: 326-327 | D47: =SUMIFS('Pg 326 - Purchased Power (23)'!$O$7:$O$335,'Pg 326 - Purchased Power (23)'!$C$7:$C$335,B47) -> 984288 | E47: =SUMIF('Pg 326 - Purchased Power (23)'!$C$7:$C$335,B47,'Pg 326 - Purchased Power (23)'!$H$7:$H$335) -> 0 | G47: =SUMIFS('Pg 326 - Purchased Power (22)'!$O$7:$O$338,'Pg 326 - Purchased Power (22)'!$C$7:$C$338,B47) -> 639956 | H47: =SUMIF('Pg 326 - Purchased Power (22)'!$C$7:$C$338,B47,'Pg 326 - Purchased Power (22)'!$H$7:$H$338) -> 0 | J47: =SUMIFS('Pg 326 - Purchased Power (21)'!$O$7:$O$339,'Pg 326 - Purchased Power (21)'!$C$7:$C$339,B47) -> -60787 | K47: =SUMIF('Pg 326 - Purchased Power (21)'!$C$7:$C$339,B47,'Pg 326 - Purchased Power (21)'!$H$7:$H$339) -> 0
B48: EX | C48: 326-327 | D48: =SUMIFS('Pg 326 - Purchased Power (23)'!$O$7:$O$335,'Pg 326 - Purchased Power (23)'!$C$7:$C$335,B48) -> -19208568 | E48: =SUMIF('Pg 326 - Purchased Power (23)'!$C$7:$C$335,B48,'Pg 326 - Purchased Power (23)'!$H$7:$H$335) -> 0 | G48: =SUMIFS('Pg 326 - Purchased Power (22)'!$O$7:$O$338,'Pg 326 - Purchased Power (22)'!$C$7:$C$338,B48) -> -285331973 | H48: =SUMIF('Pg 326 - Purchased Power (22)'!$C$7:$C$338,B48,'Pg 326 - Purchased Power (22)'!$H$7:$H$338) -> 0 | J48: =SUMIFS('Pg 326 - Purchased Power (21)'!$O$7:$O$339,'Pg 326 - Purchased Power (21)'!$C$7:$C$339,B48) -> -169598864 | K48: =SUMIF('Pg 326 - Purchased Power (21)'!$C$7:$C$339,B48,'Pg 326 - Purchased Power (21)'!$H$7:$H$339) -> 0
B49: NA | C49: 326-327 | D49: =SUMIFS('Pg 326 - Purchased Power (23)'!$O$7:$O$335,'Pg 326 - Purchased Power (23)'!$C$7:$C$335,B49) -> 0 | E49: =SUMIF('Pg 326 - Purchased Power (23)'!$C$7:$C$335,B49,'Pg 326 - Purchased Power (23)'!$H$7:$H$335) -> 0 | G49: =SUMIFS('Pg 326 - Purchased Power (22)'!$O$7:$O$338,'Pg 326 - Purchased Power (22)'!$C$7:$C$338,B49) -> 0 | H49: =SUMIF('Pg 326 - Purchased Power (22)'!$C$7:$C$338,B49,'Pg 326 - Purchased Power (22)'!$H$7:$H$338) -> 0 | J49: =SUMIFS('Pg 326 - Purchased Power (21)'!$O$7:$O$339,'Pg 326 - Purchased Power (21)'!$C$7:$C$339,B49) -> 0 | K49: =SUMIF('Pg 326 - Purchased Power (21)'!$C$7:$C$339,B49,'Pg 326 - Purchased Power (21)'!$H$7:$H$339) -> 0
B50: AD | C50: 326-327 | D50: =SUMIFS('Pg 326 - Purchased Power (23)'!$O$7:$O$335,'Pg 326 - Purchased Power (23)'!$C$7:$C$335,B50) -> 2735996 | E50: =SUMIF('Pg 326 - Purchased Power (23)'!$C$7:$C$335,B50,'Pg 326 - Purchased Power (23)'!$H$7:$H$335) -> 115357 | G50: =SUMIFS('Pg 326 - Purchased Power (22)'!$O$7:$O$338,'Pg 326 - Purchased Power (22)'!$C$7:$C$338,B50) -> -2937010 | H50: =SUMIF('Pg 326 - Purchased Power (22)'!$C$7:$C$338,B50,'Pg 326 - Purchased Power (22)'!$H$7:$H$338) -> 7196 | J50: =SUMIFS('Pg 326 - Purchased Power (21)'!$O$7:$O$339,'Pg 326 - Purchased Power (21)'!$C$7:$C$339,B50) -> 2339224 | K50: =SUMIF('Pg 326 - Purchased Power (21)'!$C$7:$C$339,B50,'Pg 326 - Purchased Power (21)'!$H$7:$H$339) -> 8124
B51: TOTAL | D51: =SUM(D41:D50) -> 1435789158 | E51: =SUM(E41:E50) -> 18084359 | F51: =F21 -> 0.61479284 | G51: =SUM(G41:G50) -> 1064243683 | H51: =SUM(H41:H50) -> 18713881 | I51: =I21 -> 0.64556887 | J51: =SUM(J41:J50) -> 822912914 | K51: =SUM(K41:K50) -> 16304953 | L51: =L21 -> 0.45006446
B53: FERC Form 1 | D53: Sales for Resale | G53: Sales for Resale - Base Period Minus 1 | J53: Sales for Resale - Base Period Minus 2
B54: Statistical | C54: Page
B55: Classification | C55: Number | D55: Settlement Total | E55: MWh Sold | G55: Settlement Total | H55: MWh Sold | J55: Settlement Total | K55: MWh Sold
B56: RQ | C56: 310-311 | D56: =SUMIFS('Pg 310 - Sales for Resale (23)'!$L$10:$L$136,'Pg 310 - Sales for Resale (23)'!$C$10:$C$136,B56) -> 16008165 | E56: =SUMIFS('Pg 310 - Sales for Resale (23)'!$H$10:$H$136,'Pg 310 - Sales for Resale (23)'!$C$10:$C$136,B56) -> 307999 | G56: =SUMIFS('Pg 310 - Sales for Resale (22)'!$L$10:$L$133,'Pg 310 - Sales for Resale (22)'!$C$10:$C$133,B56) -> 13501634 | H56: =SUMIFS('Pg 310 - Sales for Resale (22)'!$H$10:$H$133,'Pg 310 - Sales for Resale (22)'!$C$10:$C$133,B56) -> 273270 | J56: =SUMIFS('Pg 310 - Sales for Resale (21)'!$L$10:$L$124,'Pg 310 - Sales for Resale (21)'!$C$10:$C$124,B56) -> 13244065 | K56: =SUMIFS('Pg 310 - Sales for Resale (21)'!$H$10:$H$124,'Pg 310 - Sales for Resale (21)'!$C$10:$C$124,B56) -> 278833
B57: LF | C57: 310-311 | D57: =SUMIFS('Pg 310 - Sales for Resale (23)'!$L$10:$L$136,'Pg 310 - Sales for Resale (23)'!$C$10:$C$136,B57) -> 9895791 | E57: =SUMIFS('Pg 310 - Sales for Resale (23)'!$H$10:$H$136,'Pg 310 - Sales for Resale (23)'!$C$10:$C$136,B57) -> 334125 | G57: =SUMIFS('Pg 310 - Sales for Resale (22)'!$L$10:$L$133,'Pg 310 - Sales for Resale (22)'!$C$10:$C$133,B57) -> 9841290 | H57: =SUMIFS('Pg 310 - Sales for Resale (22)'!$H$10:$H$133,'Pg 310 - Sales for Resale (22)'!$C$10:$C$133,B57) -> 342102 | J57: =SUMIFS('Pg 310 - Sales for Resale (21)'!$L$10:$L$124,'Pg 310 - Sales for Resale (21)'!$C$10:$C$124,B57) -> 8983753 | K57: =SUMIFS('Pg 310 - Sales for Resale (21)'!$H$10:$H$124,'Pg 310 - Sales for Resale (21)'!$C$10:$C$124,B57) -> 342281
B58: IF | C58: 310-311 | D58: =SUMIFS('Pg 310 - Sales for Resale (23)'!$L$10:$L$136,'Pg 310 - Sales for Resale (23)'!$C$10:$C$136,B58) -> 10808747 | E58: =SUMIFS('Pg 310 - Sales for Resale (23)'!$H$10:$H$136,'Pg 310 - Sales for Resale (23)'!$C$10:$C$136,B58) -> 308152 | G58: =SUMIFS('Pg 310 - Sales for Resale (22)'!$L$10:$L$133,'Pg 310 - Sales for Resale (22)'!$C$10:$C$133,B58) -> 1321735 | H58: =SUMIFS('Pg 310 - Sales for Resale (22)'!$H$10:$H$133,'Pg 310 - Sales for Resale (22)'!$C$10:$C$133,B58) -> 57744 | J58: =SUMIFS('Pg 310 - Sales for Resale (21)'!$L$10:$L$124,'Pg 310 - Sales for Resale (21)'!$C$10:$C$124,B58) -> 15813 | K58: =SUMIFS('Pg 310 - Sales for Resale (21)'!$H$10:$H$124,'Pg 310 - Sales for Resale (21)'!$C$10:$C$124,B58) -> 270
B59: SF | C59: 310-311 | D59: =SUMIFS('Pg 310 - Sales for Resale (23)'!$L$10:$L$136,'Pg 310 - Sales for Resale (23)'!$C$10:$C$136,B59) -> 161593942 | E59: =SUMIFS('Pg 310 - Sales for Resale (23)'!$H$10:$H$136,'Pg 310 - Sales for Resale (23)'!$C$10:$C$136,B59) -> 2010072 | G59: =SUMIFS('Pg 310 - Sales for Resale (22)'!$L$10:$L$133,'Pg 310 - Sales for Resale (22)'!$C$10:$C$133,B59) -> 340890343 | H59: =SUMIFS('Pg 310 - Sales for Resale (22)'!$H$10:$H$133,'Pg 310 - Sales for Resale (22)'!$C$10:$C$133,B59) -> 5256808 | J59: =SUMIFS('Pg 310 - Sales for Resale (21)'!$L$10:$L$124,'Pg 310 - Sales for Resale (21)'!$C$10:$C$124,B59) -> 225638988 | K59: =SUMIFS('Pg 310 - Sales for Resale (21)'!$H$10:$H$124,'Pg 310 - Sales for Resale (21)'!$C$10:$C$124,B59) -> 6073960
B60: LU | C60: 310-311 | D60: =SUMIFS('Pg 310 - Sales for Resale (23)'!$L$10:$L$136,'Pg 310 - Sales for Resale (23)'!$C$10:$C$136,B60) -> 0 | E60: =SUMIFS('Pg 310 - Sales for Resale (23)'!$H$10:$H$136,'Pg 310 - Sales for Resale (23)'!$C$10:$C$136,B60) -> 0 | G60: =SUMIFS('Pg 310 - Sales for Resale (22)'!$L$10:$L$133,'Pg 310 - Sales for Resale (22)'!$C$10:$C$133,B60) -> 0 | H60: =SUMIFS('Pg 310 - Sales for Resale (22)'!$H$10:$H$133,'Pg 310 - Sales for Resale (22)'!$C$10:$C$133,B60) -> 0 | J60: =SUMIFS('Pg 310 - Sales for Resale (21)'!$L$10:$L$124,'Pg 310 - Sales for Resale (21)'!$C$10:$C$124,B60) -> 0 | K60: =SUMIFS('Pg 310 - Sales for Resale (21)'!$H$10:$H$124,'Pg 310 - Sales for Resale (21)'!$C$10:$C$124,B60) -> 0
B61: IU | C61: 310-311 | D61: =SUMIFS('Pg 310 - Sales for Resale (23)'!$L$10:$L$136,'Pg 310 - Sales for Resale (23)'!$C$10:$C$136,B61) -> 0 | E61: =SUMIFS('Pg 310 - Sales for Resale (23)'!$H$10:$H$136,'Pg 310 - Sales for Resale (23)'!$C$10:$C$136,B61) -> 0 | G61: =SUMIFS('Pg 310 - Sales for Resale (22)'!$L$10:$L$133,'Pg 310 - Sales for Resale (22)'!$C$10:$C$133,B61) -> 0 | H61: =SUMIFS('Pg 310 - Sales for Resale (22)'!$H$10:$H$133,'Pg 310 - Sales for Resale (22)'!$C$10:$C$133,B61) -> 0 | J61: =SUMIFS('Pg 310 - Sales for Resale (21)'!$L$10:$L$124,'Pg 310 - Sales for Resale (21)'!$C$10:$C$124,B61) -> 0 | K61: =SUMIFS('Pg 310 - Sales for Resale (21)'!$H$10:$H$124,'Pg 310 - Sales for Resale (21)'!$C$10:$C$124,B61) -> 0
B62: OS | C62: 310-311 | D62: =SUMIFS('Pg 310 - Sales for Resale (23)'!$L$10:$L$136,'Pg 310 - Sales for Resale (23)'!$C$10:$C$136,B62) -> 17106706 | E62: =SUMIFS('Pg 310 - Sales for Resale (23)'!$H$10:$H$136,'Pg 310 - Sales for Resale (23)'!$C$10:$C$136,B62) -> 342195 | G62: =SUMIFS('Pg 310 - Sales for Resale (22)'!$L$10:$L$133,'Pg 310 - Sales for Resale (22)'!$C$10:$C$133,B62) -> 23781969 | H62: =SUMIFS('Pg 310 - Sales for Resale (22)'!$H$10:$H$133,'Pg 310 - Sales for Resale (22)'!$C$10:$C$133,B62) -> 367386 | J62: =SUMIFS('Pg 310 - Sales for Resale (21)'!$L$10:$L$124,'Pg 310 - Sales for Resale (21)'!$C$10:$C$124,B62) -> 9135424 | K62: =SUMIFS('Pg 310 - Sales for Resale (21)'!$H$10:$H$124,'Pg 310 - Sales for Resale (21)'!$C$10:$C$124,B62) -> 189990
B63: EX | C63: 310-311 | D63: =SUMIFS('Pg 310 - Sales for Resale (23)'!$L$10:$L$136,'Pg 310 - Sales for Resale (23)'!$C$10:$C$136,B63) -> 0 | E63: =SUMIFS('Pg 310 - Sales for Resale (23)'!$H$10:$H$136,'Pg 310 - Sales for Resale (23)'!$C$10:$C$136,B63) -> 0 | G63: =SUMIFS('Pg 310 - Sales for Resale (22)'!$L$10:$L$133,'Pg 310 - Sales for Resale (22)'!$C$10:$C$133,B63) -> 0 | H63: =SUMIFS('Pg 310 - Sales for Resale (22)'!$H$10:$H$133,'Pg 310 - Sales for Resale (22)'!$C$10:$C$133,B63) -> 0 | J63: =SUMIFS('Pg 310 - Sales for Resale (21)'!$L$10:$L$124,'Pg 310 - Sales for Resale (21)'!$C$10:$C$124,B63) -> 0 | K63: =SUMIFS('Pg 310 - Sales for Resale (21)'!$H$10:$H$124,'Pg 310 - Sales for Resale (21)'!$C$10:$C$124,B63) -> 0
B64: NA | C64: 310-311 | D64: =SUMIFS('Pg 310 - Sales for Resale (23)'!$L$10:$L$136,'Pg 310 - Sales for Resale (23)'!$C$10:$C$136,B64) -> 0 | E64: =SUMIFS('Pg 310 - Sales for Resale (23)'!$H$10:$H$136,'Pg 310 - Sales for Resale (23)'!$C$10:$C$136,B64) -> 0 | G64: =SUMIFS('Pg 310 - Sales for Resale (22)'!$L$10:$L$133,'Pg 310 - Sales for Resale (22)'!$C$10:$C$133,B64) -> 0 | H64: =SUMIFS('Pg 310 - Sales for Resale (22)'!$H$10:$H$133,'Pg 310 - Sales for Resale (22)'!$C$10:$C$133,B64) -> 0 | J64: =SUMIFS('Pg 310 - Sales for Resale (21)'!$L$10:$L$124,'Pg 310 - Sales for Resale (21)'!$C$10:$C$124,B64) -> 0 | K64: =SUMIFS('Pg 310 - Sales for Resale (21)'!$H$10:$H$124,'Pg 310 - Sales for Resale (21)'!$C$10:$C$124,B64) -> 0
B65: AD | C65: 310-311 | D65: =SUMIFS('Pg 310 - Sales for Resale (23)'!$L$10:$L$136,'Pg 310 - Sales for Resale (23)'!$C$10:$C$136,B65) -> 659471 | E65: =SUMIFS('Pg 310 - Sales for Resale (23)'!$H$10:$H$136,'Pg 310 - Sales for Resale (23)'!$C$10:$C$136,B65) -> 1156 | G65: =SUMIFS('Pg 310 - Sales for Resale (22)'!$L$10:$L$133,'Pg 310 - Sales for Resale (22)'!$C$10:$C$133,B65) -> 3617730 | H65: =SUMIFS('Pg 310 - Sales for Resale (22)'!$H$10:$H$133,'Pg 310 - Sales for Resale (22)'!$C$10:$C$133,B65) -> 124528 | J65: =SUMIFS('Pg 310 - Sales for Resale (21)'!$L$10:$L$124,'Pg 310 - Sales for Resale (21)'!$C$10:$C$124,B65) -> 161589 | K65: =SUMIFS('Pg 310 - Sales for Resale (21)'!$H$10:$H$124,'Pg 310 - Sales for Resale (21)'!$C$10:$C$124,B65) -> 8716
B66: TOTAL | D66: =SUM(D56:D65) -> 216072822 | E66: =SUM(E56:E65) -> 3303699 | F66: =F36 -> 0.36787061 | G66: =SUM(G56:G65) -> 392954701 | H66: =SUM(H56:H65) -> 6421838 | I66: =I36 -> 0.38403984 | J66: =SUM(J56:J65) -> 257179632 | K66: =SUM(K56:K65) -> 6894050 | L66: =L36 -> 0.37707512
D69: Average PP | E69: =IF((E14+E17+E18)=0,0,(D14+D17+D18)/(E14+E17+E18)) -> 111.64744 | F69: =IF((H14+H17+H18)=0,0,(G14+G17+G18)/(H14+H17+H18)) -> 59.280886 | G69: =IF((K14+K17+K18)=0,0,(J14+J17+J18)/(K14+K17+K18)) -> 42.451092
D70: Average SS | E70: =IF((E29+E32+E33)=0,0,(D29+D32+D33)/(E29+E32+E33)) -> 75.969543 | F70: =IF((H29+H32+H33)=0,0,(G29+G32+G33)/(H29+H32+H33)) -> 64.839924 | G70: =IF((K29+K32+K33)=0,0,(J29+J32+J33)/(K29+K32+K33)) -> 37.48025
D71: 1/2 difference | E71: =(E69-E70)/2 -> 17.838949 | F71: =(F69-F70)/2 -> -2.7795191 | G71: =(G69-G70)/2 -> 2.4854211
D72: Mid Point | E72: =AVERAGE(E69:E70) -> 93.808492 | F72: =AVERAGE(F69:F70) -> 62.060405 | G72: =AVERAGE(G69:G70) -> 39.965671
E73: =IF(E72=0,0,((E72+E71)/E72)-1) -> 0.19016348 | F73: =IF(F72=0,0,((F72+F71)/F72)-1) -> -0.044787318 | G73: =IF(G72=0,0,((G72+G71)/G72)-1) -> 0.062188898
D75: Percentage Spread | E75: =(E73*3+F73*2+G73*1)/6 -> 0.09051745
D79: Purchases from BPA Included in Power Purchases Above
D81: Cost | E81: MWh Purchased
B82: PF
B83: Slice
B84: Tier 1
B85: BPA Purch-Other
B86: Refund Amount
B87: TOTAL | D87: =SUM(D82:D86) -> 0 | E87: =SUM(E82:E86) -> 0

Sheet Load Forecast
A1: Fiscal Year Load Forecast
A2: Fiscal Year MWh | B2: Base Period MWh | C2: Forecast Fiscal Year MWh
A3: FY | B3: ='Sch 1- Rate Base '!E6 -> 2023 | C3: =B3+1 -> 2024 | D3: =C3+1 -> 2025 | E3: =D3+1 -> 2026 | F3: =E3+1 -> 2027 | G3: =F3+1 -> 2028
A4: Total Retail Sales @ Meter | B4: ='Sch 4 - Average System Cost'!D39 -> 21294859 | C4: =C48*B4+C49*C31 -> 21981745 | D4: =C$48*C31+D$49*D31 -> 22688843 | E4: =D$48*D31+E$49*E31 -> 23328613 | F4: =E$48*E31+F$49*F31 -> 24203796 | G4: =F$48*F31+G$49*G31 -> 25443765
A5: Distribution Losses | B5: ='Sch 4 - Average System Cost'!D42 -> 1007459.8 | C5: =IF($B$4=0,0,C4*$B$16) -> 1039736.5 | D5: =IF($B$4=0,0,D4*$B$16) -> 1073182.3 | E5: =IF($B$4=0,0,E4*$B$16) -> 1103443.4 | F5: =IF($B$4=0,0,F4*$B$16) -> 1144839.5 | G5: =IF($B$4=0,0,G4*$B$16) -> 1203490.1
A6: Contract System Load | B6: =B4+B5 -> 22302319 | C6: =IF('Tiered Rates'!C14>0,'Tiered Rates'!C14*8784,C4+C5) -> 23021481 | D6: =IF('Tiered Rates'!D14>0,'Tiered Rates'!D14*8760,D4+D5) -> 23762026 | E6: =IF('Tiered Rates'!E14>0,'Tiered Rates'!E14*8784,E4+E5) -> 24432056 | F6: =IF('Tiered Rates'!E14>0,'Tiered Rates'!E14*8760,F4+F5) -> 25348635 | G6: =IF('Tiered Rates'!F14>0,'Tiered Rates'!F14*8760,G4+G5) -> 26647255
A7: Load for Dist Plant Adds | B7: =B6 -> 22302319 | C7: =MAX(C6,B7) -> 23021481 | D7: =MAX(D6,C7) -> 23762026 | E7: =MAX(E6,D7) -> 24432056 | F7: =MAX(F6,E7) -> 25348635 | G7: =MAX(G6,F7) -> 26647255
A9: Base Period NLSL MWh | B9: ='Sch 4 - Average System Cost'!F45 -> 1348351
A10: New NLSL MWh
A11: Total NLSL MWh | B11: =B9 -> 1348351 | C11: =C10+B11 -> 1348351 | D11: =D10+C11 -> 1348351 | E11: =E10+D11 -> 1348351 | F11: =F10+E11 -> 1348351 | G11: =G10+F11 -> 1348351
A14: Annual Load Change | C14: =C6-B6 -> 719162.57 | D14: =D6-C6 -> 740544.34 | E14: =E6-D6 -> 670030.21 | F14: =F6-E6 -> 916579.41 | G14: =G6-F6 -> 1298620
A16: Distribution Loss Percentage | B16: =ROUND('Sch 4 - Average System Cost'!F42,4) -> 0.0473
A20: TOC | D20: ='Sch 1- Rate Base '!E5 -> PacifiCorp
D21: ='Sch 1- Rate Base '!E6 -> 2023
D22: ='Sch 1- Rate Base '!E7 -> 45446
C25: BONNEVILLE POWER ADMINISTRATION
C26: RESIDENTIAL PURCHASE AND SALE AGREEMENT
C27: 2008 Average System Cost Methodology (ASCM) Appendix 1
C28: 2024 | D28: 2025 | E28: 2026 | F28: 2027 | G28: 2028
A29: Total BPA Eligible Retail Load @ Meter | C29: =SUM(C36:C47) -> 8666385.8 | D29: =SUM(D36:D47) -> 8651003.5 | E29: =SUM(E36:E47) -> 8669661.3 | F29: =SUM(F36:F47) -> 8693129.9 | G29: =SUM(G36:G47) -> 8761879.5
A31: Total Retail Load (OR,WA, ID) at meter | C31: 22222807 | D31: 22886676 | E31: 23497373 | F31: 24476342 | G31: 25780723
A34: BPA Eligible Retail Load by Month
A36: Jan | C36: 892887.59 | D36: 895143.5 | E36: 897653.77 | F36: 899098.36 | G36: 903585.78
A37: Feb | C37: 780308.48 | D37: 756076.33 | E37: 757659.33 | F37: 759257.24 | G37: 788302.74
A38: Mar | C38: 708693.87 | D38: 710415.93 | E38: 711013.15 | F38: 711721.62 | G38: 714383.61
A39: Apr | C39: 612076.27 | D39: 612426.97 | E39: 612790.73 | F39: 613259.06 | G39: 615452.63
A40: May | C40: 605025.84 | D40: 605243.15 | E40: 605096.99 | F40: 605308.63 | G40: 606640.43
A41: Jun | C41: 662498.97 | D41: 662119.28 | E41: 662715.49 | F41: 663630.87 | G41: 666765.44
A42: Jul | C42: 819009.84 | D42: 818449.83 | E42: 819481.95 | F42: 821520.01 | G42: 822962.61
A43: Aug | C43: 744615.77 | D43: 744246.44 | E43: 745934.77 | F43: 747460.42 | G43: 751527.32
A44: Sep | C44: 589914.67 | D44: 589932.92 | E44: 592016.72 | F44: 594493.81 | G44: 598485.19
A45: Oct | C45: 586247.01 | D45: 586899.57 | E45: 588706.64 | F45: 591396.83 | G45: 595451.32
A46: Nov | C46: 740853.41 | D46: 742812.88 | E46: 745593.26 | F46: 749933.07 | G46: 756515.32
A47: Dec | C47: 924254.08 | D47: 927236.74 | E47: 930998.46 | F47: 936049.99 | G47: 941807.11
A48: Pro-ration: Oct to Dec | C48: =SUM(C45:C47)/C29 -> 0.25978009 | D48: =SUM(D45:D47)/D29 -> 0.26088871 | E48: =SUM(E45:E47)/E29 -> 0.2612903 | F48: =SUM(F45:F47)/F29 -> 0.26197468 | G48: =SUM(G45:G47)/G29 -> 0.26179015
A49: Pro-ration: Jan to Sep | C49: =SUM(C36:C44)/C29 -> 0.74021991 | D49: =SUM(D36:D44)/D29 -> 0.73911129 | E49: =SUM(E36:E44)/E29 -> 0.7387097 | F49: =SUM(F36:F44)/F29 -> 0.73802532 | G49: =SUM(G36:G44)/G29 -> 0.73820985

Sheet Distribution Loss Calc
A1: BONNEVILLE POWER ADMINISTRATION
A2: RESIDENTIAL PURCHASE AND SALE AGREEMENT
A3: 2008 Average System Cost (ASCM) Appendix 1
A5: TOC | C5: UTILITY NAME: | D5: ='Sch 1- Rate Base '!$E$5 -> PacifiCorp
C6: End of Year Report Period: | D6: ='Sch 1- Rate Base '!$E$6 -> 2023
C7: ASC Filing Date: | D7: ='Sch 1- Rate Base '!$E$7 -> 45446
A10: Distribution Loss Calculation
B13: PacifiCorp 2018 Line Loss Study
B14: State | C14: Voltage | D14: Demand (kW) | E14: Energy (kWh)
B15: Idaho | C15: Transmission | D15: 0.03816 | E15: 0.03503
C16: Distribution | D16: 0.06018 | E16: 0.05558
C17: Total | D17: 0.09834 | E17: 0.09061
B19: Oregon | C19: Transmission | D19: 0.03816 | E19: 0.03503
C20: Distribution | D20: 0.04651 | E20: 0.04462
C21: Total | D21: 0.08467 | E21: 0.07965
B23: Washington | C23: Transmission | D23: 0.03816 | E23: 0.03503
C24: Distribution | D24: 0.0394 | E24: 0.04173
C25: Total | D25: 0.07756 | E25: 0.07676
B27: PNW Distribution Loss | D27: =AVERAGE(E16,E20,E24) -> 0.04731

Sheet Salaries
A1: BONNEVILLE POWER ADMINISTRATION
A2: RESIDENTIAL PURCHASE AND SALE AGREEMENT
A3: 2008 Average System Cost Methodology (ASCM) Appendix 1
A5: TOC | B5: UTILITY NAME: | C5: ='Sch 1- Rate Base '!$E$5 -> PacifiCorp
B6: End of Year Report Period: | C6: ='Sch 1- Rate Base '!$E$6 -> 2023
A7: 2/19/2010 | B7: ASC Filing Date: | C7: ='Sch 1- Rate Base '!$E$7 -> 45446
A10: Distribution of Salaries and Wages (For Labor Ratio Calculation)
A11: Description | C11: Form 1 | D11: Amount
C12: Page
C13: Number
A14: Electric
A15: Operation
A16: 1 | B16: Production | C16: 354-355 | D16: =SUMIF('Pg 354 - Distribution of Salari'!$B$10:$B$17,B16,'Pg 354 - Distribution of Salari'!$C$10:$C$17) -> 101070250
A17: 2 | B17: Transmission | C17: 354-355 | D17: =SUMIF('Pg 354 - Distribution of Salari'!$B$10:$B$17,B17,'Pg 354 - Distribution of Salari'!$C$10:$C$17) -> 19918542
A18: 3 | B18: Distribution | C18: 354-355 | D18: =SUMIF('Pg 354 - Distribution of Salari'!$B$10:$B$17,B18,'Pg 354 - Distribution of Salari'!$C$10:$C$17) -> 47998132
A19: 4 | B19: Customer Accounts | C19: 354-355 | D19: =SUMIF('Pg 354 - Distribution of Salari'!$B$10:$B$17,B19,'Pg 354 - Distribution of Salari'!$C$10:$C$17) -> 29892118
A20: 5 | B20: Customer Service and Information | C20: 354-355 | D20: =SUMIF('Pg 354 - Distribution of Salari'!$B$10:$B$17,"Customer Service and Informational",'Pg 354 - Distribution of Salari'!$C$10:$C$17) -> 8580394
A21: 6 | B21: Sales | C21: 354-355 | D21: =SUMIF('Pg 354 - Distribution of Salari'!$B$10:$B$17,B21,'Pg 354 - Distribution of Salari'!$C$10:$C$17) -> 0
A22: 7 | B22: Administrative and General | C22: 354-355 | D22: =SUMIF('Pg 354 - Distribution of Salari'!$B$10:$B$17,B22,'Pg 354 - Distribution of Salari'!$C$10:$C$17) -> 38419021
A23: TOTAL Operation | D23: =SUM(D16:D22) -> 245878457
A25: Maintenance
A26: 9 | B26: Production | C26: 354-355 | D26: =SUMIF('Pg 354 - Distribution of Salari'!$B$20:$B$24,B26,'Pg 354 - Distribution of Salari'!$C$20:$C$24) -> 42331535
A27: 10 | B27: Transmission | C27: 354-355 | D27: =SUMIF('Pg 354 - Distribution of Salari'!$B$20:$B$24,B27,'Pg 354 - Distribution of Salari'!$C$20:$C$24) -> 13251987
A28: 11 | B28: Distribution | C28: 354-355 | D28: =SUMIF('Pg 354 - Distribution of Salari'!$B$20:$B$24,B28,'Pg 354 - Distribution of Salari'!$C$20:$C$24) -> 83215928
A29: 12 | B29: Administrative and General | C29: 354-355 | D29: =SUMIF('Pg 354 - Distribution of Salari'!$B$20:$B$24,B29,'Pg 354 - Distribution of Salari'!$C$20:$C$24) -> 1739480
A30: TOTAL Maintenance | D30: =SUM(D26:D29) -> 140538930
A32: Operation and Maintenance
B33: Production (Enter Total of lines 1 and 9) | C33: 354-355 | D33: =+D16+D26 -> 143401785
B34: Transmission (Enter Total of lines 2 and 10) | C34: 354-355 | D34: =+D17+D27 -> 33170529
B35: Distribution (Enter Total of lines 3 and 11) | C35: 354-355 | D35: =+D18+D28 -> 131214060
B36: Customer Accounts (Transcribe from line 4) | C36: 354-355 | D36: =+D19 -> 29892118
B37: Customer Service and Information (Transcribe from line 5) | C37: 354-355 | D37: =+D20 -> 8580394
B38: Sales (Transcribe from line 6) | C38: 354-355 | D38: =+D21 -> 0
B39: Administrative and General (Enter Total of lines 7 and 12) | C39: 354-355 | D39: =+D22+D29 -> 40158501
A40: TOTAL Operation and Maintenance | D40: =SUM(D33:D39) -> 386417387

Sheet Ratios
A1: BONNEVILLE POWER ADMINISTRATION | M1: NLSL Production Plant | R1: =R46 -> 2.8717238e+09
A2: RESIDENTIAL PURCHASE AND SALE AGREEMENT | M2: Total Production Plant | R2: =E46 -> 5.5823719e+09
A3: 2008 Average System Cost Methodology (ASCM) Appendix 1 | M3: NLSL Production Plant percent of Total Prod. Plant | R3: =IF(R2=0,0,R1/R2) -> 0.51442718
M4: Non-NLSL Production plant percent of Total Prod. Plant | R4: =IF(R2=0,0,(R2-R1)/R2) -> 0.48557282
A5: TOC | B5: UTILITY NAME: | C5: ='Sch 1- Rate Base '!$E$5 -> PacifiCorp
A6: é | B6: End of Year Report Period: | C6: ='Sch 1- Rate Base '!$E$6 -> 2023 | M6: NLSL Production Plant O&M | R6: ='NLSL_Base_New-Calc'!AA33+'NLSL_Base_New-Calc'!AA34 -> 67592980
B7: ASC Filing Date: | C7: ='Sch 1- Rate Base '!$E$7 -> 45446 | M7: Total Production Plant O&M | R7: ='Sch 3 - Expenses'!H17+'Sch 3 - Expenses'!H18+'Sch 3 - Expenses'!H21+'Sch 3 - Expenses'!H22+'Sch 3 - Expenses'!H24+'Sch 3 - Expenses'!H25+'Sch 3 - Expenses'!H28+'Sch 3 - Expenses'!H29 -> 1.8269479e+08
M8: NLSL Production Plant O&M percent of Total Prod. Plant O&M | R8: =IF(R7=0,0,R6/R7) -> 0.36997761
A9: Ratio Table | M9: Non-NLSL Production Plant O&M percent of Total Prod. Plant O&M | R9: =IF(R7=0,0,(R7-R6)/R7) -> 0.63002239
Q11: Production
A12: Labor Ratio Input: | C12: Ratio Used | D12: Total | E12: Production | F12: Transmission | G12: Distribution | Q12: Non-NLSL | R12: NLSL | S12: Total
B13: Production | C13: PROD | D13: =Salaries!D33 -> 143401785 | E13: =VLOOKUP($C13,Ratio,2,FALSE)*$D13 -> 143401785 | F13: =VLOOKUP($C13,Ratio,3,FALSE)*$D13 -> 0 | G13: =VLOOKUP($C13,Ratio,4,FALSE)*$D13 -> 0 | Q13: =E13*R9 -> 90346336 | R13: =E13*R8 -> 53055449 | S13: =SUM(Q13:R13) -> 143401785
B14: Transmission | C14: TRANS | D14: =Salaries!D34 -> 33170529 | E14: =VLOOKUP($C14,Ratio,2,FALSE)*$D14 -> 0 | F14: =VLOOKUP($C14,Ratio,3,FALSE)*$D14 -> 0 | G14: =VLOOKUP($C14,Ratio,4,FALSE)*$D14 -> 33170529 | Q14: 0 | R14: 0
B15: Distribution | C15: DIST | D15: =Salaries!D35 -> 131214060 | E15: =VLOOKUP($C15,Ratio,2,FALSE)*$D15 -> 0 | F15: =VLOOKUP($C15,Ratio,3,FALSE)*$D15 -> 0 | G15: =VLOOKUP($C15,Ratio,4,FALSE)*$D15 -> 131214060 | Q15: 0 | R15: 0
B16: Customer Accounts | C16: DIST | D16: =Salaries!D36 -> 29892118 | E16: =VLOOKUP($C16,Ratio,2,FALSE)*$D16 -> 0 | F16: =VLOOKUP($C16,Ratio,3,FALSE)*$D16 -> 0 | G16: =VLOOKUP($C16,Ratio,4,FALSE)*$D16 -> 29892118 | I16: Prod. | J16: Trans. | K16: Dist. | Q16: 0 | R16: 0
B17: Customer Service and Informational | C17: DIST | D17: =Salaries!D37 -> 8580394 | E17: =IF($C17="DIRECT",I17,VLOOKUP($C17,Ratio,2,FALSE)*$D17) -> 0 | F17: =IF($C17="DIRECT",J17,VLOOKUP($C17,Ratio,3,FALSE)*$D17) -> 0 | G17: =IF($C17="DIRECT",K17,VLOOKUP($C17,Ratio,4,FALSE)*$D17) -> 8580394 | Q17: =E17 -> 0 | R17: 0 | S17: =SUM(Q17:R17) -> 0
B18: Sales | C18: DIST | D18: =Salaries!D38 -> 0 | E18: =VLOOKUP($C18,Ratio,2,FALSE)*$D18 -> 0 | F18: =VLOOKUP($C18,Ratio,3,FALSE)*$D18 -> 0 | G18: =VLOOKUP($C18,Ratio,4,FALSE)*$D18 -> 0 | Q18: 0 | R18: 0
B19: Administrative & General | C19: PTD | D19: =Salaries!D39 -> 40158501 | E19: =VLOOKUP($C19,Ratio,2,FALSE)*$D19 -> 17677617 | F19: =VLOOKUP($C19,Ratio,3,FALSE)*$D19 -> 0 | G19: =VLOOKUP($C19,Ratio,4,FALSE)*$D19 -> 22480884 | Q19: =D19*Q50 -> 8583770.4 | R19: =D19*R50 -> 9093846.9 | S19: =SUM(Q19:R19) -> 17677617
A21: Total Labor | D21: =SUM(D13:D20) -> 386417387 | E21: =SUM(E13:E20) -> 1.610794e+08 | F21: =SUM(F13:F20) -> 0 | G21: =SUM(G13:G20) -> 2.2533798e+08 | Q21: =SUM(Q13:Q19) -> 98930106 | R21: =SUM(R13:R19) -> 62149296 | S21: =SUM(Q21:R21) -> 1.610794e+08
B22: Labor Ratio | D22: =IF($D21=0,0,D21/$D21) -> 1 | E22: =IF($D21=0,0,E21/$D21) -> 0.4168534 | F22: 0 | G22: =IF($D21=0,0,G21/$D21)+IF($D21=0,0,F21/$D21) -> 0.5831466 | O22: Labor Ratio | Q22: =IF(D21=0,0,Q21/D21) -> 0.25601877 | R22: =IF(D21=0,0,R21/D21) -> 0.16083463 | S22: =SUM(Q22:R22) -> 0.4168534
A24: GP | B24: General Plant Ratio | C24: Ratio Used | D24: Total | E24: Production | F24: Transmission | G24: Distribution | Q24: Non-NLSL | R24: NLSL | S24: Total
B25: Land and Land Rights | C25: PTD | D25: ='Sch 1- Rate Base '!G37 -> 10980785 | E25: ='Sch 1- Rate Base '!H37 -> 4833699.1 | F25: ='Sch 1- Rate Base '!I37 -> 0 | G25: ='Sch 1- Rate Base '!J37 -> 6147085.6 | Q25: =D25*Q$50 -> 2347112.9 | R25: =D25*R$50 -> 2486586.2 | S25: =SUM(Q25:R25) -> 4833699.1
B26: Structures and Improvements | C26: PTD | D26: ='Sch 1- Rate Base '!G38 -> 1.345266e+08 | E26: ='Sch 1- Rate Base '!H38 -> 59218092 | F26: ='Sch 1- Rate Base '!I38 -> 0 | G26: ='Sch 1- Rate Base '!J38 -> 75308511 | Q26: =D26*Q$50 -> 28754696 | R26: =D26*R$50 -> 30463396 | S26: =SUM(Q26:R26) -> 59218092
B27: Furniture and Equipment | C27: LABOR | D27: ='Sch 1- Rate Base '!G39 -> 38698719 | E27: ='Sch 1- Rate Base '!H39 -> 16131693 | F27: ='Sch 1- Rate Base '!I39 -> 0 | G27: ='Sch 1- Rate Base '!J39 -> 22567026 | Q27: =D27*Q$22 -> 9907598.6 | R27: =D27*R$22 -> 6224094 | S27: =SUM(Q27:R27) -> 16131693
B28: Transportation Equipment | C28: TD | D28: ='Sch 1- Rate Base '!G40 -> 70926423 | E28: ='Sch 1- Rate Base '!H40 -> 0 | F28: ='Sch 1- Rate Base '!I40 -> 0 | G28: ='Sch 1- Rate Base '!J40 -> 70926423 | Q28: 0 | R28: 0
B29: Stores Equipment | C29: PTD | D29: ='Sch 1- Rate Base '!G41 -> 8843323.2 | E29: ='Sch 1- Rate Base '!H41 -> 3892796.8 | F29: ='Sch 1- Rate Base '!I41 -> 0 | G29: ='Sch 1- Rate Base '!J41 -> 4950526.4 | Q29: =D29*Q$50 -> 1890236.3 | R29: =D29*R$50 -> 2002560.5 | S29: =SUM(Q29:R29) -> 3892796.8
B30: Tools and Garage Equipment | C30: PTD | D30: ='Sch 1- Rate Base '!G42 -> 28801736 | E30: ='Sch 1- Rate Base '!H42 -> 12678413 | F30: ='Sch 1- Rate Base '!I42 -> 0 | G30: ='Sch 1- Rate Base '!J42 -> 16123323 | Q30: =D30*Q$50 -> 6156292.7 | R30: =D30*R$50 -> 6522120.3 | S30: =SUM(Q30:R30) -> 12678413
B31: Laboratory Equipment | C31: PTD | D31: ='Sch 1- Rate Base '!G43 -> 22065131 | E31: ='Sch 1- Rate Base '!H43 -> 9712985.6 | F31: ='Sch 1- Rate Base '!I43 -> 0 | G31: ='Sch 1- Rate Base '!J43 -> 12352145 | Q31: =D31*Q$50 -> 4716361.8 | R31: =D31*R$50 -> 4996623.8 | S31: =SUM(Q31:R31) -> 9712985.6
B32: Power Operated Equipment | C32: TD | D32: ='Sch 1- Rate Base '!G44 -> 1.0422438e+08 | E32: ='Sch 1- Rate Base '!H44 -> 0 | F32: ='Sch 1- Rate Base '!I44 -> 0 | G32: ='Sch 1- Rate Base '!J44 -> 1.0422438e+08 | Q32: 0 | R32: 0
B33: Communication Equipment | C33: PTD | D33: ='Sch 1- Rate Base '!G45 -> 2.2516638e+08 | E33: ='Sch 1- Rate Base '!H45 -> 99117374 | F33: ='Sch 1- Rate Base '!I45 -> 0 | G33: ='Sch 1- Rate Base '!J45 -> 1.2604901e+08 | Q33: =D33*Q$50 -> 48128703 | R33: =D33*R$50 -> 50988672 | S33: =SUM(Q33:R33) -> 99117374
B34: Miscellaneous Equipment | C34: PTD | D34: ='Sch 1- Rate Base '!G46 -> 3889871.2 | E34: ='Sch 1- Rate Base '!H46 -> 1712306.3 | F34: ='Sch 1- Rate Base '!I46 -> 0 | G34: ='Sch 1- Rate Base '!J46 -> 2177564.9 | Q34: =D34*Q$50 -> 831449.4 | R34: =D34*R$50 -> 880856.92 | S34: =SUM(Q34:R34) -> 1712306.3
B35: Other Tangible Property | C35: ='Sch 1- Rate Base '!E47 -> DIRECT | D35: ='Sch 1- Rate Base '!G47 -> 708735.65 | E35: ='Sch 1- Rate Base '!H47 -> 708735.65 | F35: ='Sch 1- Rate Base '!I47 -> 0 | G35: ='Sch 1- Rate Base '!J47 -> 0 | Q35: =E35*R4 -> 344142.77 | R35: =E35*R3 -> 364592.88
B36: Asset Retirement Costs for General Plant | C36: PTD | D36: ='Sch 1- Rate Base '!G48 -> 15896.576 | E36: ='Sch 1- Rate Base '!H48 -> 6997.6116 | F36: ='Sch 1- Rate Base '!I48 -> 0 | G36: ='Sch 1- Rate Base '!J48 -> 8898.9647 | Q36: =D36*Q$50 -> 3397.85 | R36: =D36*R$50 -> 3599.7616 | S36: =SUM(Q36:R36) -> 6997.6116
B37: TOTAL | D37: =SUM(D25:D36) -> 6.4884799e+08 | E37: =SUM(E25:E36) -> 2.0801309e+08 | F37: =SUM(F25:F36) -> 0 | G37: =SUM(G25:G36) -> 4.408349e+08 | Q37: =SUM(Q25:Q36) -> 1.0307999e+08 | R37: =SUM(R25:R36) -> 1.049331e+08 | S37: =SUM(Q37:R37) -> 2.0801309e+08
B38: RATIO (GP) | D38: =IF($D37=0,0,D37/$D37) -> 1 | E38: =IF($D37=0,0,E37/$D37) -> 0.32058833 | F38: 0 | G38: =IF($D37=0,0,G37/$D37)+IF($D37=0,0,F37/$D37) -> 0.67941167 | O38: GP Ratio | Q38: =IF(D37=0,0,Q37/D37) -> 0.15886616 | R38: =IF(D37=0,0,R37/D37) -> 0.16172217 | S38: =SUM(Q38:R38) -> 0.32058833
A41: PTD | B41: Production, Transmission, Distribution Ratio | C41: Ratio Used | D41: Total | E41: Production | F41: Transmission | G41: Distribution | Q41: Non-NLSL | R41: NLSL | S41: Total
B42: Steam Production | C42: PROD | D42: ='Sch 1- Rate Base '!G22 -> 2.8906259e+09 | E42: ='Sch 1- Rate Base '!H22 -> 2.8906259e+09 | F42: ='Sch 1- Rate Base '!I22 -> 0 | G42: ='Sch 1- Rate Base '!J22 -> 0 | Q42: =D42-R42 -> 2.2660542e+09 | R42: =SUMIF('NLSL_Base_New-Calc'!B$11:Z$11,1,'NLSL_Base_New-Calc'!B$17:Z$17) -> 6.2457179e+08
B43: Nuclear Production | C43: PROD | D43: ='Sch 1- Rate Base '!G23 -> 0 | E43: ='Sch 1- Rate Base '!H23 -> 0 | F43: ='Sch 1- Rate Base '!I23 -> 0 | G43: ='Sch 1- Rate Base '!J23 -> 0 | Q43: =D43-R43 -> 0
B44: Hydraulic Production | C44: PROD | D44: ='Sch 1- Rate Base '!G24 -> 4.3336029e+08 | E44: ='Sch 1- Rate Base '!H24 -> 4.3336029e+08 | F44: ='Sch 1- Rate Base '!I24 -> 0 | G44: ='Sch 1- Rate Base '!J24 -> 0 | Q44: =D44-R44 -> 4.3336029e+08 | R44: =SUMIF('NLSL_Base_New-Calc'!B$11:Z$11,2,'NLSL_Base_New-Calc'!B$17:Z$17) -> 0
B45: Other Production | C45: PROD | D45: ='Sch 1- Rate Base '!G25 -> 2.2583856e+09 | E45: ='Sch 1- Rate Base '!H25 -> 2.2583856e+09 | F45: ='Sch 1- Rate Base '!I25 -> 0 | G45: ='Sch 1- Rate Base '!J25 -> 0 | Q45: =D45-R45 -> 11233581 | R45: =SUMIF('NLSL_Base_New-Calc'!B$11:Z$11,3,'NLSL_Base_New-Calc'!B$17:Z$17) -> 2.247152e+09
B46: Total Production Plant | D46: =SUM(D42:D45) -> 5.5823719e+09 | E46: =SUM(E42:E45) -> 5.5823719e+09 | F46: =SUM(F42:F45) -> 0 | G46: =SUM(G42:G45) -> 0 | Q46: =SUM(Q42:Q45) -> 2.710648e+09 | R46: =SUM(R42:R45) -> 2.8717238e+09 | S46: =Q46+R46 -> 5.5823719e+09
B47: Transmission Plant | C47: TRANS | D47: ='Sch 1- Rate Base '!G30 -> 3.295839e+09 | E47: ='Sch 1- Rate Base '!H30 -> 0 | F47: ='Sch 1- Rate Base '!I30 -> 0 | G47: ='Sch 1- Rate Base '!J30 -> 3.295839e+09
B48: Total Distribution Plant | C48: DIST | D48: ='Sch 1- Rate Base '!G34 -> 3.8033447e+09 | E48: ='Sch 1- Rate Base '!H34 -> 0 | F48: ='Sch 1- Rate Base '!I34 -> 0 | G48: ='Sch 1- Rate Base '!J34 -> 3.8033447e+09
B49: TOTAL | D49: =D46+D47+D48 -> 1.2681556e+10 | E49: =E46+E47+E48 -> 5.5823719e+09 | F49: =F46+F47+F48 -> 0 | G49: =G46+G47+G48 -> 7.0991837e+09 | Q49: =Q46 -> 2.710648e+09 | R49: =R46 -> 2.8717238e+09 | S49: =Q49+R49 -> 5.5823719e+09
B50: PTD Ratio | D50: =IF($D49=0,0,D49/$D49) -> 1 | E50: =IF($D49=0,0,E49/$D49) -> 0.44019614 | F50: 0 | G50: =IF($D49=0,0,G49/$D49)+IF($D49=0,0,F49/$D49) -> 0.55980386 | O50: PTD Ratio | Q50: =IF(D49=0,0,Q46/D49) -> 0.21374728 | R50: =IF(D49=0,0,R46/D49) -> 0.22644886 | S50: =Q50+R50 -> 0.44019614
A52: PTDG | B52: Production, Transmission, Distribution and General Plant Ratio | C52: Ratio Used | D52: Total | E52: Production | F52: Transmission | G52: Distribution | Q52: Non-NLSL | R52: NLSL | S52: Total
B53: PTD Total | D53: =D49 -> 1.2681556e+10 | E53: =E49 -> 5.5823719e+09 | F53: =F49 -> 0 | G53: =G49 -> 7.0991837e+09 | Q53: =Q49 -> 2.710648e+09 | R53: =R49 -> 2.8717238e+09 | S53: =Q53+R53 -> 5.5823719e+09
B54: Intangible Plant - Organization | C54: DIST | D54: ='Sch 1- Rate Base '!G16 -> 0 | E54: ='Sch 1- Rate Base '!H16 -> 0 | F54: ='Sch 1- Rate Base '!I16 -> 0 | G54: ='Sch 1- Rate Base '!J16 -> 0
B55: Intangible Plant - Franchises and Consents | C55: DIRECT | D55: ='Sch 1- Rate Base '!G17 -> 71764696 | E55: ='Sch 1- Rate Base '!H17 -> 71764696 | F55: ='Sch 1- Rate Base '!I17 -> 0 | G55: ='Sch 1- Rate Base '!J17 -> 1380340.4 | Q55: =E55*R$4 -> 34846986 | R55: =E55*R$3 -> 36917711 | S55: =Q55+R55 -> 71764696
B56: Intangible Plant - Miscellaneous | C56: DIRECT | D56: ='Sch 1- Rate Base '!G18 -> 3.910104e+08 | E56: ='Sch 1- Rate Base '!H18 -> 1.2980719e+08 | F56: ='Sch 1- Rate Base '!I18 -> 0 | G56: ='Sch 1- Rate Base '!J18 -> 2.6120322e+08 | Q56: =E56*R$4 -> 63030841 | R56: =E56*R$3 -> 66776345 | S56: =Q56+R56 -> 1.2980719e+08
B57: General Plant Total | D57: =D37 -> 6.4884799e+08 | E57: =E37 -> 2.0801309e+08 | F57: =F37 -> 0 | G57: =G37 -> 4.408349e+08 | Q57: =Q37 -> 1.0307999e+08 | R57: =R37 -> 1.049331e+08 | S57: =Q57+R57 -> 2.0801309e+08
B58: TOTAL | D58: =SUM(D53:D57) -> 1.3793179e+10 | E58: =SUM(E53:E57) -> 5.9919568e+09 | F58: =SUM(F53:F57) -> 0 | G58: =SUM(G53:G57) -> 7.8026022e+09 | Q58: =SUM(Q53:Q57) -> 2.9116058e+09 | R58: =SUM(R53:R57) -> 3.080351e+09 | S58: =Q58+R58 -> 5.9919568e+09
B59: PTDG RATIO | D59: =IF($D58=0,0,D58/$D58) -> 1 | E59: =IF($D58=0,0,E58/$D58) -> 0.4344145 | F59: 0 | G59: =IF($D58=0,0,G58/$D58)+IF($D58=0,0,F58/$D58) -> 0.56568557 | O59: PTDG Ratio | Q59: =IF(D58=0,0,Q58/D58) -> 0.21109027 | R59: =IF(D58=0,0,R58/D58) -> 0.22332423 | S59: =Q59+R59 -> 0.4344145
A61: TD | B61: Transmission and Distribution Plant Ratio | C61: Ratio Used | D61: Total | E61: Production | F61: Transmission | G61: Distribution | Q61: Non-NLSL | R61: NLSL | S61: Total
B62: Total Transmission Plant | C62: TRANS | D62: =D47 -> 3.295839e+09 | E62: =E47 -> 0 | F62: =F47 -> 0 | G62: =G47 -> 3.295839e+09
B63: Total Distribution Plant | C63: DIST | D63: =D48 -> 3.8033447e+09 | E63: =E48 -> 0 | F63: =F48 -> 0 | G63: =G48 -> 3.8033447e+09
B64: TOTAL | D64: =SUM(D62:D63) -> 7.0991837e+09 | E64: =SUM(E62:E63) -> 0 | F64: =SUM(F62:F63) -> 0 | G64: =SUM(G62:G63) -> 7.0991837e+09 | Q64: =SUM(Q62:Q63) -> 0 | R64: =SUM(R62:R63) -> 0 | S64: =Q64+R64 -> 0
B65: TD RATIO | D65: =IF($D64=0,0,D64/$D64) -> 1 | E65: =IF($D64=0,0,E64/$D64) -> 0 | F65: =IF($D64=0,0,F64/$D64) -> 0 | G65: =IF($D64=0,0,G64/$D64) -> 1 | O65: TD Ratio | Q65: =IF(D64=0,0,Q64/D64) -> 0 | R65: =IF(D64=0,0,R64/D64) -> 0 | S65: =Q65+R65 -> 0
A68: GPM | B68: Maintenance of General Plant Ratio | C68: Ratio Used | D68: Total | E68: Production | F68: Transmission | G68: Distribution | Q68: Non-NLSL | R68: NLSL | S68: Total
B69: Structures and Improvements | C69: =C26 -> PTD | D69: =D26 -> 1.345266e+08 | E69: =E26 -> 59218092 | F69: =F26 -> 0 | G69: =G26 -> 75308511 | Q69: =D69*Q$50 -> 28754696 | R69: =D69*R$50 -> 30463396 | S69: =Q69+R69 -> 59218092
B70: Furniture and Equipment | C70: =C27 -> LABOR | D70: =D27 -> 38698719 | E70: =E27 -> 16131693 | F70: =F27 -> 0 | G70: =G27 -> 22567026 | Q70: =D70*Q$22 -> 9907598.6 | R70: =D70*R$22 -> 6224094 | S70: =Q70+R70 -> 16131693
B71: Communication Equipment | C71: =C33 -> PTD | D71: =D33 -> 2.2516638e+08 | E71: =E33 -> 99117374 | F71: =F33 -> 0 | G71: =G33 -> 1.2604901e+08 | Q71: =D71*Q$50 -> 48128703 | R71: =D71*R$50 -> 50988672 | S71: =Q71+R71 -> 99117374
B72: Miscellaneous Equipment | C72: =C34 -> PTD | D72: =D34 -> 3889871.2 | E72: =E34 -> 1712306.3 | F72: =F34 -> 0 | G72: =G34 -> 2177564.9 | Q72: =D72*Q$50 -> 831449.4 | R72: =D72*R$50 -> 880856.92 | S72: =Q72+R72 -> 1712306.3
B73: TOTAL | D73: =SUM(D69:D72) -> 4.0228158e+08 | E73: =SUM(E69:E72) -> 1.7617947e+08 | F73: =SUM(F69:F72) -> 0 | G73: =SUM(G69:G72) -> 2.2610211e+08 | Q73: =SUM(Q69:Q72) -> 87622446 | R73: =SUM(R69:R72) -> 88557019 | S73: =Q73+R73 -> 1.7617947e+08
B74: GPM RATIO | D74: =IF($D73=0,0,D73/$D73) -> 1 | E74: =IF($D73=0,0,E73/$D73) -> 0.43795062 | F74: 0 | G74: =IF($D73=0,0,G73/$D73)+IF($D73=0,0,F73/$D73) -> 0.56204938 | O74: GPM Ratio | Q74: =IF(D73=0,0,Q73/D73) -> 0.21781372 | R74: =IF(D73=0,0,R73/D73) -> 0.2201369 | S74: =Q74+R74 -> 0.43795062
B76: SUMMARY RATIO TABLE | Q76: Non-NLSL | R76: NLSL | S76: Total
P77: CONS
B78: Direct to Distribution | D78: DIST | E78: 0 | F78: 0 | G78: 1 | H78: =ROW() -> 78 | J78: DIST | K78: =VLOOKUP(J78,$D$78:$H$87,5,FALSE) -> 78 | P78: DIST | Q78: 0
B79: Direct to Production | D79: PROD | E79: 1 | F79: 0 | G79: 0 | H79: =ROW() -> 79 | J79: PROD | K79: =VLOOKUP(J79,$D$78:$H$87,5,FALSE) -> 79 | P79: PROD
B80: Direct to Transmission | D80: TRANS | E80: 0 | F80: 0 | G80: 1 | H80: =ROW() -> 80 | J80: TRANS | K80: =VLOOKUP(J80,$D$78:$H$87,5,FALSE) -> 80 | P80: TRANS | Q80: 0
B81: Direct Allocation | D81: DIRECT | E81: 0 | F81: 0 | G81: 0 | H81: =ROW() -> 81 | J81: DIRECT | K81: =VLOOKUP(J81,$D$78:$H$87,5,FALSE) -> 81 | P81: DIRECT
B82: General Plant | D82: GP | E82: =E38 -> 0.32058833 | F82: =F38 -> 0 | G82: =G38 -> 0.67941167 | H82: =ROW() -> 82 | J82: GP | K82: =VLOOKUP(J82,$D$78:$H$87,5,FALSE) -> 82 | P82: GP | Q82: =Q38 -> 0.15886616 | R82: =R38 -> 0.16172217 | S82: =Q82+R82 -> 0.32058833
B83: Maintenance of General Plant | D83: GPM | E83: =E74 -> 0.43795062 | F83: =F74 -> 0 | G83: =G74 -> 0.56204938 | H83: =ROW() -> 83 | J83: GPM | K83: =VLOOKUP(J83,$D$78:$H$87,5,FALSE) -> 83 | P83: GPM | Q83: =Q74 -> 0.21781372 | R83: =R74 -> 0.2201369 | S83: =Q83+R83 -> 0.43795062
B84: Labor Ratios | D84: LABOR | E84: =E22 -> 0.4168534 | F84: =F22 -> 0 | G84: =G22 -> 0.5831466 | H84: =ROW() -> 84 | J84: LABOR | K84: =VLOOKUP(J84,$D$78:$H$87,5,FALSE) -> 84 | P84: LABOR | Q84: =Q22 -> 0.25601877 | R84: =R22 -> 0.16083463 | S84: =Q84+R84 -> 0.4168534
B85: Production, Transmission, Distribution | D85: PTD | E85: =E50 -> 0.44019614 | F85: =F50 -> 0 | G85: =G50 -> 0.55980386 | H85: =ROW() -> 85 | J85: PTD | K85: =VLOOKUP(J85,$D$78:$H$87,5,FALSE) -> 85 | P85: PTD | Q85: =Q50 -> 0.21374728 | R85: =R50 -> 0.22644886 | S85: =Q85+R85 -> 0.44019614
B86: Production, Transmission, Distribution, General | D86: PTDG | E86: =E59 -> 0.4344145 | F86: =F59 -> 0 | G86: =G59 -> 0.56568557 | H86: =ROW() -> 86 | J86: PTDG | K86: =VLOOKUP(J86,$D$78:$H$87,5,FALSE) -> 86 | P86: PTDG | Q86: =Q59 -> 0.21109027 | R86: =R59 -> 0.22332423 | S86: =Q86+R86 -> 0.4344145
B87: Transmission, Distribution | D87: TD | E87: =E65 -> 0 | F87: =F65 -> 0 | G87: =G65 -> 1 | H87: =ROW() -> 87 | J87: TD | K87: =VLOOKUP(J87,$D$78:$H$87,5,FALSE) -> 87 | P87: TD | Q87: =Q65 -> 0 | R87: =R65 -> 0 | S87: =Q87+R87 -> 0

Sheet A-RHWM_Ratios
A1: BONNEVILLE POWER ADMINISTRATION | M1: Above-RHWM Production Plant | R1: =R46 -> 255938718
A2: RESIDENTIAL PURCHASE AND SALE AGREEMENT | M2: Total Production Plant | R2: =E46 -> 5.5823719e+09
A3: 2008 Average System Cost Methodology (ASCM) Appendix 1 | M3: Above-RHWM Production Plant percent of Total Prod. Plant | R3: =IF(R2=0,0,R1/R2) -> 0.045847665
M4: Non-NLSL Production plant percent of Total Prod. Plant | R4: =IF(R2=0,0,(R2-R1)/R2) -> 0.95415233
A5: TOC | B5: UTILITY NAME: | C5: ='Sch 1- Rate Base '!$E$5 -> PacifiCorp
A6: é | B6: End of Year Report Period: | C6: ='Sch 1- Rate Base '!$E$6 -> 2023 | M6: Above-RHWM Production Plant O&M | R6: ='Above-RHWM_Base_Calc'!AA33+'Above-RHWM_Base_Calc'!AA34 -> 4154216
B7: ASC Filing Date: | C7: ='Sch 1- Rate Base '!$E$7 -> 45446 | M7: Total Production Plant O&M | R7: ='Sch 3 - Expenses'!H17+'Sch 3 - Expenses'!H18+'Sch 3 - Expenses'!H21+'Sch 3 - Expenses'!H22+'Sch 3 - Expenses'!H24+'Sch 3 - Expenses'!H25+'Sch 3 - Expenses'!H28+'Sch 3 - Expenses'!H29 -> 1.8269479e+08
M8: Above-RHWM Production Plant O&M percent of Total Prod. Plant O&M | R8: =IF(R7=0,0,R6/R7) -> 0.022738558
A9: Ratio Table | M9: Non-NLSL Production Plant O&M percent of Total Prod. Plant O&M | R9: =IF(R7=0,0,(R7-R6)/R7) -> 0.97726144
Q11: Production
A12: Labor Ratio Input: | C12: Ratio Used | D12: Total | E12: Production | F12: Transmission | G12: Distribution | Q12: Non-NLSL | R12: NLSL | S12: Total
B13: Production | C13: PROD | D13: =Salaries!D33 -> 143401785 | E13: =VLOOKUP($C13,Ratio,2,FALSE)*$D13 -> 143401785 | F13: =VLOOKUP($C13,Ratio,3,FALSE)*$D13 -> 0 | G13: =VLOOKUP($C13,Ratio,4,FALSE)*$D13 -> 0 | Q13: =E13*R9 -> 1.4014104e+08 | R13: =E13*R8 -> 3260749.8 | S13: =SUM(Q13:R13) -> 143401785
B14: Transmission | C14: TRANS | D14: =Salaries!D34 -> 33170529 | E14: =VLOOKUP($C14,Ratio,2,FALSE)*$D14 -> 0 | F14: =VLOOKUP($C14,Ratio,3,FALSE)*$D14 -> 33170529 | G14: =VLOOKUP($C14,Ratio,4,FALSE)*$D14 -> 0 | Q14: 0 | R14: 0
B15: Distribution | C15: DIST | D15: =Salaries!D35 -> 131214060 | E15: =VLOOKUP($C15,Ratio,2,FALSE)*$D15 -> 0 | F15: =VLOOKUP($C15,Ratio,3,FALSE)*$D15 -> 0 | G15: =VLOOKUP($C15,Ratio,4,FALSE)*$D15 -> 131214060 | Q15: 0 | R15: 0
B16: Customer Accounts | C16: DIST | D16: =Salaries!D36 -> 29892118 | E16: =VLOOKUP($C16,Ratio,2,FALSE)*$D16 -> 0 | F16: =VLOOKUP($C16,Ratio,3,FALSE)*$D16 -> 0 | G16: =VLOOKUP($C16,Ratio,4,FALSE)*$D16 -> 29892118 | I16: Prod. | J16: Trans. | K16: Dist. | Q16: 0 | R16: 0
B17: Customer Service and Informational | C17: DIST | D17: =Salaries!D37 -> 8580394 | E17: =IF($C17="DIRECT",I17,VLOOKUP($C17,Ratio,2,FALSE)*$D17) -> 0 | F17: =IF($C17="DIRECT",J17,VLOOKUP($C17,Ratio,3,FALSE)*$D17) -> 0 | G17: =IF($C17="DIRECT",K17,VLOOKUP($C17,Ratio,4,FALSE)*$D17) -> 8580394 | Q17: =E17 -> 0 | R17: 0 | S17: =SUM(Q17:R17) -> 0
B18: Sales | C18: DIST | D18: =Salaries!D38 -> 0 | E18: =VLOOKUP($C18,Ratio,2,FALSE)*$D18 -> 0 | F18: =VLOOKUP($C18,Ratio,3,FALSE)*$D18 -> 0 | G18: =VLOOKUP($C18,Ratio,4,FALSE)*$D18 -> 0 | Q18: 0 | R18: 0
B19: Administrative & General | C19: PTD | D19: =Salaries!D39 -> 40158501 | E19: =VLOOKUP($C19,Ratio,2,FALSE)*$D19 -> 17677617 | F19: =VLOOKUP($C19,Ratio,3,FALSE)*$D19 -> 0 | G19: =VLOOKUP($C19,Ratio,4,FALSE)*$D19 -> 22480884 | Q19: =D19*Q50 -> 16867140 | R19: =D19*R50 -> 810477.48 | S19: =SUM(Q19:R19) -> 17677617
A21: Total Labor | D21: =SUM(D13:D20) -> 386417387 | E21: =SUM(E13:E20) -> 1.610794e+08 | F21: =SUM(F13:F20) -> 33170529 | G21: =SUM(G13:G20) -> 1.9216746e+08 | Q21: =SUM(Q13:Q19) -> 1.5700817e+08 | R21: =SUM(R13:R19) -> 4071227.3 | S21: =SUM(Q21:R21) -> 1.610794e+08
B22: Labor Ratio | D22: =IF($D21=0,0,D21/$D21) -> 1 | E22: =IF($D21=0,0,E21/$D21) -> 0.4168534 | F22: =IF($D21=0,0,F21/$D21) -> 0.085841192 | G22: =IF($D21=0,0,G21/$D21) -> 0.49730541 | O22: Labor Ratio | Q22: =IF(D21=0,0,Q21/D21) -> 0.40631757 | R22: =IF(D21=0,0,R21/D21) -> 0.010535828 | S22: =SUM(Q22:R22) -> 0.4168534
A24: GP | B24: General Plant Ratio | C24: Ratio Used | D24: Total | E24: Production | F24: Transmission | G24: Distribution | Q24: Non-NLSL | R24: NLSL | S24: Total
B25: Land and Land Rights | C25: PTD | D25: ='Sch 1- Rate Base '!G37 -> 10980785 | E25: ='Sch 1- Rate Base '!H37 -> 4833699.1 | F25: ='Sch 1- Rate Base '!I37 -> 0 | G25: ='Sch 1- Rate Base '!J37 -> 6147085.6 | Q25: =D25*Q$50 -> 4612085.2 | R25: =D25*R$50 -> 221613.82 | S25: =SUM(Q25:R25) -> 4833699.1
B26: Structures and Improvements | C26: PTD | D26: ='Sch 1- Rate Base '!G38 -> 1.345266e+08 | E26: ='Sch 1- Rate Base '!H38 -> 59218092 | F26: ='Sch 1- Rate Base '!I38 -> 0 | G26: ='Sch 1- Rate Base '!J38 -> 75308511 | Q26: =D26*Q$50 -> 56503081 | R26: =D26*R$50 -> 2715011.3 | S26: =SUM(Q26:R26) -> 59218092
B27: Furniture and Equipment | C27: LABOR | D27: ='Sch 1- Rate Base '!G39 -> 38698719 | E27: ='Sch 1- Rate Base '!H39 -> 16131693 | F27: ='Sch 1- Rate Base '!I39 -> 0 | G27: ='Sch 1- Rate Base '!J39 -> 22567026 | Q27: =D27*Q$22 -> 15723970 | R27: =D27*R$22 -> 407723.06 | S27: =SUM(Q27:R27) -> 16131693
B28: Transportation Equipment | C28: TD | D28: ='Sch 1- Rate Base '!G40 -> 70926423 | E28: ='Sch 1- Rate Base '!H40 -> 0 | F28: ='Sch 1- Rate Base '!I40 -> 0 | G28: ='Sch 1- Rate Base '!J40 -> 70926423 | Q28: 0 | R28: 0
B29: Stores Equipment | C29: PTD | D29: ='Sch 1- Rate Base '!G41 -> 8843323.2 | E29: ='Sch 1- Rate Base '!H41 -> 3892796.8 | F29: ='Sch 1- Rate Base '!I41 -> 0 | G29: ='Sch 1- Rate Base '!J41 -> 4950526.4 | Q29: =D29*Q$50 -> 3714321.1 | R29: =D29*R$50 -> 178475.64 | S29: =SUM(Q29:R29) -> 3892796.8
B30: Tools and Garage Equipment | C30: PTD | D30: ='Sch 1- Rate Base '!G42 -> 28801736 | E30: ='Sch 1- Rate Base '!H42 -> 12678413 | F30: ='Sch 1- Rate Base '!I42 -> 0 | G30: ='Sch 1- Rate Base '!J42 -> 16123323 | Q30: =D30*Q$50 -> 12097137 | R30: =D30*R$50 -> 581275.64 | S30: =SUM(Q30:R30) -> 12678413
B31: Laboratory Equipment | C31: PTD | D31: ='Sch 1- Rate Base '!G43 -> 22065131 | E31: ='Sch 1- Rate Base '!H43 -> 9712985.6 | F31: ='Sch 1- Rate Base '!I43 -> 0 | G31: ='Sch 1- Rate Base '!J43 -> 12352145 | Q31: =D31*Q$50 -> 9267667.9 | R31: =D31*R$50 -> 445317.71 | S31: =SUM(Q31:R31) -> 9712985.6
B32: Power Operated Equipment | C32: TD | D32: ='Sch 1- Rate Base '!G44 -> 1.0422438e+08 | E32: ='Sch 1- Rate Base '!H44 -> 0 | F32: ='Sch 1- Rate Base '!I44 -> 0 | G32: ='Sch 1- Rate Base '!J44 -> 1.0422438e+08 | Q32: 0 | R32: 0
B33: Communication Equipment | C33: PTD | D33: ='Sch 1- Rate Base '!G45 -> 2.2516638e+08 | E33: ='Sch 1- Rate Base '!H45 -> 99117374 | F33: ='Sch 1- Rate Base '!I45 -> 0 | G33: ='Sch 1- Rate Base '!J45 -> 1.2604901e+08 | Q33: =D33*Q$50 -> 94573074 | R33: =D33*R$50 -> 4544300.2 | S33: =SUM(Q33:R33) -> 99117374
B34: Miscellaneous Equipment | C34: PTD | D34: ='Sch 1- Rate Base '!G46 -> 3889871.2 | E34: ='Sch 1- Rate Base '!H46 -> 1712306.3 | F34: ='Sch 1- Rate Base '!I46 -> 0 | G34: ='Sch 1- Rate Base '!J46 -> 2177564.9 | Q34: =D34*Q$50 -> 1633801.1 | R34: =D34*R$50 -> 78505.247 | S34: =SUM(Q34:R34) -> 1712306.3
B35: Other Tangible Property | C35: ='Sch 1- Rate Base '!E47 -> DIRECT | D35: ='Sch 1- Rate Base '!G47 -> 708735.65 | E35: ='Sch 1- Rate Base '!H47 -> 708735.65 | F35: ='Sch 1- Rate Base '!I47 -> 0 | G35: ='Sch 1- Rate Base '!J47 -> 0 | Q35: =E35*R4 -> 676241.78 | R35: =E35*R3 -> 32493.875
B36: Asset Retirement Costs for General Plant | C36: PTD | D36: ='Sch 1- Rate Base '!G48 -> 15896.576 | E36: ='Sch 1- Rate Base '!H48 -> 6997.6116 | F36: ='Sch 1- Rate Base '!I48 -> 0 | G36: ='Sch 1- Rate Base '!J48 -> 8898.9647 | Q36: =D36*Q$50 -> 6676.7874 | R36: =D36*R$50 -> 320.82415 | S36: =SUM(Q36:R36) -> 6997.6116
B37: TOTAL | D37: =SUM(D25:D36) -> 6.4884799e+08 | E37: =SUM(E25:E36) -> 2.0801309e+08 | F37: =SUM(F25:F36) -> 0 | G37: =SUM(G25:G36) -> 4.408349e+08 | Q37: =SUM(Q25:Q36) -> 1.9880806e+08 | R37: =SUM(R25:R36) -> 9205037.3 | S37: =SUM(Q37:R37) -> 2.0801309e+08
B38: RATIO (GP) | D38: =IF($D37=0,0,D37/$D37) -> 1 | E38: =IF($D37=0,0,E37/$D37) -> 0.32058833 | F38: =IF($D37=0,0,F37/$D37) -> 0 | G38: =IF($D37=0,0,G37/$D37) -> 0.67941167 | O38: GP Ratio | Q38: =IF(D37=0,0,Q37/D37) -> 0.30640159 | R38: =IF(D37=0,0,R37/D37) -> 0.014186739 | S38: =SUM(Q38:R38) -> 0.32058833
A41: PTD | B41: Production, Transmission, Distribution Ratio | C41: Ratio Used | D41: Total | E41: Production | F41: Transmission | G41: Distribution | Q41: Non-NLSL | R41: NLSL | S41: Total
B42: Steam Production | C42: PROD | D42: ='Sch 1- Rate Base '!G22 -> 2.8906259e+09 | E42: ='Sch 1- Rate Base '!H22 -> 2.8906259e+09 | F42: ='Sch 1- Rate Base '!I22 -> 0 | G42: ='Sch 1- Rate Base '!J22 -> 0 | Q42: =D42-R42 -> 2.8906259e+09 | R42: =SUMIF('Above-RHWM_Base_Calc'!B$11:Z$11,1,'Above-RHWM_Base_Calc'!B$17:Z$17) -> 0
B43: Nuclear Production | C43: PROD | D43: ='Sch 1- Rate Base '!G23 -> 0 | E43: ='Sch 1- Rate Base '!H23 -> 0 | F43: ='Sch 1- Rate Base '!I23 -> 0 | G43: ='Sch 1- Rate Base '!J23 -> 0 | Q43: =D43-R43 -> 0
B44: Hydraulic Production | C44: PROD | D44: ='Sch 1- Rate Base '!G24 -> 4.3336029e+08 | E44: ='Sch 1- Rate Base '!H24 -> 4.3336029e+08 | F44: ='Sch 1- Rate Base '!I24 -> 0 | G44: ='Sch 1- Rate Base '!J24 -> 0 | Q44: =D44-R44 -> 4.3336029e+08 | R44: =SUMIF('Above-RHWM_Base_Calc'!B$11:Z$11,2,'Above-RHWM_Base_Calc'!B$17:Z$17) -> 0
B45: Other Production | C45: PROD | D45: ='Sch 1- Rate Base '!G25 -> 2.2583856e+09 | E45: ='Sch 1- Rate Base '!H25 -> 2.2583856e+09 | F45: ='Sch 1- Rate Base '!I25 -> 0 | G45: ='Sch 1- Rate Base '!J25 -> 0 | Q45: =D45-R45 -> 2.0024469e+09 | R45: =SUMIF('Above-RHWM_Base_Calc'!B$11:Z$11,3,'Above-RHWM_Base_Calc'!B$17:Z$17) -> 255938718
B46: Total Production Plant | D46: =SUM(D42:D45) -> 5.5823719e+09 | E46: =SUM(E42:E45) -> 5.5823719e+09 | F46: =SUM(F42:F45) -> 0 | G46: =SUM(G42:G45) -> 0 | Q46: =SUM(Q42:Q45) -> 5.3264331e+09 | R46: =SUM(R42:R45) -> 255938718 | S46: =Q46+R46 -> 5.5823719e+09
B47: Transmission Plant | C47: TRANS | D47: ='Sch 1- Rate Base '!G30 -> 3.295839e+09 | E47: ='Sch 1- Rate Base '!H30 -> 0 | F47: ='Sch 1- Rate Base '!I30 -> 0 | G47: ='Sch 1- Rate Base '!J30 -> 3.295839e+09
B48: Total Distribution Plant | C48: DIST | D48: ='Sch 1- Rate Base '!G34 -> 3.8033447e+09 | E48: ='Sch 1- Rate Base '!H34 -> 0 | F48: ='Sch 1- Rate Base '!I34 -> 0 | G48: ='Sch 1- Rate Base '!J34 -> 3.8033447e+09
B49: TOTAL | D49: =D46+D47+D48 -> 1.2681556e+10 | E49: =E46+E47+E48 -> 5.5823719e+09 | F49: =F46+F47+F48 -> 0 | G49: =G46+G47+G48 -> 7.0991837e+09 | Q49: =Q46 -> 5.3264331e+09 | R49: =R46 -> 255938718 | S49: =Q49+R49 -> 5.5823719e+09
B50: PTD Ratio | D50: =IF($D49=0,0,D49/$D49) -> 1 | E50: =IF($D49=0,0,E49/$D49) -> 0.44019614 | F50: =IF($D49=0,0,F49/$D49) -> 0 | G50: =IF($D49=0,0,G49/$D49) -> 0.55980386 | O50: PTD Ratio | Q50: =IF(D49=0,0,Q46/D49) -> 0.42001418 | R50: =IF(D49=0,0,R46/D49) -> 0.020181966 | S50: =Q50+R50 -> 0.44019614
A52: PTDG | B52: Production, Transmission, Distribution and General Plant Ratio | C52: Ratio Used | D52: Total | E52: Production | F52: Transmission | G52: Distribution | Q52: Non-NLSL | R52: NLSL | S52: Total
B53: PTD Total | D53: =D49 -> 1.2681556e+10 | E53: =E49 -> 5.5823719e+09 | F53: =F49 -> 0 | G53: =G49 -> 7.0991837e+09 | Q53: =Q49 -> 5.3264331e+09 | R53: =R49 -> 255938718 | S53: =Q53+R53 -> 5.5823719e+09
B54: Intangible Plant - Organization | C54: DIST | D54: ='Sch 1- Rate Base '!G16 -> 0 | E54: ='Sch 1- Rate Base '!H16 -> 0 | F54: ='Sch 1- Rate Base '!I16 -> 0 | G54: ='Sch 1- Rate Base '!J16 -> 0
B55: Intangible Plant - Franchises and Consents | C55: ='Sch 1- Rate Base '!E17 -> DIRECT | D55: ='Sch 1- Rate Base '!G17 -> 71764696 | E55: ='Sch 1- Rate Base '!H17 -> 71764696 | F55: ='Sch 1- Rate Base '!I17 -> 0 | G55: ='Sch 1- Rate Base '!J17 -> 1380340.4 | Q55: =E55*R$4 -> 68474452 | R55: =E55*R$3 -> 3290243.8 | S55: =Q55+R55 -> 71764696
B56: Intangible Plant - Miscellaneous | C56: ='Sch 1- Rate Base '!E18 -> DIRECT | D56: ='Sch 1- Rate Base '!G18 -> 3.910104e+08 | E56: ='Sch 1- Rate Base '!H18 -> 1.2980719e+08 | F56: ='Sch 1- Rate Base '!I18 -> 0 | G56: ='Sch 1- Rate Base '!J18 -> 2.6120322e+08 | Q56: =E56*R$4 -> 1.2385583e+08 | R56: =E56*R$3 -> 5951356.5 | S56: =Q56+R56 -> 1.2980719e+08
B57: General Plant Total | D57: =D37 -> 6.4884799e+08 | E57: =E37 -> 2.0801309e+08 | F57: =F37 -> 0 | G57: =G37 -> 4.408349e+08 | Q57: =Q37 -> 1.9880806e+08 | R57: =R37 -> 9205037.3 | S57: =Q57+R57 -> 2.0801309e+08
B58: TOTAL | D58: =SUM(D53:D57) -> 1.3793179e+10 | E58: =SUM(E53:E57) -> 5.9919568e+09 | F58: =SUM(F53:F57) -> 0 | G58: =SUM(G53:G57) -> 7.8026022e+09 | Q58: =SUM(Q53:Q57) -> 5.7175715e+09 | R58: =SUM(R53:R57) -> 2.7438536e+08 | S58: =Q58+R58 -> 5.9919568e+09
B59: PTDG RATIO | D59: =IF($D58=0,0,D58/$D58) -> 1 | E59: =IF($D58=0,0,E58/$D58) -> 0.4344145 | F59: =IF($D58=0,0,F58/$D58) -> 0 | G59: =IF($D58=0,0,G58/$D58) -> 0.56568557 | O59: PTDG Ratio | Q59: =IF(D58=0,0,Q58/D58) -> 0.41452167 | R59: =IF(D58=0,0,R58/D58) -> 0.01989283 | S59: =Q59+R59 -> 0.4344145
A61: TD | B61: Transmission and Distribution Plant Ratio | C61: Ratio Used | D61: Total | E61: Production | F61: Transmission | G61: Distribution | Q61: Non-NLSL | R61: NLSL | S61: Total
B62: Total Transmission Plant | C62: TRANS | D62: =D47 -> 3.295839e+09 | E62: =E47 -> 0 | F62: =F47 -> 0 | G62: =G47 -> 3.295839e+09
B63: Total Distribution Plant | C63: DIST | D63: =D48 -> 3.8033447e+09 | E63: =E48 -> 0 | F63: =F48 -> 0 | G63: =G48 -> 3.8033447e+09
B64: TOTAL | D64: =SUM(D62:D63) -> 7.0991837e+09 | E64: =SUM(E62:E63) -> 0 | F64: =SUM(F62:F63) -> 0 | G64: =SUM(G62:G63) -> 7.0991837e+09 | Q64: =SUM(Q62:Q63) -> 0 | R64: =SUM(R62:R63) -> 0 | S64: =Q64+R64 -> 0
B65: TD RATIO | D65: =IF($D64=0,0,D64/$D64) -> 1 | E65: =IF($D64=0,0,E64/$D64) -> 0 | F65: =IF($D64=0,0,F64/$D64) -> 0 | G65: =IF($D64=0,0,G64/$D64) -> 1 | O65: TD Ratio | Q65: =IF(D64=0,0,Q64/D64) -> 0 | R65: =IF(D64=0,0,R64/D64) -> 0 | S65: =Q65+R65 -> 0
A68: GPM | B68: Maintenance of General Plant Ratio | C68: Ratio Used | D68: Total | E68: Production | F68: Transmission | G68: Distribution | Q68: Non-NLSL | R68: NLSL | S68: Total
B69: Structures and Improvements | C69: =C26 -> PTD | D69: =D26 -> 1.345266e+08 | E69: =E26 -> 59218092 | F69: =F26 -> 0 | G69: =G26 -> 75308511 | Q69: =D69*Q$50 -> 56503081 | R69: =D69*R$50 -> 2715011.3 | S69: =Q69+R69 -> 59218092
B70: Furniture and Equipment | C70: =C27 -> LABOR | D70: =D27 -> 38698719 | E70: =E27 -> 16131693 | F70: =F27 -> 0 | G70: =G27 -> 22567026 | Q70: =D70*Q$22 -> 15723970 | R70: =D70*R$22 -> 407723.06 | S70: =Q70+R70 -> 16131693
B71: Communication Equipment | C71: =C33 -> PTD | D71: =D33 -> 2.2516638e+08 | E71: =E33 -> 99117374 | F71: =F33 -> 0 | G71: =G33 -> 1.2604901e+08 | Q71: =D71*Q$50 -> 94573074 | R71: =D71*R$50 -> 4544300.2 | S71: =Q71+R71 -> 99117374
B72: Miscellaneous Equipment | C72: =C34 -> PTD | D72: =D34 -> 3889871.2 | E72: =E34 -> 1712306.3 | F72: =F34 -> 0 | G72: =G34 -> 2177564.9 | Q72: =D72*Q$50 -> 1633801.1 | R72: =D72*R$50 -> 78505.247 | S72: =Q72+R72 -> 1712306.3
B73: TOTAL | D73: =SUM(D69:D72) -> 4.0228158e+08 | E73: =SUM(E69:E72) -> 1.7617947e+08 | F73: =SUM(F69:F72) -> 0 | G73: =SUM(G69:G72) -> 2.2610211e+08 | Q73: =SUM(Q69:Q72) -> 1.6843393e+08 | R73: =SUM(R69:R72) -> 7745539.8 | S73: =Q73+R73 -> 1.7617947e+08
B74: GPM RATIO | D74: =IF($D73=0,0,D73/$D73) -> 1 | E74: =IF($D73=0,0,E73/$D73) -> 0.43795062 | F74: =IF($D73=0,0,F73/$D73) -> 0 | G74: =IF($D73=0,0,G73/$D73) -> 0.56204938 | O74: GPM Ratio | Q74: =IF(D73=0,0,Q73/D73) -> 0.41869659 | R74: =IF(D73=0,0,R73/D73) -> 0.019254026 | S74: =Q74+R74 -> 0.43795062
B76: SUMMARY RATIO TABLE | Q76: Non-NLSL | R76: NLSL | S76: Total
P77: CONS
B78: Direct to Distribution | D78: DIST | E78: 0 | F78: 0 | G78: 1 | H78: =ROW() -> 78 | J78: DIST | K78: =VLOOKUP(J78,$D$78:$H$87,5,FALSE) -> 78 | P78: DIST | Q78: 0
B79: Direct to Production | D79: PROD | E79: 1 | F79: 0 | G79: 0 | H79: =ROW() -> 79 | J79: PROD | K79: =VLOOKUP(J79,$D$78:$H$87,5,FALSE) -> 79 | P79: PROD
B80: Direct to Transmission | D80: TRANS | E80: 0 | F80: 1 | G80: 0 | H80: =ROW() -> 80 | J80: TRANS | K80: =VLOOKUP(J80,$D$78:$H$87,5,FALSE) -> 80 | P80: TRANS | Q80: 0
B81: Direct Allocation | D81: DIRECT | E81: 0 | F81: 0 | G81: 0 | H81: =ROW() -> 81 | J81: DIRECT | K81: =VLOOKUP(J81,$D$78:$H$87,5,FALSE) -> 81 | P81: DIRECT
B82: General Plant | D82: GP | E82: =E38 -> 0.32058833 | F82: =F38 -> 0 | G82: =G38 -> 0.67941167 | H82: =ROW() -> 82 | J82: GP | K82: =VLOOKUP(J82,$D$78:$H$87,5,FALSE) -> 82 | P82: GP | Q82: =Q38 -> 0.30640159 | R82: =R38 -> 0.014186739 | S82: =Q82+R82 -> 0.32058833
B83: Maintenance of General Plant | D83: GPM | E83: =E74 -> 0.43795062 | F83: =F74 -> 0 | G83: =G74 -> 0.56204938 | H83: =ROW() -> 83 | J83: GPM | K83: =VLOOKUP(J83,$D$78:$H$87,5,FALSE) -> 83 | P83: GPM | Q83: =Q74 -> 0.41869659 | R83: =R74 -> 0.019254026 | S83: =Q83+R83 -> 0.43795062
B84: Labor Ratios | D84: LABOR | E84: =E22 -> 0.4168534 | F84: =F22 -> 0.085841192 | G84: =G22 -> 0.49730541 | H84: =ROW() -> 84 | J84: LABOR | K84: =VLOOKUP(J84,$D$78:$H$87,5,FALSE) -> 84 | P84: LABOR | Q84: =Q22 -> 0.40631757 | R84: =R22 -> 0.010535828 | S84: =Q84+R84 -> 0.4168534
B85: Production, Transmission, Distribution | D85: PTD | E85: =E50 -> 0.44019614 | F85: =F50 -> 0 | G85: =G50 -> 0.55980386 | H85: =ROW() -> 85 | J85: PTD | K85: =VLOOKUP(J85,$D$78:$H$87,5,FALSE) -> 85 | P85: PTD | Q85: =Q50 -> 0.42001418 | R85: =R50 -> 0.020181966 | S85: =Q85+R85 -> 0.44019614
B86: Production, Transmission, Distribution, General | D86: PTDG | E86: =E59 -> 0.4344145 | F86: =F59 -> 0 | G86: =G59 -> 0.56568557 | H86: =ROW() -> 86 | J86: PTDG | K86: =VLOOKUP(J86,$D$78:$H$87,5,FALSE) -> 86 | P86: PTDG | Q86: =Q59 -> 0.41452167 | R86: =R59 -> 0.01989283 | S86: =Q86+R86 -> 0.4344145
B87: Transmission, Distribution | D87: TD | E87: =E65 -> 0 | F87: =F65 -> 0 | G87: =G65 -> 1 | H87: =ROW() -> 87 | J87: TD | K87: =VLOOKUP(J87,$D$78:$H$87,5,FALSE) -> 87 | P87: TD | Q87: =Q65 -> 0 | R87: =R65 -> 0 | S87: =Q87+R87 -> 0

Sheet New Resources - Individual
B1: ='Sch 1- Rate Base '!E5 -> PacifiCorp | AG1: 2008 | AH1: 1
A2: TOC | B2: Rate Period Mid-Point From ASC Tab | E2: Online Year | AG2: 2009 | AH2: 2
A3: é | B3: 46478 | E3: Online Month | AG3: 2010 | AH3: 3
E4: =B3 -> 46478 | F4: =IF(ISERROR(DATE(F2,F3,1)),"",(DATE(F2,F3,1))) | G4: =IF(ISERROR(DATE(G2,G3,1)),"",(DATE(G2,G3,1))) | H4: =IF(ISERROR(DATE(H2,H3,1)),"",(DATE(H2,H3,1))) | I4: =IF(ISERROR(DATE(I2,I3,1)),"",(DATE(I2,I3,1))) | J4: =IF(ISERROR(DATE(J2,J3,1)),"",(DATE(J2,J3,1))) | K4: =IF(ISERROR(DATE(K2,K3,1)),"",(DATE(K2,K3,1))) | L4: =IF(ISERROR(DATE(L2,L3,1)),"",(DATE(L2,L3,1))) | M4: =IF(ISERROR(DATE(M2,M3,1)),"",(DATE(M2,M3,1))) | ... Y4: =IF(ISERROR(DATE(Y2,Y3,1)),"",(DATE(Y2,Y3,1))) | AG4: 2011 | AH4: 4
A5: 1 | B5: 2 | C5: 3 | D5: 4 | E5: 5 | F5: 6 | G5: 7 | H5: 8 | I5: 9 | J5: 10 | K5: 11 | L5: 12 | M5: 13 | N5: 14 | O5: 15 | P5: 16 | Q5: 17 | R5: 18 | S5: 19 | T5: 20 | U5: 21 | V5: 22 | W5: 23 | X5: 24 | Y5: 25 | AA5: 1 | AB5: 5 | AC5: 5 | AD5: 5 | AG5: 2012 | AH5: 5
B6: New Resource Group Number | AG6: 2013 | AH6: 6
A7: 100 | B7: Steam Production Plant | C7: Accnt # | AH7: 7
A8: 110 | B8: Steam Production | C8: 310-316 | F8: 0 | G8: 0 | H8: 0 | I8: 0 | J8: 0 | K8: 0 | L8: 0 | M8: 0 | N8: 0 | O8: 0 | P8: 0 | Q8: 0 | R8: 0 | S8: 0 | T8: 0 | U8: 0 | V8: 0 | W8: 0 | X8: 0 | Y8: 0 | AH8: 8
A9: 120 | B9: Fuel (Stock) | C9: 151 | F9: 0 | G9: 0 | H9: 0 | I9: 0 | J9: 0 | K9: 0 | L9: 0 | M9: 0 | N9: 0 | O9: 0 | P9: 0 | Q9: 0 | R9: 0 | S9: 0 | T9: 0 | U9: 0 | V9: 0 | W9: 0 | X9: 0 | Y9: 0 | AH9: 9
A10: 130 | B10: Plant Materials and Operating Supplies | C10: 154 | F10: 0 | G10: 0 | H10: 0 | I10: 0 | J10: 0 | K10: 0 | L10: 0 | M10: 0 | N10: 0 | O10: 0 | P10: 0 | Q10: 0 | R10: 0 | S10: 0 | T10: 0 | U10: 0 | V10: 0 | W10: 0 | X10: 0 | Y10: 0 | AH10: 10
A11: 140 | B11: EPA Allowances | C11: 158.1-158.2 | F11: 0 | G11: 0 | H11: 0 | I11: 0 | J11: 0 | K11: 0 | L11: 0 | M11: 0 | N11: 0 | O11: 0 | P11: 0 | Q11: 0 | R11: 0 | S11: 0 | T11: 0 | U11: 0 | V11: 0 | W11: 0 | X11: 0 | Y11: 0 | AH11: 11
A12: 150 | B12: Steam Expense | AH12: 12
A13: 160 | B13: Steam Power - Fuel | C13: 501 | F13: 0 | G13: 0 | H13: 0 | I13: 0 | J13: =J141 -> 0 | K13: =K141 -> 0 | L13: =L141 -> 0 | M13: =M141 -> 0 | N13: =N141 -> 0 | O13: =O141 -> 0 | P13: =P141 -> 0 | Q13: =Q141 -> 0 | ... Y13: =Y141 -> 0
A14: 170 | B14: Steam Power - Op (Excluding 501 - Fuel) | C14: 500-509 | G14: 0 | H14: 0 | I14: 0 | J14: 0 | K14: 0 | L14: 0 | M14: 0 | N14: 0 | O14: 0 | P14: 0 | Q14: 0 | R14: 0 | S14: 0 | T14: 0 | U14: 0 | V14: 0 | W14: 0 | X14: 0 | Y14: 0
A15: 180 | B15: Steam Power - Maintenance | C15: 510-515 | G15: 0 | H15: 0 | I15: 0 | J15: 0 | K15: 0 | L15: 0 | M15: 0 | N15: 0 | O15: 0 | P15: 0 | Q15: 0 | R15: 0 | S15: 0 | T15: 0 | U15: 0 | V15: 0 | W15: 0 | X15: 0 | Y15: 0
A16: 190 | B16: Property Insurance | C16: 924 | F16: 0 | G16: 0 | H16: 0 | I16: 0 | J16: 0 | K16: 0 | L16: 0 | M16: 0 | N16: 0 | O16: 0 | P16: 0 | Q16: 0 | R16: 0 | S16: 0 | T16: 0 | U16: 0 | V16: 0 | W16: 0 | X16: 0 | Y16: 0
A17: 200 | B17: Depreciation | C17: 403 | D17: OK | G17: 0 | H17: 0 | I17: 0 | J17: 0 | K17: 0 | L17: 0 | M17: 0 | N17: 0 | O17: 0 | P17: 0 | Q17: 0 | R17: 0 | S17: 0 | T17: 0 | U17: 0 | V17: 0 | W17: 0 | X17: 0 | Y17: 0
A18: 210 | B18: Firm Sales for Resale ($) | C18: 447 | D18: OSS & PP | F18: 0 | G18: 0 | H18: 0 | I18: 0 | J18: 0 | K18: 0 | L18: 0 | M18: 0 | N18: 0 | O18: 0 | P18: 0 | Q18: 0 | R18: 0 | S18: 0 | T18: 0 | U18: 0 | V18: 0 | W18: 0 | X18: 0 | Y18: 0
A19: 220 | B19: Firm Sales for Resale (MWh) | D19: OSS & PP | F19: 0 | G19: 0 | H19: 0 | I19: 0 | J19: 0 | K19: 0 | L19: 0 | M19: 0 | N19: 0 | O19: 0 | P19: 0 | Q19: 0 | R19: 0 | S19: 0 | T19: 0 | U19: 0 | V19: 0 | W19: 0 | X19: 0 | Y19: 0
A20: 230 | B20: Expected Annual Generation (MWh) | D20: OSS & PP | F20: 0 | G20: 0 | H20: 0 | I20: 0 | J20: =J140 -> 0 | K20: =K140 -> 0 | L20: =L140 -> 0 | M20: =M140 -> 0 | N20: =N140 -> 0 | O20: =O140 -> 0 | P20: =P140 -> 0 | Q20: =Q140 -> 0 | ... Y20: =Y140 -> 0
A21: 240 | B21: Nuclear Production Plant
A22: 250 | B22: Nuclear Production | C22: 320-325 | F22: 0 | G22: 0 | H22: 0 | I22: 0 | J22: 0 | K22: 0 | L22: 0 | M22: 0 | N22: 0 | O22: 0 | P22: 0 | Q22: 0 | R22: 0 | S22: 0 | T22: 0 | U22: 0 | V22: 0 | W22: 0 | X22: 0 | Y22: 0
A23: 260 | B23: Nuclear Fuel (Stock) | C23: 120.1-120.6 | D23: OK | F23: 0 | G23: 0 | H23: 0 | I23: 0 | J23: 0 | K23: 0 | L23: 0 | M23: 0 | N23: 0 | O23: 0 | P23: 0 | Q23: 0 | R23: 0 | S23: 0 | T23: 0 | U23: 0 | V23: 0 | W23: 0 | X23: 0 | Y23: 0
A24: 270 | B24: Plant Materials and Operating Supplies | C24: 154 | F24: 0 | G24: 0 | H24: 0 | I24: 0 | J24: 0 | K24: 0 | L24: 0 | M24: 0 | N24: 0 | O24: 0 | P24: 0 | Q24: 0 | R24: 0 | S24: 0 | T24: 0 | U24: 0 | V24: 0 | W24: 0 | X24: 0 | Y24: 0
A25: 280 | B25: Nuclear Expense
A26: 290 | B26: Nuclear - Fuel (Expense) | C26: 518 | F26: 0 | G26: 0 | H26: 0 | I26: 0 | J26: =J150 -> 0 | K26: =K150 -> 0 | L26: =L150 -> 0 | M26: =M150 -> 0 | N26: =N150 -> 0 | O26: =O150 -> 0 | P26: =P150 -> 0 | Q26: =Q150 -> 0 | ... Y26: =Y150 -> 0
A27: 300 | B27: Nuclear - Operation ( Excluding 518 - Fuel) | C27: 517-525 | F27: 0 | G27: 0 | H27: 0 | I27: 0 | J27: 0 | K27: 0 | L27: 0 | M27: 0 | N27: 0 | O27: 0 | P27: 0 | Q27: 0 | R27: 0 | S27: 0 | T27: 0 | U27: 0 | V27: 0 | W27: 0 | X27: 0 | Y27: 0
A28: 310 | B28: Nuclear - Maintenance | C28: 528-532 | F28: 0 | G28: 0 | H28: 0 | I28: 0 | J28: 0 | K28: 0 | L28: 0 | M28: 0 | N28: 0 | O28: 0 | P28: 0 | Q28: 0 | R28: 0 | S28: 0 | T28: 0 | U28: 0 | V28: 0 | W28: 0 | X28: 0 | Y28: 0
A29: 320 | B29: Property Insurance | C29: 924 | F29: 0 | G29: 0 | H29: 0 | I29: 0 | J29: 0 | K29: 0 | L29: 0 | M29: 0 | N29: 0 | O29: 0 | P29: 0 | Q29: 0 | R29: 0 | S29: 0 | T29: 0 | U29: 0 | V29: 0 | W29: 0 | X29: 0 | Y29: 0
A30: 330 | B30: Depreciation | C30: 403 | D30: OK | F30: 0 | G30: 0 | H30: 0 | I30: 0 | J30: 0 | K30: 0 | L30: 0 | M30: 0 | N30: 0 | O30: 0 | P30: 0 | Q30: 0 | R30: 0 | S30: 0 | T30: 0 | U30: 0 | V30: 0 | W30: 0 | X30: 0 | Y30: 0
A31: 340 | B31: Firm Sales for Resale ($) | C31: 447 | D31: OSS & PP | F31: 0 | G31: 0 | H31: 0 | I31: 0 | J31: 0 | K31: 0 | L31: 0 | M31: 0 | N31: 0 | O31: 0 | P31: 0 | Q31: 0 | R31: 0 | S31: 0 | T31: 0 | U31: 0 | V31: 0 | W31: 0 | X31: 0 | Y31: 0
A32: 350 | B32: Firm Sales for Resale (MWh) | D32: OSS & PP | F32: 0 | G32: 0 | H32: 0 | I32: 0 | J32: 0 | K32: 0 | L32: 0 | M32: 0 | N32: 0 | O32: 0 | P32: 0 | Q32: 0 | R32: 0 | S32: 0 | T32: 0 | U32: 0 | V32: 0 | W32: 0 | X32: 0 | Y32: 0
A33: 360 | B33: Expected Annual Generation (MWh) | D33: OSS & PP | F33: 0 | G33: 0 | H33: 0 | I33: 0 | J33: =J149 -> 0 | K33: =K149 -> 0 | L33: =L149 -> 0 | M33: =M149 -> 0 | N33: =N149 -> 0 | O33: =O149 -> 0 | P33: =P149 -> 0 | Q33: =Q149 -> 0 | ... Y33: =Y149 -> 0
A34: 370 | B34: Hydraulic Production Plant
A35: 380 | B35: Hydraulic Production | C35: 330-336 | F35: 0 | G35: 0 | H35: 0 | I35: 0 | J35: 0 | K35: 0 | L35: 0 | M35: 0 | N35: 0 | O35: 0 | P35: 0 | Q35: 0 | R35: 0 | S35: 0 | T35: 0 | U35: 0 | V35: 0 | W35: 0 | X35: 0 | Y35: 0
A36: 390 | B36: Plant Materials and Operating Supplies | C36: 154 | F36: 0 | G36: 0 | H36: 0 | I36: 0 | J36: 0 | K36: 0 | L36: 0 | M36: 0 | N36: 0 | O36: 0 | P36: 0 | Q36: 0 | R36: 0 | S36: 0 | T36: 0 | U36: 0 | V36: 0 | W36: 0 | X36: 0 | Y36: 0
A37: 400 | B37: Hydraulic Expense
A38: 410 | B38: Hydraulic - Operation | C38: 535-540 | F38: 0 | G38: 0 | H38: 0 | I38: 0 | J38: 0 | K38: 0 | L38: 0 | M38: 0 | N38: 0 | O38: 0 | P38: 0 | Q38: 0 | R38: 0 | S38: 0 | T38: 0 | U38: 0 | V38: 0 | W38: 0 | X38: 0 | Y38: 0
A39: 420 | B39: Hydraulic - Maintenance | C39: 541-545 | F39: 0 | G39: 0 | H39: 0 | I39: 0 | J39: 0 | K39: 0 | L39: 0 | M39: 0 | N39: 0 | O39: 0 | P39: 0 | Q39: 0 | R39: 0 | S39: 0 | T39: 0 | U39: 0 | V39: 0 | W39: 0 | X39: 0 | Y39: 0
A40: 430 | B40: Property Insurance | C40: 924 | F40: 0 | G40: 0 | H40: 0 | I40: 0 | J40: 0 | K40: 0 | L40: 0 | M40: 0 | N40: 0 | O40: 0 | P40: 0 | Q40: 0 | R40: 0 | S40: 0 | T40: 0 | U40: 0 | V40: 0 | W40: 0 | X40: 0 | Y40: 0
A41: 520 | B41: Firm Sales for Resale ($) | C41: 447 | D41: OSS & PP | F41: 0 | G41: 0 | H41: 0 | I41: 0 | J41: 0 | K41: 0 | L41: 0 | M41: 0 | N41: 0 | O41: 0 | P41: 0 | Q41: 0 | R41: 0 | S41: 0 | T41: 0 | U41: 0 | V41: 0 | W41: 0 | X41: 0 | Y41: 0
A42: 530 | B42: Firm Sales for Resale (MWh) | D42: OSS & PP | F42: 0 | G42: 0 | H42: 0 | I42: 0 | J42: 0 | K42: 0 | L42: 0 | M42: 0 | N42: 0 | O42: 0 | P42: 0 | Q42: 0 | R42: 0 | S42: 0 | T42: 0 | U42: 0 | V42: 0 | W42: 0 | X42: 0 | Y42: 0
A43: 540 | B43: Expected Annual Generation (MWh) | D43: OSS & PP | F43: 0 | G43: 0 | H43: 0 | I43: 0 | J43: =J158 -> 0 | K43: =K158 -> 0 | L43: =L158 -> 0 | M43: =M158 -> 0 | N43: =N158 -> 0 | O43: =O158 -> 0 | P43: =P158 -> 0 | Q43: =Q158 -> 0 | ... Y43: =Y158 -> 0
A44: 440 | B44: Depreciation
A45: 450 | B45: Hydraulic Production Plant - Conventional | C45: 403 | F45: 0 | G45: 0 | H45: 0 | I45: 0 | J45: 0 | K45: 0 | L45: 0 | M45: 0 | N45: 0 | O45: 0 | P45: 0 | Q45: 0 | R45: 0 | S45: 0 | T45: 0 | U45: 0 | V45: 0 | W45: 0 | X45: 0 | Y45: 0
A46: 460 | B46: Hydraulic Production Plant - Pumped Storage | C46: 403 | F46: 0 | G46: 0 | H46: 0 | I46: 0 | J46: 0 | K46: 0 | L46: 0 | M46: 0 | N46: 0 | O46: 0 | P46: 0 | Q46: 0 | R46: 0 | S46: 0 | T46: 0 | U46: 0 | V46: 0 | W46: 0 | X46: 0 | Y46: 0
A47: 470 | B47: Other Production Plant
A48: 480 | B48: Other Production | C48: 340-346 | F48: 0 | G48: 0 | H48: 0 | I48: 0 | J48: 0 | K48: 0 | L48: 0 | M48: 0 | N48: 0 | O48: 0 | P48: 0 | Q48: 0 | R48: 0 | S48: 0 | T48: 0 | U48: 0 | V48: 0 | W48: 0 | X48: 0 | Y48: 0
A49: 490 | B49: Fuel Stock | C49: 151 | F49: 0 | G49: 0 | H49: 0 | I49: 0 | J49: 0 | K49: 0 | L49: 0 | M49: 0 | N49: 0 | O49: 0 | P49: 0 | Q49: 0 | R49: 0 | S49: 0 | T49: 0 | U49: 0 | V49: 0 | W49: 0 | X49: 0 | Y49: 0
A50: 500 | B50: Plant Materials and Operating Supplies | C50: 154 | F50: 0 | G50: 0 | H50: 0 | I50: 0 | J50: 0 | K50: 0 | L50: 0 | M50: 0 | N50: 0 | O50: 0 | P50: 0 | Q50: 0 | R50: 0 | S50: 0 | T50: 0 | U50: 0 | V50: 0 | W50: 0 | X50: 0 | Y50: 0
A51: 510 | B51: EPA Allowances | C51: 158.1-158.2 | F51: 0 | G51: 0 | H51: 0 | I51: 0 | J51: 0 | K51: 0 | L51: 0 | M51: 0 | N51: 0 | O51: 0 | P51: 0 | Q51: 0 | R51: 0 | S51: 0 | T51: 0 | U51: 0 | V51: 0 | W51: 0 | X51: 0 | Y51: 0
A52: 550 | B52: Other Expense
A53: 560 | B53: Other Power - Fuel | C53: 547 | F53: =F168+F177 -> 0 | G53: =G168+G177 -> 0 | H53: =H168+H177 -> 0 | I53: =I168+I177 -> 0 | J53: =J168+J177 -> 0 | K53: =K168+K177 -> 0 | L53: =L168+L177 -> 0 | M53: =M168+M177 -> 0 | ... Y53: =Y168+Y177 -> 0
A54: 570 | B54: Other Power - Operations (Excluding 547 - Fuel) | C54: 546-550 | F54: 0 | G54: 0 | H54: 0 | I54: 0 | J54: 0 | K54: 0 | L54: 0 | M54: 0 | N54: 0 | O54: 0 | P54: 0 | Q54: 0 | R54: 0 | S54: 0 | T54: 0 | U54: 0 | V54: 0 | W54: 0 | X54: 0 | Y54: 0
A55: 580 | B55: Other Power - Maintenance | C55: 551-554 | F55: 0 | G55: 0 | H55: 0 | I55: 0 | J55: 0 | K55: 0 | L55: 0 | M55: 0 | N55: 0 | O55: 0 | P55: 0 | Q55: 0 | R55: 0 | S55: 0 | T55: 0 | U55: 0 | V55: 0 | W55: 0 | X55: 0 | Y55: 0
A56: 590 | B56: Property Insurance | C56: 924 | F56: 0 | G56: 0 | H56: 0 | I56: 0 | J56: 0 | K56: 0 | L56: 0 | M56: 0 | N56: 0 | O56: 0 | P56: 0 | Q56: 0 | R56: 0 | S56: 0 | T56: 0 | U56: 0 | V56: 0 | W56: 0 | X56: 0 | Y56: 0
A57: 600 | B57: Depreciation | C57: 403 | D57: OK | F57: 0 | G57: 0 | H57: 0 | I57: 0 | J57: 0 | K57: 0 | L57: 0 | M57: 0 | N57: 0 | O57: 0 | P57: 0 | Q57: 0 | R57: 0 | S57: 0 | T57: 0 | U57: 0 | V57: 0 | W57: 0 | X57: 0 | Y57: 0
A58: 610 | B58: Firm Sales for Resale ($) | C58: 447 | D58: OSS & PP | F58: 0 | G58: 0 | H58: 0 | I58: 0 | J58: 0 | K58: 0 | L58: 0 | M58: 0 | N58: 0 | O58: 0 | P58: 0 | Q58: 0 | R58: 0 | S58: 0 | T58: 0 | U58: 0 | V58: 0 | W58: 0 | X58: 0 | Y58: 0
A59: 620 | B59: Firm Sales for Resale (MWh) | D59: OSS & PP | F59: 0 | G59: 0 | H59: 0 | I59: 0 | J59: 0 | K59: 0 | L59: 0 | M59: 0 | N59: 0 | O59: 0 | P59: 0 | Q59: 0 | R59: 0 | S59: 0 | T59: 0 | U59: 0 | V59: 0 | W59: 0 | X59: 0 | Y59: 0
A60: 630 | B60: Expected Annual Generation (MWh) | D60: OSS & PP | F60: =F167+F176+F185 -> 0 | G60: =G167+G176+G185 -> 0 | H60: =H167+H176+H185 -> 0 | I60: =I167+I176+I185 -> 0 | J60: =J167+J176+J185 -> 0 | K60: =K167+K176+K185 -> 0 | L60: =L167+L176+L185 -> 0 | M60: =M167+M176+M185 -> 0 | ... Y60: =Y167+Y176+Y185 -> 0
A61: 640 | B61: Property Taxes Production
A62: 650 | B62: Total Production Property | C62: 262 | F62: 0 | G62: 0 | H62: 0 | I62: 0 | J62: 0 | K62: 0 | L62: 0 | M62: 0 | N62: 0 | O62: 0 | P62: 0 | Q62: 0 | R62: 0 | S62: 0 | T62: 0 | U62: 0 | V62: 0 | W62: 0 | X62: 0 | Y62: 0
A63: 660 | B63: Purchased Power Contracts (From BPA) | F63: 0 | G63: 0 | H63: 0 | I63: 0 | J63: 0 | K63: 0 | L63: 0 | M63: 0 | N63: 0 | O63: 0 | P63: 0 | Q63: 0 | R63: 0 | S63: 0 | T63: 0 | U63: 0 | V63: 0 | W63: 0 | X63: 0 | Y63: 0
A64: 670 | B64: PF Purchase Cost ($) | F64: 0 | G64: 0 | H64: 0 | I64: 0 | J64: 0 | K64: 0 | L64: 0 | M64: 0 | N64: 0 | O64: 0 | P64: 0 | Q64: 0 | R64: 0 | S64: 0 | T64: 0 | U64: 0 | V64: 0 | W64: 0 | X64: 0 | Y64: 0
A65: 680 | B65: PF Purchased Power (MWh) | F65: 0 | G65: 0 | H65: 0 | I65: 0 | J65: 0 | K65: 0 | L65: 0 | M65: 0 | N65: 0 | O65: 0 | P65: 0 | Q65: 0 | R65: 0 | S65: 0 | T65: 0 | U65: 0 | V65: 0 | W65: 0 | X65: 0 | Y65: 0
A66: 690 | B66: Slice Purchase Cost ($) | F66: 0 | G66: 0 | H66: 0 | I66: 0 | J66: 0 | K66: 0 | L66: 0 | M66: 0 | N66: 0 | P66: 0 | Q66: 0 | R66: 0 | S66: 0 | T66: 0 | U66: 0 | V66: 0 | W66: 0 | X66: 0 | Y66: 0
A67: 700 | B67: Slice Purchased Power (MWh) | F67: 0 | G67: 0 | H67: 0 | I67: 0 | J67: 0 | K67: 0 | L67: 0 | M67: 0 | N67: 0 | P67: 0 | Q67: 0 | R67: 0 | S67: 0 | T67: 0 | U67: 0 | V67: 0 | W67: 0 | X67: 0 | Y67: 0
A68: 710 | B68: PF Generic #1 Purchase ($) | F68: 0 | G68: 0 | H68: 0 | I68: 0 | J68: 0 | K68: 0 | L68: 0 | M68: 0 | N68: 0 | P68: 0 | Q68: 0 | R68: 0 | S68: 0 | T68: 0 | U68: 0 | V68: 0 | W68: 0 | X68: 0 | Y68: 0
A69: 720 | B69: PF Generic #1 Purchasd Power (MWh) | F69: 0 | G69: 0 | H69: 0 | I69: 0 | J69: 0 | K69: 0 | L69: 0 | M69: 0 | N69: 0 | P69: 0 | Q69: 0 | R69: 0 | S69: 0 | T69: 0 | U69: 0 | V69: 0 | W69: 0 | X69: 0 | Y69: 0
A70: 730 | B70: PF Generic #2 Purchase ($) | F70: 0 | G70: 0 | H70: 0 | I70: 0 | J70: 0 | K70: 0 | L70: 0 | M70: 0 | N70: 0 | P70: 0 | Q70: 0 | R70: 0 | S70: 0 | T70: 0 | U70: 0 | V70: 0 | W70: 0 | X70: 0 | Y70: 0
A71: 740 | B71: PF Generic #2 Purchasd Power (MWh) | F71: 0 | G71: 0 | H71: 0 | I71: 0 | J71: 0 | K71: 0 | L71: 0 | M71: 0 | N71: 0 | P71: 0 | Q71: 0 | R71: 0 | S71: 0 | T71: 0 | U71: 0 | V71: 0 | W71: 0 | X71: 0 | Y71: 0
A72: 750 | B72: Contract Termination ($) | F72: 0 | G72: 0 | H72: 0 | I72: 0 | J72: 0 | K72: 0 | L72: 0 | M72: 0 | N72: 0 | P72: 0 | Q72: 0 | R72: 0 | S72: 0 | T72: 0 | U72: 0 | V72: 0 | W72: 0 | X72: 0 | Y72: 0
A73: 760 | B73: Contract Termination (MWh) | F73: 0 | G73: 0 | H73: 0 | I73: 0 | J73: 0 | K73: 0 | L73: 0 | M73: 0 | N73: 0 | P73: 0 | Q73: 0 | R73: 0 | S73: 0 | T73: 0 | U73: 0 | V73: 0 | W73: 0 | X73: 0 | Y73: 0
A74: 770 | F74: 0 | G74: 0 | H74: 0 | I74: 0 | J74: 0 | K74: 0 | L74: 0 | M74: 0 | N74: 0 | P74: 0 | Q74: 0 | R74: 0 | S74: 0 | T74: 0 | U74: 0 | V74: 0 | W74: 0 | X74: 0 | Y74: 0
A75: 780 | B75: Purchased Power Contracts (Market)
A76: 781 | B76: Contract Termination ($) | D76: OSS & PP | F76: 0 | G76: 0 | H76: 0 | I76: 0 | J76: 0 | K76: 0 | L76: 0 | M76: 0 | N76: 0 | O76: 0 | P76: 0 | Q76: 0 | R76: 0 | S76: 0 | T76: 0 | U76: 0 | V76: 0 | W76: 0 | X76: 0 | Y76: 0
A77: 782 | B77: Contract Termination (MWh) | F77: 0 | G77: 0 | H77: 0 | I77: 0 | J77: 0 | K77: 0 | L77: 0 | M77: 0 | N77: 0 | O77: 0 | P77: 0 | Q77: 0 | R77: 0 | S77: 0 | T77: 0 | U77: 0 | V77: 0 | W77: 0 | X77: 0 | Y77: 0
A78: 790 | B78: Purchased Power (Excluding REP Reversal) | C78: 555 | D78: OSS & PP | F78: 0 | G78: 0 | H78: 0 | I78: 0 | J78: 0 | K78: 0 | L78: 0 | M78: 0 | N78: 0 | O78: 0 | P78: 0 | Q78: 0 | R78: 0 | S78: 0 | T78: 0 | U78: 0 | V78: 0 | W78: 0 | X78: 0 | Y78: 0
A79: 800 | B79: Purchased Power (MWh) | D79: OSS & PP | F79: 0 | G79: 0 | H79: 0 | I79: 0 | J79: 0 | K79: 0 | L79: 0 | M79: 0 | N79: 0 | O79: 0 | P79: 0 | Q79: 0 | R79: 0 | S79: 0 | T79: 0 | U79: 0 | V79: 0 | W79: 0 | X79: 0 | Y79: 0
A80: 810 | B80: System Control and Load Dispatching | C80: 556 | F80: 0 | G80: 0 | H80: 0 | I80: 0 | J80: 0 | K80: 0 | L80: 0 | M80: 0 | N80: 0 | O80: 0 | P80: 0 | Q80: 0 | R80: 0 | S80: 0 | T80: 0 | U80: 0 | V80: 0 | W80: 0 | X80: 0 | Y80: 0
A81: 820 | B81: Other Expenses | C81: 557 | F81: 0 | G81: 0 | H81: 0 | I81: 0 | J81: 0 | K81: 0 | L81: 0 | M81: 0 | N81: 0 | O81: 0 | P81: 0 | Q81: 0 | R81: 0 | S81: 0 | T81: 0 | U81: 0 | V81: 0 | W81: 0 | X81: 0 | Y81: 0
A82: 830 | B82: Transmission Plant
A83: 840 | B83: Transmission Plant | C83: 350-359 | F83: 0 | G83: 0 | H83: 0 | I83: 0 | J83: 0 | K83: 0 | L83: 0 | M83: 0 | N83: 0 | O83: 0 | P83: 0 | Q83: 0 | R83: 0 | S83: 0 | T83: 0 | U83: 0 | V83: 0 | W83: 0 | X83: 0 | Y83: 0
A84: 850 | B84: Plant Materials and Operating Supplies | F84: 0 | G84: 0 | H84: 0 | I84: 0 | J84: 0 | K84: 0 | L84: 0 | M84: 0 | N84: 0 | O84: 0 | P84: 0 | Q84: 0 | R84: 0 | S84: 0 | T84: 0 | U84: 0 | V84: 0 | W84: 0 | X84: 0 | Y84: 0
A85: 860 | B85: Transmission Expenses
A86: 870 | B86: Transmission of Electricity to Others (Wheeling) | C86: 565 | F86: 0 | G86: 0 | H86: 0 | I86: 0 | J86: 0 | K86: 0 | L86: 0 | M86: 0 | N86: 0 | O86: 0 | P86: 0 | Q86: 0 | R86: 0 | S86: 0 | T86: 0 | U86: 0 | V86: 0 | W86: 0 | X86: 0 | Y86: 0
A87: 880 | B87: Total Operations less Wheeling | C87: 560-567 | F87: 0 | G87: 0 | H87: 0 | I87: 0 | J87: 0 | K87: 0 | L87: 0 | M87: 0 | N87: 0 | O87: 0 | P87: 0 | Q87: 0 | R87: 0 | S87: 0 | T87: 0 | U87: 0 | V87: 0 | W87: 0 | X87: 0 | Y87: 0
A88: 890 | B88: Total Maintenance | C88: 568-573 | F88: 0 | G88: 0 | H88: 0 | I88: 0 | J88: 0 | K88: 0 | L88: 0 | M88: 0 | N88: 0 | O88: 0 | P88: 0 | Q88: 0 | R88: 0 | S88: 0 | T88: 0 | U88: 0 | V88: 0 | W88: 0 | X88: 0 | Y88: 0
A89: 900 | B89: Property Insurance | C89: 924 | F89: 0 | G89: 0 | H89: 0 | I89: 0 | J89: 0 | K89: 0 | L89: 0 | M89: 0 | N89: 0 | O89: 0 | P89: 0 | Q89: 0 | R89: 0 | S89: 0 | T89: 0 | U89: 0 | V89: 0 | W89: 0 | X89: 0 | Y89: 0
A90: 924 | B90: Depreciation | C90: 403 | F90: 0 | G90: 0 | H90: 0 | I90: 0 | J90: 0 | K90: 0 | L90: 0 | M90: 0 | N90: 0 | O90: 0 | P90: 0 | Q90: 0 | R90: 0 | S90: 0 | T90: 0 | U90: 0 | V90: 0 | W90: 0 | X90: 0 | Y90: 0
A91: 920 | B91: Other Electric Revenues | C91: 456 | F91: 0 | G91: 0 | H91: 0 | I91: 0 | J91: 0 | K91: 0 | L91: 0 | M91: 0 | N91: 0 | O91: 0 | P91: 0 | Q91: 0 | R91: 0 | S91: 0 | T91: 0 | U91: 0 | V91: 0 | W91: 0 | X91: 0 | Y91: 0
A92: 930 | B92: Revenues from Transmission of Electricity of Others (i) | C92: 456.1 | F92: 0 | G92: 0 | H92: 0 | I92: 0 | J92: 0 | K92: 0 | L92: 0 | M92: 0 | N92: 0 | O92: 0 | P92: 0 | Q92: 0 | R92: 0 | S92: 0 | T92: 0 | U92: 0 | V92: 0 | W92: 0 | X92: 0 | Y92: 0
A93: 940 | B93: Property Taxes Transmission
A94: 950 | B94: Total Transmission Property | C94: 262 | F94: 0 | G94: 0 | H94: 0 | I94: 0 | J94: 0 | K94: 0 | L94: 0 | M94: 0 | N94: 0 | O94: 0 | P94: 0 | Q94: 0 | R94: 0 | S94: 0 | T94: 0 | U94: 0 | V94: 0 | W94: 0 | X94: 0 | Y94: 0
A95: 960
A96: 970
A97: 980
A98: 990
A99: 1000
A100: 1010
...

Sheet New Resources - Group
B1: ='Sch 1- Rate Base '!E5 -> PacifiCorp | AG1: 2008 | AH1: 1
A2: TOC | B2: Rate Period Mid-Point From ASC Tab | E2: Online Year | F2: =IF(F4>0,YEAR(F4),"") | G2: =IF(G4>0,YEAR(G4),"") | H2: =IF(H4>0,YEAR(H4),"") | I2: =IF(I4>0,YEAR(I4),"") | J2: =IF(J4>0,YEAR(J4),"") | K2: =IF(K4>0,YEAR(K4),"") | L2: =IF(L4>0,YEAR(L4),"") | M2: =IF(M4>0,YEAR(M4),"") | ... Y2: =IF(Y4>0,YEAR(Y4),"") | AG2: 2009 | AH2: 2
A3: é | B3: ='New Resources - Individual'!B3 -> 46478 | E3: Online Month | F3: =IF(F4>0,MONTH(F4),"") | G3: =IF(G4>0,MONTH(G4),"") | H3: =IF(H4>0,MONTH(H4),"") | I3: =IF(I4>0,MONTH(I4),"") | J3: =IF(J4>0,MONTH(J4),"") | K3: =IF(K4>0,MONTH(K4),"") | L3: =IF(L4>0,MONTH(L4),"") | M3: =IF(M4>0,MONTH(M4),"") | ... Y3: =IF(Y4>0,MONTH(Y4),"") | AG3: 2010 | AH3: 3
E4: =B3 -> 46478 | F4: {=MAX(IF(('New Resources - Individual'!$F$6:$Y$6=F$6),'New Resources - Individual'!$F$4:$Y$4))} -> 0 | G4: {=MAX(IF(('New Resources - Individual'!$F$6:$Y$6=G$6),'New Resources - Individual'!$F$4:$Y$4))} -> 0 | H4: {=MAX(IF(('New Resources - Individual'!$F$6:$Y$6=H$6),'New Resources - Individual'!$F$4:$Y$4))} -> 0 | I4: {=MAX(IF(('New Resources - Individual'!$F$6:$Y$6=I$6),'New Resources - Individual'!$F$4:$Y$4))} -> 0 | J4: {=MAX(IF(('New Resources - Individual'!$F$6:$Y$6=J$6),'New Resources - Individual'!$F$4:$Y$4))} -> 0 | K4: {=MAX(IF(('New Resources - Individual'!$F$6:$Y$6=K$6),'New Resources - Individual'!$F$4:$Y$4))} -> 0 | L4: {=MAX(IF(('New Resources - Individual'!$F$6:$Y$6=L$6),'New Resources - Individual'!$F$4:$Y$4))} -> 0 | M4: {=MAX(IF(('New Resources - Individual'!$F$6:$Y$6=M$6),'New Resources - Individual'!$F$4:$Y$4))} -> 0 | ... Y4: {=MAX(IF(('New Resources - Individual'!$F$6:$Y$6=Y$6),'New Resources - Individual'!$F$4:$Y$4))} -> 0 | AG4: 2011 | AH4: 4
A5: 1 | B5: 2 | C5: 3 | D5: 4 | E5: 5 | F5: 6 | G5: 7 | H5: 8 | I5: 9 | J5: 10 | K5: 11 | L5: 12 | M5: 13 | N5: 14 | O5: 15 | P5: 16 | Q5: 17 | R5: 18 | S5: 19 | T5: 20 | U5: 21 | V5: 22 | W5: 23 | X5: 24 | Y5: 25 | Z5: 5 | AA5: 5 | AB5: 5 | AC5: 5 | AD5: 5 | AG5: 2012 | AH5: 5
A6: é | B6: New Resource Group | D6: New Resource Switch (Input in ASCs Tab, 1=On, 0=Off) | F6: 1 | G6: 2 | H6: 3 | I6: 4 | J6: 5 | K6: 6 | L6: 7 | M6: 8 | N6: 9 | O6: 10 | P6: 11 | Q6: 12 | R6: 13 | S6: 14 | T6: 15 | U6: 16 | V6: 17 | W6: 18 | X6: 19 | Y6: 20 | AG6: 2013 | AH6: 6
A7: 100 | B7: Steam Production Plant | C7: Accnt # | AH7: 7
A8: 110 | B8: Steam Production | C8: 310-316 | F8: =SUMIF('New Resources - Individual'!$F$6:$Y$6,F$6,'New Resources - Individual'!$F8:$Y8) -> 0 | G8: =SUMIF('New Resources - Individual'!$F$6:$Y$6,G$6,'New Resources - Individual'!$F8:$Y8) -> 0 | H8: =SUMIF('New Resources - Individual'!$F$6:$Y$6,H$6,'New Resources - Individual'!$F8:$Y8) -> 0 | I8: =SUMIF('New Resources - Individual'!$F$6:$Y$6,I$6,'New Resources - Individual'!$F8:$Y8) -> 0 | J8: =SUMIF('New Resources - Individual'!$F$6:$Y$6,J$6,'New Resources - Individual'!$F8:$Y8) -> 0 | K8: =SUMIF('New Resources - Individual'!$F$6:$Y$6,K$6,'New Resources - Individual'!$F8:$Y8) -> 0 | L8: =SUMIF('New Resources - Individual'!$F$6:$Y$6,L$6,'New Resources - Individual'!$F8:$Y8) -> 0 | M8: =SUMIF('New Resources - Individual'!$F$6:$Y$6,M$6,'New Resources - Individual'!$F8:$Y8) -> 0 | ... Y8: =SUMIF('New Resources - Individual'!$F$6:$Y$6,Y$6,'New Resources - Individual'!$F8:$Y8) -> 0 | AH8: 8
A9: 120 | B9: Fuel (Stock) | C9: 151 | F9: =SUMIF('New Resources - Individual'!$F$6:$Y$6,F$6,'New Resources - Individual'!$F9:$Y9) -> 0 | G9: =('New Resources - Individual'!G9)-(SUMIF('New Resources - Individual'!$F$6:$Y$6,G$6,'New Resources - Individual'!$F9:$Y9)) -> 0 | H9: =0-(SUMIF('New Resources - Individual'!$F$6:$Y$6,H$6,'New Resources - Individual'!$F9:$Y9)) -> 0 | I9: =0-(SUMIF('New Resources - Individual'!$F$6:$Y$6,I$6,'New Resources - Individual'!$F9:$Y9)) -> 0 | J9: =0-(SUMIF('New Resources - Individual'!$F$6:$Y$6,J$6,'New Resources - Individual'!$F9:$Y9)) -> 0 | K9: =0-(SUMIF('New Resources - Individual'!$F$6:$Y$6,K$6,'New Resources - Individual'!$F9:$Y9)) -> 0 | L9: =0-(SUMIF('New Resources - Individual'!$F$6:$Y$6,L$6,'New Resources - Individual'!$F9:$Y9)) -> 0 | M9: =0-(SUMIF('New Resources - Individual'!$F$6:$Y$6,M$6,'New Resources - Individual'!$F9:$Y9)) -> 0 | N9: =0-(SUMIF('New Resources - Individual'!$F$6:$Y$6,N$6,'New Resources - Individual'!$F9:$Y9)) -> 0 | O9: =0-(SUMIF('New Resources - Individual'!$F$6:$Y$6,O$6,'New Resources - Individual'!$F9:$Y9)) -> 0 | ... Y9: =0-(SUMIF('New Resources - Individual'!$F$6:$Y$6,Y$6,'New Resources - Individual'!$F9:$Y9)) -> 0 | AH9: 9
A10: 130 | B10: Plant Materials and Operating Supplies | C10: 154 | F10: =SUMIF('New Resources - Individual'!$F$6:$Y$6,F$6,'New Resources - Individual'!$F10:$Y10) -> 0 | G10: =SUMIF('New Resources - Individual'!$F$6:$Y$6,G$6,'New Resources - Individual'!$F10:$Y10) -> 0 | H10: =SUMIF('New Resources - Individual'!$F$6:$Y$6,H$6,'New Resources - Individual'!$F10:$Y10) -> 0 | I10: =SUMIF('New Resources - Individual'!$F$6:$Y$6,I$6,'New Resources - Individual'!$F10:$Y10) -> 0 | J10: =SUMIF('New Resources - Individual'!$F$6:$Y$6,J$6,'New Resources - Individual'!$F10:$Y10) -> 0 | K10: =SUMIF('New Resources - Individual'!$F$6:$Y$6,K$6,'New Resources - Individual'!$F10:$Y10) -> 0 | L10: =SUMIF('New Resources - Individual'!$F$6:$Y$6,L$6,'New Resources - Individual'!$F10:$Y10) -> 0 | M10: =SUMIF('New Resources - Individual'!$F$6:$Y$6,M$6,'New Resources - Individual'!$F10:$Y10) -> 0 | ... Y10: =SUMIF('New Resources - Individual'!$F$6:$Y$6,Y$6,'New Resources - Individual'!$F10:$Y10) -> 0 | AH10: 10
A11: 140 | B11: EPA Allowances | C11: 158.1-158.2 | F11: =SUMIF('New Resources - Individual'!$F$6:$Y$6,F$6,'New Resources - Individual'!$F11:$Y11) -> 0 | G11: =SUMIF('New Resources - Individual'!$F$6:$Y$6,G$6,'New Resources - Individual'!$F11:$Y11) -> 0 | H11: =SUMIF('New Resources - Individual'!$F$6:$Y$6,H$6,'New Resources - Individual'!$F11:$Y11) -> 0 | I11: =SUMIF('New Resources - Individual'!$F$6:$Y$6,I$6,'New Resources - Individual'!$F11:$Y11) -> 0 | J11: =SUMIF('New Resources - Individual'!$F$6:$Y$6,J$6,'New Resources - Individual'!$F11:$Y11) -> 0 | K11: =SUMIF('New Resources - Individual'!$F$6:$Y$6,K$6,'New Resources - Individual'!$F11:$Y11) -> 0 | L11: =SUMIF('New Resources - Individual'!$F$6:$Y$6,L$6,'New Resources - Individual'!$F11:$Y11) -> 0 | M11: =SUMIF('New Resources - Individual'!$F$6:$Y$6,M$6,'New Resources - Individual'!$F11:$Y11) -> 0 | ... Y11: =SUMIF('New Resources - Individual'!$F$6:$Y$6,Y$6,'New Resources - Individual'!$F11:$Y11) -> 0 | AH11: 11
A12: 150 | B12: Steam Expense | AH12: 12
A13: 160 | B13: Steam Power - Fuel | C13: 501 | F13: =SUMIF('New Resources - Individual'!$F$6:$Y$6,F$6,'New Resources - Individual'!$F13:$Y13) -> 0 | G13: =SUMIF('New Resources - Individual'!$F$6:$Y$6,G$6,'New Resources - Individual'!$F13:$Y13) -> 0 | H13: =SUMIF('New Resources - Individual'!$F$6:$Y$6,H$6,'New Resources - Individual'!$F13:$Y13) -> 0 | I13: =SUMIF('New Resources - Individual'!$F$6:$Y$6,I$6,'New Resources - Individual'!$F13:$Y13) -> 0 | J13: =SUMIF('New Resources - Individual'!$F$6:$Y$6,J$6,'New Resources - Individual'!$F13:$Y13) -> 0 | K13: =SUMIF('New Resources - Individual'!$F$6:$Y$6,K$6,'New Resources - Individual'!$F13:$Y13) -> 0 | L13: =SUMIF('New Resources - Individual'!$F$6:$Y$6,L$6,'New Resources - Individual'!$F13:$Y13) -> 0 | M13: =SUMIF('New Resources - Individual'!$F$6:$Y$6,M$6,'New Resources - Individual'!$F13:$Y13) -> 0 | ... Y13: =SUMIF('New Resources - Individual'!$F$6:$Y$6,Y$6,'New Resources - Individual'!$F13:$Y13) -> 0
A14: 170 | B14: Steam Power - Op (Excluding 501 - Fuel) | C14: 500-509 | F14: =SUMIF('New Resources - Individual'!$F$6:$Y$6,F$6,'New Resources - Individual'!$F14:$Y14) -> 0 | G14: =SUMIF('New Resources - Individual'!$F$6:$Y$6,G$6,'New Resources - Individual'!$F14:$Y14) -> 0 | H14: =SUMIF('New Resources - Individual'!$F$6:$Y$6,H$6,'New Resources - Individual'!$F14:$Y14) -> 0 | I14: =SUMIF('New Resources - Individual'!$F$6:$Y$6,I$6,'New Resources - Individual'!$F14:$Y14) -> 0 | J14: =SUMIF('New Resources - Individual'!$F$6:$Y$6,J$6,'New Resources - Individual'!$F14:$Y14) -> 0 | K14: =SUMIF('New Resources - Individual'!$F$6:$Y$6,K$6,'New Resources - Individual'!$F14:$Y14) -> 0 | L14: =SUMIF('New Resources - Individual'!$F$6:$Y$6,L$6,'New Resources - Individual'!$F14:$Y14) -> 0 | M14: =SUMIF('New Resources - Individual'!$F$6:$Y$6,M$6,'New Resources - Individual'!$F14:$Y14) -> 0 | ... Y14: =SUMIF('New Resources - Individual'!$F$6:$Y$6,Y$6,'New Resources - Individual'!$F14:$Y14) -> 0
A15: 180 | B15: Steam Power - Maintenance | C15: 510-515 | F15: =SUMIF('New Resources - Individual'!$F$6:$Y$6,F$6,'New Resources - Individual'!$F15:$Y15) -> 0 | G15: =SUMIF('New Resources - Individual'!$F$6:$Y$6,G$6,'New Resources - Individual'!$F15:$Y15) -> 0 | H15: =SUMIF('New Resources - Individual'!$F$6:$Y$6,H$6,'New Resources - Individual'!$F15:$Y15) -> 0 | I15: =SUMIF('New Resources - Individual'!$F$6:$Y$6,I$6,'New Resources - Individual'!$F15:$Y15) -> 0 | J15: =SUMIF('New Resources - Individual'!$F$6:$Y$6,J$6,'New Resources - Individual'!$F15:$Y15) -> 0 | K15: =SUMIF('New Resources - Individual'!$F$6:$Y$6,K$6,'New Resources - Individual'!$F15:$Y15) -> 0 | L15: =SUMIF('New Resources - Individual'!$F$6:$Y$6,L$6,'New Resources - Individual'!$F15:$Y15) -> 0 | M15: =SUMIF('New Resources - Individual'!$F$6:$Y$6,M$6,'New Resources - Individual'!$F15:$Y15) -> 0 | ... Y15: =SUMIF('New Resources - Individual'!$F$6:$Y$6,Y$6,'New Resources - Individual'!$F15:$Y15) -> 0
A16: 190 | B16: Property Insurance | C16: 924 | F16: =SUMIF('New Resources - Individual'!$F$6:$Y$6,F$6,'New Resources - Individual'!$F16:$Y16) -> 0 | G16: =SUMIF('New Resources - Individual'!$F$6:$Y$6,G$6,'New Resources - Individual'!$F16:$Y16) -> 0 | H16: =SUMIF('New Resources - Individual'!$F$6:$Y$6,H$6,'New Resources - Individual'!$F16:$Y16) -> 0 | I16: =SUMIF('New Resources - Individual'!$F$6:$Y$6,I$6,'New Resources - Individual'!$F16:$Y16) -> 0 | J16: =SUMIF('New Resources - Individual'!$F$6:$Y$6,J$6,'New Resources - Individual'!$F16:$Y16) -> 0 | K16: =SUMIF('New Resources - Individual'!$F$6:$Y$6,K$6,'New Resources - Individual'!$F16:$Y16) -> 0 | L16: =SUMIF('New Resources - Individual'!$F$6:$Y$6,L$6,'New Resources - Individual'!$F16:$Y16) -> 0 | M16: =SUMIF('New Resources - Individual'!$F$6:$Y$6,M$6,'New Resources - Individual'!$F16:$Y16) -> 0 | ... Y16: =SUMIF('New Resources - Individual'!$F$6:$Y$6,Y$6,'New Resources - Individual'!$F16:$Y16) -> 0
A17: 200 | B17: Depreciation | C17: 403 | D17: OK | F17: =SUMIF('New Resources - Individual'!$F$6:$Y$6,F$6,'New Resources - Individual'!$F17:$Y17) -> 0 | G17: =SUMIF('New Resources - Individual'!$F$6:$Y$6,G$6,'New Resources - Individual'!$F17:$Y17) -> 0 | H17: =SUMIF('New Resources - Individual'!$F$6:$Y$6,H$6,'New Resources - Individual'!$F17:$Y17) -> 0 | I17: =SUMIF('New Resources - Individual'!$F$6:$Y$6,I$6,'New Resources - Individual'!$F17:$Y17) -> 0 | J17: =SUMIF('New Resources - Individual'!$F$6:$Y$6,J$6,'New Resources - Individual'!$F17:$Y17) -> 0 | K17: =SUMIF('New Resources - Individual'!$F$6:$Y$6,K$6,'New Resources - Individual'!$F17:$Y17) -> 0 | L17: =SUMIF('New Resources - Individual'!$F$6:$Y$6,L$6,'New Resources - Individual'!$F17:$Y17) -> 0 | M17: =SUMIF('New Resources - Individual'!$F$6:$Y$6,M$6,'New Resources - Individual'!$F17:$Y17) -> 0 | ... Y17: =SUMIF('New Resources - Individual'!$F$6:$Y$6,Y$6,'New Resources - Individual'!$F17:$Y17) -> 0
A18: 210 | B18: Firm Sales for Resale ($) | C18: 447 | D18: OSS & PP | F18: =SUMIF('New Resources - Individual'!$F$6:$Y$6,F$6,'New Resources - Individual'!$F18:$Y18) -> 0 | G18: =SUMIF('New Resources - Individual'!$F$6:$Y$6,G$6,'New Resources - Individual'!$F18:$Y18) -> 0 | H18: =SUMIF('New Resources - Individual'!$F$6:$Y$6,H$6,'New Resources - Individual'!$F18:$Y18) -> 0 | I18: =SUMIF('New Resources - Individual'!$F$6:$Y$6,I$6,'New Resources - Individual'!$F18:$Y18) -> 0 | J18: =SUMIF('New Resources - Individual'!$F$6:$Y$6,J$6,'New Resources - Individual'!$F18:$Y18) -> 0 | K18: =SUMIF('New Resources - Individual'!$F$6:$Y$6,K$6,'New Resources - Individual'!$F18:$Y18) -> 0 | L18: =SUMIF('New Resources - Individual'!$F$6:$Y$6,L$6,'New Resources - Individual'!$F18:$Y18) -> 0 | M18: =SUMIF('New Resources - Individual'!$F$6:$Y$6,M$6,'New Resources - Individual'!$F18:$Y18) -> 0 | ... Y18: =SUMIF('New Resources - Individual'!$F$6:$Y$6,Y$6,'New Resources - Individual'!$F18:$Y18) -> 0
A19: 220 | B19: Firm Sales for Resale (MWh) | D19: OSS & PP | F19: =SUMIF('New Resources - Individual'!$F$6:$Y$6,F$6,'New Resources - Individual'!$F19:$Y19) -> 0 | G19: =SUMIF('New Resources - Individual'!$F$6:$Y$6,G$6,'New Resources - Individual'!$F19:$Y19) -> 0 | H19: =SUMIF('New Resources - Individual'!$F$6:$Y$6,H$6,'New Resources - Individual'!$F19:$Y19) -> 0 | I19: =SUMIF('New Resources - Individual'!$F$6:$Y$6,I$6,'New Resources - Individual'!$F19:$Y19) -> 0 | J19: =SUMIF('New Resources - Individual'!$F$6:$Y$6,J$6,'New Resources - Individual'!$F19:$Y19) -> 0 | K19: =SUMIF('New Resources - Individual'!$F$6:$Y$6,K$6,'New Resources - Individual'!$F19:$Y19) -> 0 | L19: =SUMIF('New Resources - Individual'!$F$6:$Y$6,L$6,'New Resources - Individual'!$F19:$Y19) -> 0 | M19: =SUMIF('New Resources - Individual'!$F$6:$Y$6,M$6,'New Resources - Individual'!$F19:$Y19) -> 0 | ... Y19: =SUMIF('New Resources - Individual'!$F$6:$Y$6,Y$6,'New Resources - Individual'!$F19:$Y19) -> 0
A20: 230 | B20: Expected Annual Generation (MWh) | D20: OSS & PP | F20: =SUMIF('New Resources - Individual'!$F$6:$Y$6,F$6,'New Resources - Individual'!$F20:$Y20) -> 0 | G20: =SUMIF('New Resources - Individual'!$F$6:$Y$6,G$6,'New Resources - Individual'!$F20:$Y20) -> 0 | H20: =SUMIF('New Resources - Individual'!$F$6:$Y$6,H$6,'New Resources - Individual'!$F20:$Y20) -> 0 | I20: =SUMIF('New Resources - Individual'!$F$6:$Y$6,I$6,'New Resources - Individual'!$F20:$Y20) -> 0 | J20: =SUMIF('New Resources - Individual'!$F$6:$Y$6,J$6,'New Resources - Individual'!$F20:$Y20) -> 0 | K20: =SUMIF('New Resources - Individual'!$F$6:$Y$6,K$6,'New Resources - Individual'!$F20:$Y20) -> 0 | L20: =SUMIF('New Resources - Individual'!$F$6:$Y$6,L$6,'New Resources - Individual'!$F20:$Y20) -> 0 | M20: =SUMIF('New Resources - Individual'!$F$6:$Y$6,M$6,'New Resources - Individual'!$F20:$Y20) -> 0 | ... Y20: =SUMIF('New Resources - Individual'!$F$6:$Y$6,Y$6,'New Resources - Individual'!$F20:$Y20) -> 0
A21: 240 | B21: Nuclear Production Plant
A22: 250 | B22: Nuclear Production | C22: 320-325 | F22: =SUMIF('New Resources - Individual'!$F$6:$Y$6,F$6,'New Resources - Individual'!$F22:$Y22) -> 0 | G22: =SUMIF('New Resources - Individual'!$F$6:$Y$6,G$6,'New Resources - Individual'!$F22:$Y22) -> 0 | H22: =SUMIF('New Resources - Individual'!$F$6:$Y$6,H$6,'New Resources - Individual'!$F22:$Y22) -> 0 | I22: =SUMIF('New Resources - Individual'!$F$6:$Y$6,I$6,'New Resources - Individual'!$F22:$Y22) -> 0 | J22: =SUMIF('New Resources - Individual'!$F$6:$Y$6,J$6,'New Resources - Individual'!$F22:$Y22) -> 0 | K22: =SUMIF('New Resources - Individual'!$F$6:$Y$6,K$6,'New Resources - Individual'!$F22:$Y22) -> 0 | L22: =SUMIF('New Resources - Individual'!$F$6:$Y$6,L$6,'New Resources - Individual'!$F22:$Y22) -> 0 | M22: =SUMIF('New Resources - Individual'!$F$6:$Y$6,M$6,'New Resources - Individual'!$F22:$Y22) -> 0 | ... Y22: =SUMIF('New Resources - Individual'!$F$6:$Y$6,Y$6,'New Resources - Individual'!$F22:$Y22) -> 0
A23: 260 | B23: Nuclear Fuel (Stock) | C23: 120.1-120.6 | D23: OK | F23: =SUMIF('New Resources - Individual'!$F$6:$Y$6,F$6,'New Resources - Individual'!$F23:$Y23) -> 0 | G23: =SUMIF('New Resources - Individual'!$F$6:$Y$6,G$6,'New Resources - Individual'!$F23:$Y23) -> 0 | H23: =SUMIF('New Resources - Individual'!$F$6:$Y$6,H$6,'New Resources - Individual'!$F23:$Y23) -> 0 | I23: =SUMIF('New Resources - Individual'!$F$6:$Y$6,I$6,'New Resources - Individual'!$F23:$Y23) -> 0 | J23: =SUMIF('New Resources - Individual'!$F$6:$Y$6,J$6,'New Resources - Individual'!$F23:$Y23) -> 0 | K23: =SUMIF('New Resources - Individual'!$F$6:$Y$6,K$6,'New Resources - Individual'!$F23:$Y23) -> 0 | L23: =SUMIF('New Resources - Individual'!$F$6:$Y$6,L$6,'New Resources - Individual'!$F23:$Y23) -> 0 | M23: =SUMIF('New Resources - Individual'!$F$6:$Y$6,M$6,'New Resources - Individual'!$F23:$Y23) -> 0 | ... Y23: =SUMIF('New Resources - Individual'!$F$6:$Y$6,Y$6,'New Resources - Individual'!$F23:$Y23) -> 0
A24: 270 | B24: Plant Materials and Operating Supplies | C24: 154 | F24: =SUMIF('New Resources - Individual'!$F$6:$Y$6,F$6,'New Resources - Individual'!$F24:$Y24) -> 0 | G24: =SUMIF('New Resources - Individual'!$F$6:$Y$6,G$6,'New Resources - Individual'!$F24:$Y24) -> 0 | H24: =SUMIF('New Resources - Individual'!$F$6:$Y$6,H$6,'New Resources - Individual'!$F24:$Y24) -> 0 | I24: =SUMIF('New Resources - Individual'!$F$6:$Y$6,I$6,'New Resources - Individual'!$F24:$Y24) -> 0 | J24: =SUMIF('New Resources - Individual'!$F$6:$Y$6,J$6,'New Resources - Individual'!$F24:$Y24) -> 0 | K24: =SUMIF('New Resources - Individual'!$F$6:$Y$6,K$6,'New Resources - Individual'!$F24:$Y24) -> 0 | L24: =SUMIF('New Resources - Individual'!$F$6:$Y$6,L$6,'New Resources - Individual'!$F24:$Y24) -> 0 | M24: =SUMIF('New Resources - Individual'!$F$6:$Y$6,M$6,'New Resources - Individual'!$F24:$Y24) -> 0 | ... Y24: =SUMIF('New Resources - Individual'!$F$6:$Y$6,Y$6,'New Resources - Individual'!$F24:$Y24) -> 0
A25: 280 | B25: Nuclear Expense
A26: 290 | B26: Nuclear - Fuel (Expense) | C26: 518 | F26: =SUMIF('New Resources - Individual'!$F$6:$Y$6,F$6,'New Resources - Individual'!$F26:$Y26) -> 0 | G26: =SUMIF('New Resources - Individual'!$F$6:$Y$6,G$6,'New Resources - Individual'!$F26:$Y26) -> 0 | H26: =SUMIF('New Resources - Individual'!$F$6:$Y$6,H$6,'New Resources - Individual'!$F26:$Y26) -> 0 | I26: =SUMIF('New Resources - Individual'!$F$6:$Y$6,I$6,'New Resources - Individual'!$F26:$Y26) -> 0 | J26: =SUMIF('New Resources - Individual'!$F$6:$Y$6,J$6,'New Resources - Individual'!$F26:$Y26) -> 0 | K26: =SUMIF('New Resources - Individual'!$F$6:$Y$6,K$6,'New Resources - Individual'!$F26:$Y26) -> 0 | L26: =SUMIF('New Resources - Individual'!$F$6:$Y$6,L$6,'New Resources - Individual'!$F26:$Y26) -> 0 | M26: =SUMIF('New Resources - Individual'!$F$6:$Y$6,M$6,'New Resources - Individual'!$F26:$Y26) -> 0 | ... Y26: =SUMIF('New Resources - Individual'!$F$6:$Y$6,Y$6,'New Resources - Individual'!$F26:$Y26) -> 0
A27: 300 | B27: Nuclear - Operation ( Excluding 518 - Fuel) | C27: 517-525 | F27: =SUMIF('New Resources - Individual'!$F$6:$Y$6,F$6,'New Resources - Individual'!$F27:$Y27) -> 0 | G27: =SUMIF('New Resources - Individual'!$F$6:$Y$6,G$6,'New Resources - Individual'!$F27:$Y27) -> 0 | H27: =SUMIF('New Resources - Individual'!$F$6:$Y$6,H$6,'New Resources - Individual'!$F27:$Y27) -> 0 | I27: =SUMIF('New Resources - Individual'!$F$6:$Y$6,I$6,'New Resources - Individual'!$F27:$Y27) -> 0 | J27: =SUMIF('New Resources - Individual'!$F$6:$Y$6,J$6,'New Resources - Individual'!$F27:$Y27) -> 0 | K27: =SUMIF('New Resources - Individual'!$F$6:$Y$6,K$6,'New Resources - Individual'!$F27:$Y27) -> 0 | L27: =SUMIF('New Resources - Individual'!$F$6:$Y$6,L$6,'New Resources - Individual'!$F27:$Y27) -> 0 | M27: =SUMIF('New Resources - Individual'!$F$6:$Y$6,M$6,'New Resources - Individual'!$F27:$Y27) -> 0 | ... Y27: =SUMIF('New Resources - Individual'!$F$6:$Y$6,Y$6,'New Resources - Individual'!$F27:$Y27) -> 0
A28: 310 | B28: Nuclear - Maintenance | C28: 528-532 | F28: =SUMIF('New Resources - Individual'!$F$6:$Y$6,F$6,'New Resources - Individual'!$F28:$Y28) -> 0 | G28: =SUMIF('New Resources - Individual'!$F$6:$Y$6,G$6,'New Resources - Individual'!$F28:$Y28) -> 0 | H28: =SUMIF('New Resources - Individual'!$F$6:$Y$6,H$6,'New Resources - Individual'!$F28:$Y28) -> 0 | I28: =SUMIF('New Resources - Individual'!$F$6:$Y$6,I$6,'New Resources - Individual'!$F28:$Y28) -> 0 | J28: =SUMIF('New Resources - Individual'!$F$6:$Y$6,J$6,'New Resources - Individual'!$F28:$Y28) -> 0 | K28: =SUMIF('New Resources - Individual'!$F$6:$Y$6,K$6,'New Resources - Individual'!$F28:$Y28) -> 0 | L28: =SUMIF('New Resources - Individual'!$F$6:$Y$6,L$6,'New Resources - Individual'!$F28:$Y28) -> 0 | M28: =SUMIF('New Resources - Individual'!$F$6:$Y$6,M$6,'New Resources - Individual'!$F28:$Y28) -> 0 | ... Y28: =SUMIF('New Resources - Individual'!$F$6:$Y$6,Y$6,'New Resources - Individual'!$F28:$Y28) -> 0
A29: 320 | B29: Property Insurance | C29: 924 | F29: =SUMIF('New Resources - Individual'!$F$6:$Y$6,F$6,'New Resources - Individual'!$F29:$Y29) -> 0 | G29: =SUMIF('New Resources - Individual'!$F$6:$Y$6,G$6,'New Resources - Individual'!$F29:$Y29) -> 0 | H29: =SUMIF('New Resources - Individual'!$F$6:$Y$6,H$6,'New Resources - Individual'!$F29:$Y29) -> 0 | I29: =SUMIF('New Resources - Individual'!$F$6:$Y$6,I$6,'New Resources - Individual'!$F29:$Y29) -> 0 | J29: =SUMIF('New Resources - Individual'!$F$6:$Y$6,J$6,'New Resources - Individual'!$F29:$Y29) -> 0 | K29: =SUMIF('New Resources - Individual'!$F$6:$Y$6,K$6,'New Resources - Individual'!$F29:$Y29) -> 0 | L29: =SUMIF('New Resources - Individual'!$F$6:$Y$6,L$6,'New Resources - Individual'!$F29:$Y29) -> 0 | M29: =SUMIF('New Resources - Individual'!$F$6:$Y$6,M$6,'New Resources - Individual'!$F29:$Y29) -> 0 | ... Y29: =SUMIF('New Resources - Individual'!$F$6:$Y$6,Y$6,'New Resources - Individual'!$F29:$Y29) -> 0
A30: 330 | B30: Depreciation | C30: 403 | D30: OK | F30: =SUMIF('New Resources - Individual'!$F$6:$Y$6,F$6,'New Resources - Individual'!$F30:$Y30) -> 0 | G30: =SUMIF('New Resources - Individual'!$F$6:$Y$6,G$6,'New Resources - Individual'!$F30:$Y30) -> 0 | H30: =SUMIF('New Resources - Individual'!$F$6:$Y$6,H$6,'New Resources - Individual'!$F30:$Y30) -> 0 | I30: =SUMIF('New Resources - Individual'!$F$6:$Y$6,I$6,'New Resources - Individual'!$F30:$Y30) -> 0 | J30: =SUMIF('New Resources - Individual'!$F$6:$Y$6,J$6,'New Resources - Individual'!$F30:$Y30) -> 0 | K30: =SUMIF('New Resources - Individual'!$F$6:$Y$6,K$6,'New Resources - Individual'!$F30:$Y30) -> 0 | L30: =SUMIF('New Resources - Individual'!$F$6:$Y$6,L$6,'New Resources - Individual'!$F30:$Y30) -> 0 | M30: =SUMIF('New Resources - Individual'!$F$6:$Y$6,M$6,'New Resources - Individual'!$F30:$Y30) -> 0 | ... Y30: =SUMIF('New Resources - Individual'!$F$6:$Y$6,Y$6,'New Resources - Individual'!$F30:$Y30) -> 0
A31: 340 | B31: Firm Sales for Resale ($) | C31: 447 | D31: OSS & PP | F31: =SUMIF('New Resources - Individual'!$F$6:$Y$6,F$6,'New Resources - Individual'!$F31:$Y31) -> 0 | G31: =SUMIF('New Resources - Individual'!$F$6:$Y$6,G$6,'New Resources - Individual'!$F31:$Y31) -> 0 | H31: =SUMIF('New Resources - Individual'!$F$6:$Y$6,H$6,'New Resources - Individual'!$F31:$Y31) -> 0 | I31: =SUMIF('New Resources - Individual'!$F$6:$Y$6,I$6,'New Resources - Individual'!$F31:$Y31) -> 0 | J31: =SUMIF('New Resources - Individual'!$F$6:$Y$6,J$6,'New Resources - Individual'!$F31:$Y31) -> 0 | K31: =SUMIF('New Resources - Individual'!$F$6:$Y$6,K$6,'New Resources - Individual'!$F31:$Y31) -> 0 | L31: =SUMIF('New Resources - Individual'!$F$6:$Y$6,L$6,'New Resources - Individual'!$F31:$Y31) -> 0 | M31: =SUMIF('New Resources - Individual'!$F$6:$Y$6,M$6,'New Resources - Individual'!$F31:$Y31) -> 0 | ... Y31: =SUMIF('New Resources - Individual'!$F$6:$Y$6,Y$6,'New Resources - Individual'!$F31:$Y31) -> 0
A32: 350 | B32: Firm Sales for Resale (MWh) | D32: OSS & PP | F32: =SUMIF('New Resources - Individual'!$F$6:$Y$6,F$6,'New Resources - Individual'!$F32:$Y32) -> 0 | G32: =SUMIF('New Resources - Individual'!$F$6:$Y$6,G$6,'New Resources - Individual'!$F32:$Y32) -> 0 | H32: =SUMIF('New Resources - Individual'!$F$6:$Y$6,H$6,'New Resources - Individual'!$F32:$Y32) -> 0 | I32: =SUMIF('New Resources - Individual'!$F$6:$Y$6,I$6,'New Resources - Individual'!$F32:$Y32) -> 0 | J32: =SUMIF('New Resources - Individual'!$F$6:$Y$6,J$6,'New Resources - Individual'!$F32:$Y32) -> 0 | K32: =SUMIF('New Resources - Individual'!$F$6:$Y$6,K$6,'New Resources - Individual'!$F32:$Y32) -> 0 | L32: =SUMIF('New Resources - Individual'!$F$6:$Y$6,L$6,'New Resources - Individual'!$F32:$Y32) -> 0 | M32: =SUMIF('New Resources - Individual'!$F$6:$Y$6,M$6,'New Resources - Individual'!$F32:$Y32) -> 0 | ... Y32: =SUMIF('New Resources - Individual'!$F$6:$Y$6,Y$6,'New Resources - Individual'!$F32:$Y32) -> 0
A33: 360 | B33: Expected Annual Generation (MWh) | D33: OSS & PP | F33: =SUMIF('New Resources - Individual'!$F$6:$Y$6,F$6,'New Resources - Individual'!$F33:$Y33) -> 0 | G33: =SUMIF('New Resources - Individual'!$F$6:$Y$6,G$6,'New Resources - Individual'!$F33:$Y33) -> 0 | H33: =SUMIF('New Resources - Individual'!$F$6:$Y$6,H$6,'New Resources - Individual'!$F33:$Y33) -> 0 | I33: =SUMIF('New Resources - Individual'!$F$6:$Y$6,I$6,'New Resources - Individual'!$F33:$Y33) -> 0 | J33: =SUMIF('New Resources - Individual'!$F$6:$Y$6,J$6,'New Resources - Individual'!$F33:$Y33) -> 0 | K33: =SUMIF('New Resources - Individual'!$F$6:$Y$6,K$6,'New Resources - Individual'!$F33:$Y33) -> 0 | L33: =SUMIF('New Resources - Individual'!$F$6:$Y$6,L$6,'New Resources - Individual'!$F33:$Y33) -> 0 | M33: =SUMIF('New Resources - Individual'!$F$6:$Y$6,M$6,'New Resources - Individual'!$F33:$Y33) -> 0 | ... Y33: =SUMIF('New Resources - Individual'!$F$6:$Y$6,Y$6,'New Resources - Individual'!$F33:$Y33) -> 0
A34: 370 | B34: Hydraulic Production Plant
A35: 380 | B35: Hydraulic Production | C35: 330-336 | F35: =SUMIF('New Resources - Individual'!$F$6:$Y$6,F$6,'New Resources - Individual'!$F35:$Y35) -> 0 | G35: =SUMIF('New Resources - Individual'!$F$6:$Y$6,G$6,'New Resources - Individual'!$F35:$Y35) -> 0 | H35: =SUMIF('New Resources - Individual'!$F$6:$Y$6,H$6,'New Resources - Individual'!$F35:$Y35) -> 0 | I35: =SUMIF('New Resources - Individual'!$F$6:$Y$6,I$6,'New Resources - Individual'!$F35:$Y35) -> 0 | J35: =SUMIF('New Resources - Individual'!$F$6:$Y$6,J$6,'New Resources - Individual'!$F35:$Y35) -> 0 | K35: =SUMIF('New Resources - Individual'!$F$6:$Y$6,K$6,'New Resources - Individual'!$F35:$Y35) -> 0 | L35: =SUMIF('New Resources - Individual'!$F$6:$Y$6,L$6,'New Resources - Individual'!$F35:$Y35) -> 0 | M35: =SUMIF('New Resources - Individual'!$F$6:$Y$6,M$6,'New Resources - Individual'!$F35:$Y35) -> 0 | ... Y35: =SUMIF('New Resources - Individual'!$F$6:$Y$6,Y$6,'New Resources - Individual'!$F35:$Y35) -> 0
A36: 390 | B36: Plant Materials and Operating Supplies | C36: 154 | F36: =SUMIF('New Resources - Individual'!$F$6:$Y$6,F$6,'New Resources - Individual'!$F36:$Y36) -> 0 | G36: =SUMIF('New Resources - Individual'!$F$6:$Y$6,G$6,'New Resources - Individual'!$F36:$Y36) -> 0 | H36: =SUMIF('New Resources - Individual'!$F$6:$Y$6,H$6,'New Resources - Individual'!$F36:$Y36) -> 0 | I36: =SUMIF('New Resources - Individual'!$F$6:$Y$6,I$6,'New Resources - Individual'!$F36:$Y36) -> 0 | J36: =SUMIF('New Resources - Individual'!$F$6:$Y$6,J$6,'New Resources - Individual'!$F36:$Y36) -> 0 | K36: =SUMIF('New Resources - Individual'!$F$6:$Y$6,K$6,'New Resources - Individual'!$F36:$Y36) -> 0 | L36: =SUMIF('New Resources - Individual'!$F$6:$Y$6,L$6,'New Resources - Individual'!$F36:$Y36) -> 0 | M36: =SUMIF('New Resources - Individual'!$F$6:$Y$6,M$6,'New Resources - Individual'!$F36:$Y36) -> 0 | ... Y36: =SUMIF('New Resources - Individual'!$F$6:$Y$6,Y$6,'New Resources - Individual'!$F36:$Y36) -> 0
A37: 400 | B37: Hydraulic Expense
A38: 410 | B38: Hydraulic - Operation | C38: 535-540 | F38: =SUMIF('New Resources - Individual'!$F$6:$Y$6,F$6,'New Resources - Individual'!$F38:$Y38) -> 0 | G38: =SUMIF('New Resources - Individual'!$F$6:$Y$6,G$6,'New Resources - Individual'!$F38:$Y38) -> 0 | H38: =SUMIF('New Resources - Individual'!$F$6:$Y$6,H$6,'New Resources - Individual'!$F38:$Y38) -> 0 | I38: =SUMIF('New Resources - Individual'!$F$6:$Y$6,I$6,'New Resources - Individual'!$F38:$Y38) -> 0 | J38: =SUMIF('New Resources - Individual'!$F$6:$Y$6,J$6,'New Resources - Individual'!$F38:$Y38) -> 0 | K38: =SUMIF('New Resources - Individual'!$F$6:$Y$6,K$6,'New Resources - Individual'!$F38:$Y38) -> 0 | L38: =SUMIF('New Resources - Individual'!$F$6:$Y$6,L$6,'New Resources - Individual'!$F38:$Y38) -> 0 | M38: =SUMIF('New Resources - Individual'!$F$6:$Y$6,M$6,'New Resources - Individual'!$F38:$Y38) -> 0 | ... Y38: =SUMIF('New Resources - Individual'!$F$6:$Y$6,Y$6,'New Resources - Individual'!$F38:$Y38) -> 0
A39: 420 | B39: Hydraulic - Maintenance | C39: 541-545 | F39: =SUMIF('New Resources - Individual'!$F$6:$Y$6,F$6,'New Resources - Individual'!$F39:$Y39) -> 0 | G39: =SUMIF('New Resources - Individual'!$F$6:$Y$6,G$6,'New Resources - Individual'!$F39:$Y39) -> 0 | H39: =SUMIF('New Resources - Individual'!$F$6:$Y$6,H$6,'New Resources - Individual'!$F39:$Y39) -> 0 | I39: =SUMIF('New Resources - Individual'!$F$6:$Y$6,I$6,'New Resources - Individual'!$F39:$Y39) -> 0 | J39: =SUMIF('New Resources - Individual'!$F$6:$Y$6,J$6,'New Resources - Individual'!$F39:$Y39) -> 0 | K39: =SUMIF('New Resources - Individual'!$F$6:$Y$6,K$6,'New Resources - Individual'!$F39:$Y39) -> 0 | L39: =SUMIF('New Resources - Individual'!$F$6:$Y$6,L$6,'New Resources - Individual'!$F39:$Y39) -> 0 | M39: =SUMIF('New Resources - Individual'!$F$6:$Y$6,M$6,'New Resources - Individual'!$F39:$Y39) -> 0 | ... Y39: =SUMIF('New Resources - Individual'!$F$6:$Y$6,Y$6,'New Resources - Individual'!$F39:$Y39) -> 0
A40: 430 | B40: Property Insurance | C40: 924 | F40: =SUMIF('New Resources - Individual'!$F$6:$Y$6,F$6,'New Resources - Individual'!$F40:$Y40) -> 0 | G40: =SUMIF('New Resources - Individual'!$F$6:$Y$6,G$6,'New Resources - Individual'!$F40:$Y40) -> 0 | H40: =SUMIF('New Resources - Individual'!$F$6:$Y$6,H$6,'New Resources - Individual'!$F40:$Y40) -> 0 | I40: =SUMIF('New Resources - Individual'!$F$6:$Y$6,I$6,'New Resources - Individual'!$F40:$Y40) -> 0 | J40: =SUMIF('New Resources - Individual'!$F$6:$Y$6,J$6,'New Resources - Individual'!$F40:$Y40) -> 0 | K40: =SUMIF('New Resources - Individual'!$F$6:$Y$6,K$6,'New Resources - Individual'!$F40:$Y40) -> 0 | L40: =SUMIF('New Resources - Individual'!$F$6:$Y$6,L$6,'New Resources - Individual'!$F40:$Y40) -> 0 | M40: =SUMIF('New Resources - Individual'!$F$6:$Y$6,M$6,'New Resources - Individual'!$F40:$Y40) -> 0 | ... Y40: =SUMIF('New Resources - Individual'!$F$6:$Y$6,Y$6,'New Resources - Individual'!$F40:$Y40) -> 0
A41: 520 | B41: Firm Sales for Resale ($) | C41: 447 | D41: OSS & PP | F41: =SUMIF('New Resources - Individual'!$F$6:$Y$6,F$6,'New Resources - Individual'!$F41:$Y41) -> 0 | G41: =SUMIF('New Resources - Individual'!$F$6:$Y$6,G$6,'New Resources - Individual'!$F41:$Y41) -> 0 | H41: =SUMIF('New Resources - Individual'!$F$6:$Y$6,H$6,'New Resources - Individual'!$F41:$Y41) -> 0 | I41: =SUMIF('New Resources - Individual'!$F$6:$Y$6,I$6,'New Resources - Individual'!$F41:$Y41) -> 0 | J41: =SUMIF('New Resources - Individual'!$F$6:$Y$6,J$6,'New Resources - Individual'!$F41:$Y41) -> 0 | K41: =SUMIF('New Resources - Individual'!$F$6:$Y$6,K$6,'New Resources - Individual'!$F41:$Y41) -> 0 | L41: =SUMIF('New Resources - Individual'!$F$6:$Y$6,L$6,'New Resources - Individual'!$F41:$Y41) -> 0 | M41: =SUMIF('New Resources - Individual'!$F$6:$Y$6,M$6,'New Resources - Individual'!$F41:$Y41) -> 0 | ... Y41: =SUMIF('New Resources - Individual'!$F$6:$Y$6,Y$6,'New Resources - Individual'!$F41:$Y41) -> 0
